Workbook

Sheet REPUESTOS VEHICULOS
A5: LISTA DE PRECIOS SECCIONAL LA GUAJIRA
E6: COTIZACIÓN No.1 | F6: COTIZACIÓN No.2 | G6: COTIZACIÓN No.3 | H6: HISTORICOS DE CONTRATACIÓN | I6: MINIMO | J6: PROMEDIO | K6: VALORES SELECCIONADOS | M6: COTIZACIÓN No.1 | N6: COTIZACIÓN No.2 | O6: COTIZACIÓN No.3 | P6: HISTORICOS DE CONTRATACIÓN | Q6: MINIMO | R6: PROMEDIO | S6: VALORES SELECCIONADOS | U6: COTIZACIÓN No.1 | V6: COTIZACIÓN No.2 | W6: COTIZACIÓN No.3 | X6: HISTORICOS DE CONTRATACIÓN | Y6: MINIMO | Z6: PROMEDIO | AA6: VALORES SELECCIONADOS | AC6: COTIZACIÓN No.1 | AD6: COTIZACIÓN No.2 | AE6: COTIZACIÓN No.3 | AF6: HISTORICOS DE CONTRATACIÓN | AG6: MINIMO | AH6: PROMEDIO | AI6: VALORES SELECCIONADOS | AK6: COTIZACIÓN No.1 | AL6: COTIZACIÓN No.2 | AM6: COTIZACIÓN No.3 | AN6: HISTORICOS DE CONTRATACIÓN | AO6: MINIMO | AP6: PROMEDIO | AQ6: VALORES SELECCIONADOS | AS6: COTIZACIÓN No.1 | AT6: COTIZACIÓN No.2 | AU6: COTIZACIÓN No.3 | AV6: HISTORICOS DE CONTRATACIÓN | AW6: MINIMO | AX6: PROMEDIO | AY6: VALORES SELECCIONADOS | BA6: COTIZACIÓN No.1 | BB6: COTIZACIÓN No.2 | BC6: COTIZACIÓN No.3 | BD6: HISTORICOS DE CONTRATACIÓN | BE6: MINIMO | BF6: PROMEDIO | BG6: VALORES SELECCIONADOS | BI6: COTIZACIÓN No.1 | BJ6: COTIZACIÓN No.2 | BK6: COTIZACIÓN No.3 | BL6: HISTORICOS DE CONTRATACIÓN | BM6: MINIMO | BN6: PROMEDIO | BO6: VALORES SELECCIONADOS | BQ6: COTIZACIÓN No.1 | BR6: COTIZACIÓN No.2 | BS6: COTIZACIÓN No.3 | BT6: HISTORICOS DE CONTRATACIÓN | BU6: MINIMO | BV6: PROMEDIO | BW6: VALORES SELECCIONADOS | BY6: COTIZACIÓN No.1 | BZ6: COTIZACIÓN No.2 | CA6: COTIZACIÓN No.3 | CB6: HISTORICOS DE CONTRATACIÓN | CC6: MINIMO | CD6: PROMEDIO | CE6: VALORES SELECCIONADOS | CG6: COTIZACIÓN No.1 | CH6: COTIZACIÓN No.2 | CI6: COTIZACIÓN No.3 | CJ6: HISTORICOS DE CONTRATACIÓN | CK6: MINIMO | CL6: PROMEDIO | CM6: VALORES SELECCIONADOS | CO6: COTIZACIÓN No.1 | CP6: COTIZACIÓN No.2 | CQ6: COTIZACIÓN No.3 | CR6: HISTORICOS DE CONTRATACIÓN | CS6: MINIMO | CT6: PROMEDIO | CU6: VALORES SELECCIONADOS | CW6: COTIZACIÓN No.1 | CX6: COTIZACIÓN No.2 | CY6: COTIZACIÓN No.3 | CZ6: HISTORICOS DE CONTRATACIÓN | DA6: MINIMO | DB6: PROMEDIO | DC6: VALORES SELECCIONADOS | DE6: COTIZACIÓN No.1 | DF6: COTIZACIÓN No.2 | DG6: COTIZACIÓN No.3 | DH6: HISTORICOS DE CONTRATACIÓN | DI6: MINIMO | DJ6: PROMEDIO | DK6: VALORES SELECCIONADOS
A7: NECESIDAD CONTRATACÓN MULTIMARCA REUESTOS | E7: 1. REPUESTOS | F7: 1. REPUESTOS | G7: 1. REPUESTOS | H7: 1. REPUESTOS | I7: 1. REPUESTOS | J7: 1. REPUESTOS | K7: 1. REPUESTOS | M7: 2. REPUESTOS | N7: 2. REPUESTOS | O7: 2. REPUESTOS | P7: 2. REPUESTOS | Q7: 2. REPUESTOS | R7: 2. REPUESTOS | S7: 2. REPUESTOS | U7: 3. REPUESTOS | V7: 3. REPUESTOS | W7: 3. REPUESTOS | X7: 3. REPUESTOS | Y7: 3. REPUESTOS | Z7: 3. REPUESTOS | AA7: 3. REPUESTOS | AC7: 4. REPUESTOS | AD7: 4. REPUESTOS | AE7: 4. REPUESTOS | AF7: 4. REPUESTOS | AG7: 4. REPUESTOS | AH7: 4. REPUESTOS | AI7: 4. REPUESTOS | AK7: 5. REPUESTOS | AL7: 5. REPUESTOS | AM7: 5. REPUESTOS | AN7: 5. REPUESTOS | AO7: 5. REPUESTOS | AP7: 5. REPUESTOS | AQ7: 5. REPUESTOS | AS7: 6. REPUESTOS | AT7: 6. REPUESTOS | AU7: 6. REPUESTOS | AV7: 6. REPUESTOS | AW7: 6. REPUESTOS | AX7: 6. REPUESTOS | AY7: 6. REPUESTOS | BA7: 7. REPUESTOS | BB7: 7. REPUESTOS | BC7: 7. REPUESTOS | BD7: 7. REPUESTOS | BE7: 7. REPUESTOS | BF7: 7. REPUESTOS | BG7: 7. REPUESTOS | BI7: 8. REPUESTOS | BJ7: 8. REPUESTOS | BK7: 8. REPUESTOS | BL7: 8. REPUESTOS | BM7: 8. REPUESTOS | BN7: 8. REPUESTOS | BO7: 8. REPUESTOS | BQ7: 9. REPUESTOS | BR7: 9. REPUESTOS | BS7: 9. REPUESTOS | BT7: 9. REPUESTOS | BU7: 9. REPUESTOS | BV7: 9. REPUESTOS | BW7: 9. REPUESTOS | BY7: 10. REPUESTOS | BZ7: 10. REPUESTOS | CA7: 10. REPUESTOS | CB7: 10. REPUESTOS | CC7: 10. REPUESTOS | CD7: 10. REPUESTOS | CE7: 10. REPUESTOS | CG7: 11. REPUESTOS | CH7: 11. REPUESTOS | CI7: 11. REPUESTOS | CJ7: 11. REPUESTOS | CK7: 11. REPUESTOS | CL7: 11. REPUESTOS | CM7: 11. REPUESTOS | CO7: 12. REPUESTOS | CP7: 12. REPUESTOS | CQ7: 12. REPUESTOS | CR7: 12. REPUESTOS | CS7: 12. REPUESTOS | CT7: 12. REPUESTOS | CU7: 12. REPUESTOS | CW7: 13. REPUESTOS | CX7: 13. REPUESTOS | CY7: 13. REPUESTOS | CZ7: 13. REPUESTOS | DA7: 13. REPUESTOS | DB7: 13. REPUESTOS | DC7: 13. REPUESTOS | DE7: 14. REPUESTOS | DF7: 14. REPUESTOS | DG7: 14. REPUESTOS | DH7: 14. REPUESTOS | DI7: 14. REPUESTOS | DJ7: 14. REPUESTOS | DK7: 14. REPUESTOS
A9: NOMBRE DEL ACTIVO | E9: CAMIONETA | F9: CAMIONETA | G9: CAMIONETA | H9: CAMIONETA | I9: CAMIONETA | J9: CAMIONETA | K9: CAMIONETA | M9: CAMIONETA | N9: CAMIONETA | O9: CAMIONETA | P9: CAMIONETA | Q9: CAMIONETA | R9: CAMIONETA | S9: CAMIONETA | U9: AUTOMÓVIL | V9: AUTOMÓVIL | W9: AUTOMÓVIL | X9: AUTOMÓVIL | Y9: AUTOMÓVIL | Z9: AUTOMÓVIL | AA9: AUTOMÓVIL | AC9: CAMIONETA | AD9: CAMIONETA | AE9: CAMIONETA | AF9: CAMIONETA | AG9: CAMIONETA | AH9: CAMIONETA | AI9: CAMIONETA | AK9: AUTOMÓVIL | AL9: AUTOMÓVIL | AM9: AUTOMÓVIL | AN9: AUTOMÓVIL | AO9: AUTOMÓVIL | AP9: AUTOMÓVIL | AQ9: AUTOMÓVIL | AS9: CAMIONETA | AT9: CAMIONETA | AU9: CAMIONETA | AV9: CAMIONETA | AW9: CAMIONETA | AX9: CAMIONETA | AY9: CAMIONETA | BA9: CAMIONETA | BB9: CAMIONETA | BC9: CAMIONETA | BD9: CAMIONETA | BE9: CAMIONETA | BF9: CAMIONETA | BG9: CAMIONETA | BI9: CAMIONETA | BJ9: CAMIONETA | BK9: CAMIONETA | BL9: CAMIONETA | BM9: CAMIONETA | BN9: CAMIONETA | BO9: CAMIONETA | BQ9: CAMIONETA | BR9: CAMIONETA | BS9: CAMIONETA | BT9: CAMIONETA | BU9: CAMIONETA | BV9: CAMIONETA | BW9: CAMIONETA | BY9: CAMIONETA | BZ9: CAMIONETA | CA9: CAMIONETA | CB9: CAMIONETA | CC9: CAMIONETA | CD9: CAMIONETA | CE9: CAMIONETA | CG9: CAMIONETA | CH9: CAMIONETA | CI9: CAMIONETA | CJ9: CAMIONETA | CK9: CAMIONETA | CL9: CAMIONETA | CM9: CAMIONETA | CO9: CAMIONETA | CP9: CAMIONETA | CQ9: CAMIONETA | CR9: CAMIONETA | CS9: CAMIONETA | CT9: CAMIONETA | CU9: CAMIONETA | CW9: CAMIONETA | CX9: CAMIONETA | CY9: CAMIONETA | CZ9: CAMIONETA | DA9: CAMIONETA | DB9: CAMIONETA | DC9: CAMIONETA | DE9: CAMPERO | DF9: CAMPERO | DG9: CAMPERO | DH9: CAMPERO | DI9: CAMPERO | DJ9: CAMPERO | DK9: CAMPERO
A10: MARCA | E10: CHARY | F10: CHARY | G10: CHARY | H10: CHARY | I10: CHARY | J10: CHARY | K10: CHARY | M10: CHEVROLET | N10: CHEVROLET | O10: CHEVROLET | P10: CHEVROLET | Q10: CHEVROLET | R10: CHEVROLET | S10: CHEVROLET | U10: CHEVROLET | V10: CHEVROLET | W10: CHEVROLET | X10: CHEVROLET | Y10: CHEVROLET | Z10: CHEVROLET | AA10: CHEVROLET | AC10: FORD | AD10: FORD | AE10: FORD | AF10: FORD | AG10: FORD | AH10: FORD | AI10: FORD | AK10: FORD | AL10: FORD | AM10: FORD | AN10: FORD | AO10: FORD | AP10: FORD | AQ10: FORD | AS10: HYUNDAI | AT10: HYUNDAI | AU10: HYUNDAI | AV10: HYUNDAI | AW10: HYUNDAI | AX10: HYUNDAI | AY10: HYUNDAI | BA10: MAZDA | BB10: MAZDA | BC10: MAZDA | BD10: MAZDA | BE10: MAZDA | BF10: MAZDA | BG10: MAZDA | BI10: NISSAN | BJ10: NISSAN | BK10: NISSAN | BL10: NISSAN | BM10: NISSAN | BN10: NISSAN | BO10: NISSAN | BQ10: NISSAN | BR10: NISSAN | BS10: NISSAN | BT10: NISSAN | BU10: NISSAN | BV10: NISSAN | BW10: NISSAN | BY10: NISSAN | BZ10: NISSAN | CA10: NISSAN | CB10: NISSAN | CC10: NISSAN | CD10: NISSAN | CE10: NISSAN | CG10: NISSAN | CH10: NISSAN | CI10: NISSAN | CJ10: NISSAN | CK10: NISSAN | CL10: NISSAN | CM10: NISSAN | CO10: NISSAN | CP10: NISSAN | CQ10: NISSAN | CR10: NISSAN | CS10: NISSAN | CT10: NISSAN | CU10: NISSAN | CW10: NISSAN | CX10: NISSAN | CY10: NISSAN | CZ10: NISSAN | DA10: NISSAN | DB10: NISSAN | DC10: NISSAN | DE10: RENAULT | DF10: RENAULT | DG10: RENAULT | DH10: RENAULT | DI10: RENAULT | DJ10: RENAULT | DK10: RENAULT
A11: LÍNEA | C11: CANTIDAD | E11: TIGGO SQR7200 (1) | F11: TIGGO SQR7200 (1) | G11: TIGGO SQR7200 (1) | H11: TIGGO SQR7200 (1) | I11: TIGGO SQR7200 (1) | J11: TIGGO SQR7200 (1) | K11: TIGGO SQR7200 (1) | M11: LUV D-MAX (5) | N11: LUV D-MAX (5) | O11: LUV D-MAX (5) | P11: LUV D-MAX (5) | Q11: LUV D-MAX (5) | R11: LUV D-MAX (5) | S11: LUV D-MAX (5) | U11: SONIC (1) | V11: SONIC (1) | W11: SONIC (1) | X11: SONIC (1) | Y11: SONIC (1) | Z11: SONIC (1) | AA11: SONIC (1) | AC11: RANGER (4) | AD11: RANGER (4) | AE11: RANGER (4) | AF11: RANGER (4) | AG11: RANGER (4) | AH11: RANGER (4) | AI11: RANGER (4) | AK11: FIESTA (1) | AL11: FIESTA (1) | AM11: FIESTA (1) | AN11: FIESTA (1) | AO11: FIESTA (1) | AP11: FIESTA (1) | AQ11: FIESTA (1) | AS11: TUCSON iX35 GL (1) | AT11: TUCSON iX35 GL (1) | AU11: TUCSON iX35 GL (1) | AV11: TUCSON iX35 GL (1) | AW11: TUCSON iX35 GL (1) | AX11: TUCSON iX35 GL (1) | AY11: TUCSON iX35 GL (1) | BA11: BT 50 (4) | BB11: BT 50 (4) | BC11: BT 50 (4) | BD11: BT 50 (4) | BE11: BT 50 (4) | BF11: BT 50 (4) | BG11: BT 50 (4) | BI11: FRONTIER D22 (5) | BJ11: FRONTIER D22 (5) | BK11: FRONTIER D22 (5) | BL11: FRONTIER D22 (5) | BM11: FRONTIER D22 (5) | BN11: FRONTIER D22 (5) | BO11: FRONTIER D22 (5) | BQ11: FRONTIER D22 (1) | BR11: FRONTIER D22 (1) | BS11: FRONTIER D22 (1) | BT11: FRONTIER D22 (1) | BU11: FRONTIER D22 (1) | BV11: FRONTIER D22 (1) | BW11: FRONTIER D22 (1) | BY11: CASBSTAR (1) | BZ11: CASBSTAR (1) | CA11: CASBSTAR (1) | CB11: CASBSTAR (1) | CC11: CASBSTAR (1) | CD11: CASBSTAR (1) | CE11: CASBSTAR (1) | CG11: NAVARA (1) | CH11: NAVARA (1) | CI11: NAVARA (1) | CJ11: NAVARA (1) | CK11: NAVARA (1) | CL11: NAVARA (1) | CM11: NAVARA (1) | CO11: QASHQAI (1) | CP11: QASHQAI (1) | CQ11: QASHQAI (1) | CR11: QASHQAI (1) | CS11: QASHQAI (1) | CT11: QASHQAI (1) | CU11: QASHQAI (1) | CW11: D22 ESTACA AWSULCF (1) | CX11: D22 ESTACA AWSULCF (1) | CY11: D22 ESTACA AWSULCF (1) | CZ11: D22 ESTACA AWSULCF (1) | DA11: D22 ESTACA AWSULCF (1) | DB11: D22 ESTACA AWSULCF (1) | DC11: D22 ESTACA AWSULCF (1) | DE11: DUSTER (7) | DF11: DUSTER (7) | DG11: DUSTER (7) | DH11: DUSTER (7) | DI11: DUSTER (7) | DJ11: DUSTER (7) | DK11: DUSTER (7)
A12: MODELO | E12: 2015 | F12: 2015 | G12: 2015 | H12: 2015 | I12: 2015 | J12: 2015 | K12: 2015 | M12: 2008 A 2016 | N12: 2008 A 2016 | O12: 2008 A 2016 | P12: 2008 A 2016 | Q12: 2008 A 2016 | R12: 2008 A 2016 | S12: 2008 A 2016 | U12: 2016 | V12: 2016 | W12: 2016 | X12: 2016 | Y12: 2016 | Z12: 2016 | AA12: 2016 | AC12: 2012-2019 | AD12: 2012-2019 | AE12: 2012-2019 | AF12: 2012-2019 | AG12: 2012-2019 | AH12: 2012-2019 | AI12: 2012-2019 | AK12: 2012 | AL12: 2012 | AM12: 2012 | AN12: 2012 | AO12: 2012 | AP12: 2012 | AQ12: 2012 | AS12: 2012 | AT12: 2012 | AU12: 2012 | AV12: 2012 | AW12: 2012 | AX12: 2012 | AY12: 2012 | BA12: 2013 | BB12: 2013 | BC12: 2013 | BD12: 2013 | BE12: 2013 | BF12: 2013 | BG12: 2013 | BI12: 2012-2013-2017 | BJ12: 2012-2013-2017 | BK12: 2012-2013-2017 | BL12: 2012-2013-2017 | BM12: 2012-2013-2017 | BN12: 2012-2013-2017 | BO12: 2012-2013-2017 | BQ12: 2017-2020-2022 | BR12: 2017-2020-2022 | BS12: 2017-2020-2022 | BT12: 2017-2020-2022 | BU12: 2017-2020-2022 | BV12: 2017-2020-2022 | BW12: 2017-2020-2022 | BY12: 2017 | BZ12: 2017 | CA12: 2017 | CB12: 2017 | CC12: 2017 | CD12: 2017 | CE12: 2017 | CG12: 2014 | CH12: 2014 | CI12: 2014 | CJ12: 2014 | CK12: 2014 | CL12: 2014 | CM12: 2014 | CO12: 2013 | CP12: 2013 | CQ12: 2013 | CR12: 2013 | CS12: 2013 | CT12: 2013 | CU12: 2013 | CW12: 2008 | CX12: 2008 | CY12: 2008 | CZ12: 2008 | DA12: 2008 | DB12: 2008 | DC12: 2008 | DE12: 2015-2016-2017-2018 | DF12: 2015-2016-2017-2018 | DG12: 2015-2016-2017-2018 | DH12: 2015-2016-2017-2018 | DI12: 2015-2016-2017-2018 | DJ12: 2015-2016-2017-2018 | DK12: 2015-2016-2017-2018
A13: MUTIMARCA CAMIONETAS Y AUTOMÓVILES | E13: COSTO REPUESTO (S) | F13: COSTO REPUESTO (S) | G13: COSTO REPUESTO (S) | H13: COSTO REPUESTO (S) | I13: COSTO REPUESTO (S) | J13: COSTO REPUESTO (S) | K13: COSTO REPUESTO (S) | M13: COSTO REPUESTO (S) | N13: COSTO REPUESTO (S) | O13: COSTO REPUESTO (S) | P13: COSTO REPUESTO (S) | Q13: COSTO REPUESTO (S) | R13: COSTO REPUESTO (S) | S13: COSTO REPUESTO (S) | U13: COSTO REPUESTO (S) | V13: COSTO REPUESTO (S) | W13: COSTO REPUESTO (S) | X13: COSTO REPUESTO (S) | Y13: COSTO REPUESTO (S) | Z13: COSTO REPUESTO (S) | AA13: COSTO REPUESTO (S) | AC13: COSTO REPUESTO (S) | AD13: COSTO REPUESTO (S) | AE13: COSTO REPUESTO (S) | AF13: COSTO REPUESTO (S) | AG13: COSTO REPUESTO (S) | AH13: COSTO REPUESTO (S) | AI13: COSTO REPUESTO (S) | AK13: COSTO REPUESTO (S) | AL13: COSTO REPUESTO (S) | AM13: COSTO REPUESTO (S) | AN13: COSTO REPUESTO (S) | AO13: COSTO REPUESTO (S) | AP13: COSTO REPUESTO (S) | AQ13: COSTO REPUESTO (S) | AS13: COSTO REPUESTO (S) | AT13: COSTO REPUESTO (S) | AU13: COSTO REPUESTO (S) | AV13: COSTO REPUESTO (S) | AW13: COSTO REPUESTO (S) | AX13: COSTO REPUESTO (S) | AY13: COSTO REPUESTO (S) | BA13: COSTO REPUESTO (S) | BB13: COSTO REPUESTO (S) | BC13: COSTO REPUESTO (S) | BD13: COSTO REPUESTO (S) | BE13: COSTO REPUESTO (S) | BF13: COSTO REPUESTO (S) | BG13: COSTO REPUESTO (S) | BI13: COSTO REPUESTO (S) | BJ13: COSTO REPUESTO (S) | BK13: COSTO REPUESTO (S) | BL13: COSTO REPUESTO (S) | BM13: COSTO REPUESTO (S) | BN13: COSTO REPUESTO (S) | BO13: COSTO REPUESTO (S) | BQ13: COSTO REPUESTO (S) | BR13: COSTO REPUESTO (S) | BS13: COSTO REPUESTO (S) | BT13: COSTO REPUESTO (S) | BU13: COSTO REPUESTO (S) | BV13: COSTO REPUESTO (S) | BW13: COSTO REPUESTO (S) | BY13: COSTO REPUESTO (S) | BZ13: COSTO REPUESTO (S) | CA13: COSTO REPUESTO (S) | CB13: COSTO REPUESTO (S) | CC13: COSTO REPUESTO (S) | CD13: COSTO REPUESTO (S) | CE13: COSTO REPUESTO (S) | CG13: COSTO REPUESTO (S) | CH13: COSTO REPUESTO (S) | CI13: COSTO REPUESTO (S) | CJ13: COSTO REPUESTO (S) | CK13: COSTO REPUESTO (S) | CL13: COSTO REPUESTO (S) | CM13: COSTO REPUESTO (S) | CO13: COSTO REPUESTO (S) | CP13: COSTO REPUESTO (S) | CQ13: COSTO REPUESTO (S) | CR13: COSTO REPUESTO (S) | CS13: COSTO REPUESTO (S) | CT13: COSTO REPUESTO (S) | CU13: COSTO REPUESTO (S) | CW13: COSTO REPUESTO (S) | CX13: COSTO REPUESTO (S) | CY13: COSTO REPUESTO (S) | CZ13: COSTO REPUESTO (S) | DA13: COSTO REPUESTO (S) | DB13: COSTO REPUESTO (S) | DC13: COSTO REPUESTO (S) | DE13: COSTO REPUESTO (S) | DF13: COSTO REPUESTO (S) | DG13: COSTO REPUESTO (S) | DH13: COSTO REPUESTO (S) | DI13: COSTO REPUESTO (S) | DJ13: COSTO REPUESTO (S) | DK13: COSTO REPUESTO (S)
E14: VALOR UNITARIO INCLUIDO IVA | F14: VALOR UNITARIO INCLUIDO IVA | G14: VALOR UNITARIO INCLUIDO IVA | H14: VALOR UNITARIO INCLUIDO IVA | I14: VALOR UNITARIO INCLUIDO IVA | J14: VALOR UNITARIO INCLUIDO IVA | K14: VALOR UNITARIO INCLUIDO IVA | M14: VALOR UNITARIO INCLUIDO IVA | N14: VALOR UNITARIO INCLUIDO IVA | O14: VALOR UNITARIO INCLUIDO IVA | P14: VALOR UNITARIO INCLUIDO IVA | Q14: VALOR UNITARIO INCLUIDO IVA | R14: VALOR UNITARIO INCLUIDO IVA | S14: VALOR UNITARIO INCLUIDO IVA | U14: VALOR UNITARIO INCLUIDO IVA | V14: VALOR UNITARIO INCLUIDO IVA | W14: VALOR UNITARIO INCLUIDO IVA | X14: VALOR UNITARIO INCLUIDO IVA | Y14: VALOR UNITARIO INCLUIDO IVA | Z14: VALOR UNITARIO INCLUIDO IVA | AA14: VALOR UNITARIO INCLUIDO IVA | AC14: VALOR UNITARIO INCLUIDO IVA | AD14: VALOR UNITARIO INCLUIDO IVA | AE14: VALOR UNITARIO INCLUIDO IVA | AF14: VALOR UNITARIO INCLUIDO IVA | AG14: VALOR UNITARIO INCLUIDO IVA | AH14: VALOR UNITARIO INCLUIDO IVA | AI14: VALOR UNITARIO INCLUIDO IVA | AK14: VALOR UNITARIO INCLUIDO IVA | AL14: VALOR UNITARIO INCLUIDO IVA | AM14: VALOR UNITARIO INCLUIDO IVA | AN14: VALOR UNITARIO INCLUIDO IVA | AO14: VALOR UNITARIO INCLUIDO IVA | AP14: VALOR UNITARIO INCLUIDO IVA | AQ14: VALOR UNITARIO INCLUIDO IVA | AS14: VALOR UNITARIO INCLUIDO IVA | AT14: VALOR UNITARIO INCLUIDO IVA | AU14: VALOR UNITARIO INCLUIDO IVA | AV14: VALOR UNITARIO INCLUIDO IVA | AW14: VALOR UNITARIO INCLUIDO IVA | AX14: VALOR UNITARIO INCLUIDO IVA | AY14: VALOR UNITARIO INCLUIDO IVA | BA14: VALOR UNITARIO INCLUIDO IVA | BB14: VALOR UNITARIO INCLUIDO IVA | BC14: VALOR UNITARIO INCLUIDO IVA | BD14: VALOR UNITARIO INCLUIDO IVA | BE14: VALOR UNITARIO INCLUIDO IVA | BF14: VALOR UNITARIO INCLUIDO IVA | BG14: VALOR UNITARIO INCLUIDO IVA | BI14: VALOR UNITARIO INCLUIDO IVA | BJ14: VALOR UNITARIO INCLUIDO IVA | BK14: VALOR UNITARIO INCLUIDO IVA | BL14: VALOR UNITARIO INCLUIDO IVA | BM14: VALOR UNITARIO INCLUIDO IVA | BN14: VALOR UNITARIO INCLUIDO IVA | BO14: VALOR UNITARIO INCLUIDO IVA | BQ14: VALOR UNITARIO INCLUIDO IVA | BR14: VALOR UNITARIO INCLUIDO IVA | BS14: VALOR UNITARIO INCLUIDO IVA | BT14: VALOR UNITARIO INCLUIDO IVA | BU14: VALOR UNITARIO INCLUIDO IVA | BV14: VALOR UNITARIO INCLUIDO IVA | BW14: VALOR UNITARIO INCLUIDO IVA | BY14: VALOR UNITARIO INCLUIDO IVA | BZ14: VALOR UNITARIO INCLUIDO IVA | CA14: VALOR UNITARIO INCLUIDO IVA | CB14: VALOR UNITARIO INCLUIDO IVA | CC14: VALOR UNITARIO INCLUIDO IVA | CD14: VALOR UNITARIO INCLUIDO IVA | CE14: VALOR UNITARIO INCLUIDO IVA | CG14: VALOR UNITARIO INCLUIDO IVA | CH14: VALOR UNITARIO INCLUIDO IVA | CI14: VALOR UNITARIO INCLUIDO IVA | CJ14: VALOR UNITARIO INCLUIDO IVA | CK14: VALOR UNITARIO INCLUIDO IVA | CL14: VALOR UNITARIO INCLUIDO IVA | CM14: VALOR UNITARIO INCLUIDO IVA | CO14: VALOR UNITARIO INCLUIDO IVA | CP14: VALOR UNITARIO INCLUIDO IVA | CQ14: VALOR UNITARIO INCLUIDO IVA | CR14: VALOR UNITARIO INCLUIDO IVA | CS14: VALOR UNITARIO INCLUIDO IVA | CT14: VALOR UNITARIO INCLUIDO IVA | CU14: VALOR UNITARIO INCLUIDO IVA | CW14: VALOR UNITARIO INCLUIDO IVA | CX14: VALOR UNITARIO INCLUIDO IVA | CY14: VALOR UNITARIO INCLUIDO IVA | CZ14: VALOR UNITARIO INCLUIDO IVA | DA14: VALOR UNITARIO INCLUIDO IVA | DB14: VALOR UNITARIO INCLUIDO IVA | DC14: VALOR UNITARIO INCLUIDO IVA | DE14: VALOR UNITARIO INCLUIDO IVA | DF14: VALOR UNITARIO INCLUIDO IVA | DG14: VALOR UNITARIO INCLUIDO IVA | DH14: VALOR UNITARIO INCLUIDO IVA | DI14: VALOR UNITARIO INCLUIDO IVA | DJ14: VALOR UNITARIO INCLUIDO IVA | DK14: VALOR UNITARIO INCLUIDO IVA
A15: ÌTEM | B15: SISTEMA DE FRENOS
A16: 1 | B16: Juego de Bandas Remachadas (Dos pares) | C16: 1 | E16: 202867.67 | H16: 118038.59 | I16: =+IF(E16="N/A","N/A",MIN(E16:H16)) -> 118038.59 | J16: =+IF(E16="N/A","N/A",ROUND(AVERAGE(E16:H16),0)) -> 160453 | K16: =+IF(I16="N/A","N/A",AVERAGE(I16:J16)) -> 139245.79 | M16: 202867.67 | P16: 91504.953 | Q16: =+IF(M16="N/A","N/A",MIN(M16:P16)) -> 91504.953 | R16: =+IF(M16="N/A","N/A",ROUND(AVERAGE(M16:P16),0)) -> 147186 | S16: =+IF(Q16="N/A","N/A",AVERAGE(Q16:R16)) -> 119345.48 | X16: 116412.04 | Y16: =+IF(U16="N/A","N/A",MIN(U16:X16)) -> 116412.04 | Z16: =+IF(U16="N/A","N/A",ROUND(AVERAGE(U16:X16),0)) -> 116412 | AA16: =+IF(Y16="N/A","N/A",AVERAGE(Y16:Z16)) -> 116412.02 | AC16: 221879.51 | AF16: 93724.121 | AG16: =+IF(AC16="N/A","N/A",MIN(AC16:AF16)) -> 93724.121 | AH16: =+IF(AC16="N/A","N/A",ROUND(AVERAGE(AC16:AF16),0)) -> 157802 | AI16: =+IF(AG16="N/A","N/A",AVERAGE(AG16:AH16)) -> 125763.06 | AK16: 184907.79 | AN16: 129806.43 | AO16: =+IF(AK16="N/A","N/A",MIN(AK16:AN16)) -> 129806.43 | AP16: =+IF(AK16="N/A","N/A",ROUND(AVERAGE(AK16:AN16),0)) -> 157357 | AQ16: =+IF(AO16="N/A","N/A",AVERAGE(AO16:AP16)) -> 143581.72 | AV16: 89758.401 | AW16: =+IF(AS16="N/A","N/A",MIN(AS16:AV16)) -> 89758.401 | AX16: =+IF(AS16="N/A","N/A",ROUND(AVERAGE(AS16:AV16),0)) -> 89758 | AY16: =+IF(AW16="N/A","N/A",AVERAGE(AW16:AX16)) -> 89758.201 | BA16: 224717.03 | BD16: 96881.782 | BE16: =+IF(BA16="N/A","N/A",MIN(BA16:BD16)) -> 96881.782 | BF16: =+IF(BA16="N/A","N/A",ROUND(AVERAGE(BA16:BD16),0)) -> 160799 | BG16: =+IF(BE16="N/A","N/A",AVERAGE(BE16:BF16)) -> 128840.39 | BI16: 226896 | BL16: 141406.04 | BM16: =+IF(BI16="N/A","N/A",MIN(BI16:BL16)) -> 141406.04 | BN16: =+IF(BI16="N/A","N/A",ROUND(AVERAGE(BI16:BL16),0)) -> 184151 | BO16: =+IF(BM16="N/A","N/A",AVERAGE(BM16:BN16)) -> 162778.52 | BQ16: 226896 | BT16: 143173.17 | BU16: =+IF(BQ16="N/A","N/A",MIN(BQ16:BT16)) -> 143173.17 | BV16: =+IF(BQ16="N/A","N/A",ROUND(AVERAGE(BQ16:BT16),0)) -> 185035 | BW16: =+IF(BU16="N/A","N/A",AVERAGE(BU16:BV16)) -> 164104.08 | CB16: 141406.04 | CC16: =+IF(BY16="N/A","N/A",MIN(BY16:CB16)) -> 141406.04 | CD16: =+IF(BY16="N/A","N/A",ROUND(AVERAGE(BY16:CB16),0)) -> 141406 | CE16: =+IF(CC16="N/A","N/A",AVERAGE(CC16:CD16)) -> 141406.02 | CG16: 226896 | CJ16: 141406.04 | CK16: =+IF(CG16="N/A","N/A",MIN(CG16:CJ16)) -> 141406.04 | CL16: =+IF(CG16="N/A","N/A",ROUND(AVERAGE(CG16:CJ16),0)) -> 184151 | CM16: =+IF(CK16="N/A","N/A",AVERAGE(CK16:CL16)) -> 162778.52 | CR16: 141406.04 | CS16: =+IF(CO16="N/A","N/A",MIN(CO16:CR16)) -> 141406.04 | CT16: =+IF(CO16="N/A","N/A",ROUND(AVERAGE(CO16:CR16),0)) -> 141406 | CU16: =+IF(CS16="N/A","N/A",AVERAGE(CS16:CT16)) -> 141406.02 | CW16: 226896 | CZ16: 95752.567 | DA16: =+IF(CW16="N/A","N/A",MIN(CW16:CZ16)) -> 95752.567 | DB16: =+IF(CW16="N/A","N/A",ROUND(AVERAGE(CW16:CZ16),0)) -> 161324 | DC16: =+IF(DA16="N/A","N/A",AVERAGE(DA16:DB16)) -> 128538.28 | DH16: 87563.003 | DI16: =+IF(DE16="N/A","N/A",MIN(DE16:DH16)) -> 87563.003 | DJ16: =+IF(DE16="N/A","N/A",ROUND(AVERAGE(DE16:DH16),0)) -> 87563 | DK16: =+IF(DI16="N/A","N/A",AVERAGE(DI16:DJ16)) -> 87563.002
A17: 2 | B17: Juego De Bandas Frenos (Dos pares) | C17: 1 | E17: 440378.19 | H17: 140229.35 | I17: =+IF(E17="N/A","N/A",MIN(E17:H17)) -> 140229.35 | J17: =+IF(E17="N/A","N/A",ROUND(AVERAGE(E17:H17),0)) -> 290304 | K17: =+IF(I17="N/A","N/A",AVERAGE(I17:J17)) -> 215266.68 | M17: 445700.31 | P17: 124231.08 | Q17: =+IF(M17="N/A","N/A",MIN(M17:P17)) -> 124231.08 | R17: =+IF(M17="N/A","N/A",ROUND(AVERAGE(M17:P17),0)) -> 284966 | S17: =+IF(Q17="N/A","N/A",AVERAGE(Q17:R17)) -> 204598.54 | U17: 598736.32 | X17: 138575.51 | Y17: =+IF(U17="N/A","N/A",MIN(U17:X17)) -> 138575.51 | Z17: =+IF(U17="N/A","N/A",ROUND(AVERAGE(U17:X17),0)) -> 368656 | AA17: =+IF(Y17="N/A","N/A",AVERAGE(Y17:Z17)) -> 253615.76 | AC17: 701500.54 | AF17: 187758.36 | AG17: =+IF(AC17="N/A","N/A",MIN(AC17:AF17)) -> 187758.36 | AH17: =+IF(AC17="N/A","N/A",ROUND(AVERAGE(AC17:AF17),0)) -> 444629 | AI17: =+IF(AG17="N/A","N/A",AVERAGE(AG17:AH17)) -> 316193.68 | AK17: 700411.83 | AN17: 152098.11 | AO17: =+IF(AK17="N/A","N/A",MIN(AK17:AN17)) -> 152098.11 | AP17: =+IF(AK17="N/A","N/A",ROUND(AVERAGE(AK17:AN17),0)) -> 426255 | AQ17: =+IF(AO17="N/A","N/A",AVERAGE(AO17:AP17)) -> 289176.56 | AV17: 178617.13 | AW17: =+IF(AS17="N/A","N/A",MIN(AS17:AV17)) -> 178617.13 | AX17: =+IF(AS17="N/A","N/A",ROUND(AVERAGE(AS17:AV17),0)) -> 178617 | AY17: =+IF(AW17="N/A","N/A",AVERAGE(AW17:AX17)) -> 178617.07 | BA17: 688086.41 | BD17: 178289.53 | BE17: =+IF(BA17="N/A","N/A",MIN(BA17:BD17)) -> 178289.53 | BF17: =+IF(BA17="N/A","N/A",ROUND(AVERAGE(BA17:BD17),0)) -> 433188 | BG17: =+IF(BE17="N/A","N/A",AVERAGE(BE17:BF17)) -> 305738.76 | BI17: 589001.6 | BL17: 244380.94 | BM17: =+IF(BI17="N/A","N/A",MIN(BI17:BL17)) -> 244380.94 | BN17: =+IF(BI17="N/A","N/A",ROUND(AVERAGE(BI17:BL17),0)) -> 416691 | BO17: =+IF(BM17="N/A","N/A",AVERAGE(BM17:BN17)) -> 330535.97 | BQ17: 589001.6 | BT17: 254354 | BU17: =+IF(BQ17="N/A","N/A",MIN(BQ17:BT17)) -> 254354 | BV17: =+IF(BQ17="N/A","N/A",ROUND(AVERAGE(BQ17:BT17),0)) -> 421678 | BW17: =+IF(BU17="N/A","N/A",AVERAGE(BU17:BV17)) -> 338016 | CB17: 243800.03 | CC17: =+IF(BY17="N/A","N/A",MIN(BY17:CB17)) -> 243800.03 | CD17: =+IF(BY17="N/A","N/A",ROUND(AVERAGE(BY17:CB17),0)) -> 243800 | CE17: =+IF(CC17="N/A","N/A",AVERAGE(CC17:CD17)) -> 243800.01 | CG17: 623253.5 | CJ17: 246123.67 | CK17: =+IF(CG17="N/A","N/A",MIN(CG17:CJ17)) -> 246123.67 | CL17: =+IF(CG17="N/A","N/A",ROUND(AVERAGE(CG17:CJ17),0)) -> 434689 | CM17: =+IF(CK17="N/A","N/A",AVERAGE(CK17:CL17)) -> 340406.33 | CR17: 244961.85 | CS17: =+IF(CO17="N/A","N/A",MIN(CO17:CR17)) -> 244961.85 | CT17: =+IF(CO17="N/A","N/A",ROUND(AVERAGE(CO17:CR17),0)) -> 244962 | CU17: =+IF(CS17="N/A","N/A",AVERAGE(CS17:CT17)) -> 244961.92 | CW17: 589001.6 | CZ17: 178093.72 | DA17: =+IF(CW17="N/A","N/A",MIN(CW17:CZ17)) -> 178093.72 | DB17: =+IF(CW17="N/A","N/A",ROUND(AVERAGE(CW17:CZ17),0)) -> 383548 | DC17: =+IF(DA17="N/A","N/A",AVERAGE(DA17:DB17)) -> 280820.86 | DE17: 462622.9 | DH17: 136836.74 | DI17: =+IF(DE17="N/A","N/A",MIN(DE17:DH17)) -> 136836.74 | DJ17: =+IF(DE17="N/A","N/A",ROUND(AVERAGE(DE17:DH17),0)) -> 299730 | DK17: =+IF(DI17="N/A","N/A",AVERAGE(DI17:DJ17)) -> 218283.37
A18: 3 | B18: Cilindro De Freno | C18: 1 | E18: 336097.52 | H18: 156551.06 | I18: =+IF(E18="N/A","N/A",MIN(E18:H18)) -> 156551.06 | J18: =+IF(E18="N/A","N/A",ROUND(AVERAGE(E18:H18),0)) -> 246324 | K18: =+IF(I18="N/A","N/A",AVERAGE(I18:J18)) -> 201437.53 | M18: 382497.52 | P18: 116434 | Q18: =+IF(M18="N/A","N/A",MIN(M18:P18)) -> 116434 | R18: =+IF(M18="N/A","N/A",ROUND(AVERAGE(M18:P18),0)) -> 249466 | S18: =+IF(Q18="N/A","N/A",AVERAGE(Q18:R18)) -> 182950 | U18: 293042.55 | X18: 89695.004 | Y18: =+IF(U18="N/A","N/A",MIN(U18:X18)) -> 89695.004 | Z18: =+IF(U18="N/A","N/A",ROUND(AVERAGE(U18:X18),0)) -> 191369 | AA18: =+IF(Y18="N/A","N/A",AVERAGE(Y18:Z18)) -> 140532 | AC18: 438969.67 | AF18: 127817.99 | AG18: =+IF(AC18="N/A","N/A",MIN(AC18:AF18)) -> 127817.99 | AH18: =+IF(AC18="N/A","N/A",ROUND(AVERAGE(AC18:AF18),0)) -> 283394 | AI18: =+IF(AG18="N/A","N/A",AVERAGE(AG18:AH18)) -> 205605.99 | AK18: 291843.12 | AN18: 89164.815 | AO18: =+IF(AK18="N/A","N/A",MIN(AK18:AN18)) -> 89164.815 | AP18: =+IF(AK18="N/A","N/A",ROUND(AVERAGE(AK18:AN18),0)) -> 190504 | AQ18: =+IF(AO18="N/A","N/A",AVERAGE(AO18:AP18)) -> 139834.41 | AV18: 118851.72 | AW18: =+IF(AS18="N/A","N/A",MIN(AS18:AV18)) -> 118851.72 | AX18: =+IF(AS18="N/A","N/A",ROUND(AVERAGE(AS18:AV18),0)) -> 118852 | AY18: =+IF(AW18="N/A","N/A",AVERAGE(AW18:AX18)) -> 118851.86 | BA18: 435185.23 | BD18: 109363.79 | BE18: =+IF(BA18="N/A","N/A",MIN(BA18:BD18)) -> 109363.79 | BF18: =+IF(BA18="N/A","N/A",ROUND(AVERAGE(BA18:BD18),0)) -> 272275 | BG18: =+IF(BE18="N/A","N/A",AVERAGE(BE18:BF18)) -> 190819.39 | BI18: 253584.7 | BL18: 191346.53 | BM18: =+IF(BI18="N/A","N/A",MIN(BI18:BL18)) -> 191346.53 | BN18: =+IF(BI18="N/A","N/A",ROUND(AVERAGE(BI18:BL18),0)) -> 222466 | BO18: =+IF(BM18="N/A","N/A",AVERAGE(BM18:BN18)) -> 206906.26 | BQ18: 253584.7 | BT18: 199664.58 | BU18: =+IF(BQ18="N/A","N/A",MIN(BQ18:BT18)) -> 199664.58 | BV18: =+IF(BQ18="N/A","N/A",ROUND(AVERAGE(BQ18:BT18),0)) -> 226625 | BW18: =+IF(BU18="N/A","N/A",AVERAGE(BU18:BV18)) -> 213144.79 | CB18: 187744.88 | CC18: =+IF(BY18="N/A","N/A",MIN(BY18:CB18)) -> 187744.88 | CD18: =+IF(BY18="N/A","N/A",ROUND(AVERAGE(BY18:CB18),0)) -> 187745 | CE18: =+IF(CC18="N/A","N/A",AVERAGE(CC18:CD18)) -> 187744.94 | CG18: 262415.2 | CJ18: 192392.16 | CK18: =+IF(CG18="N/A","N/A",MIN(CG18:CJ18)) -> 192392.16 | CL18: =+IF(CG18="N/A","N/A",ROUND(AVERAGE(CG18:CJ18),0)) -> 227404 | CM18: =+IF(CK18="N/A","N/A",AVERAGE(CK18:CL18)) -> 209898.08 | CR18: 191346.53 | CS18: =+IF(CO18="N/A","N/A",MIN(CO18:CR18)) -> 191346.53 | CT18: =+IF(CO18="N/A","N/A",ROUND(AVERAGE(CO18:CR18),0)) -> 191347 | CU18: =+IF(CS18="N/A","N/A",AVERAGE(CS18:CT18)) -> 191346.76 | CW18: 253584.7 | CZ18: 140130.89 | DA18: =+IF(CW18="N/A","N/A",MIN(CW18:CZ18)) -> 140130.89 | DB18: =+IF(CW18="N/A","N/A",ROUND(AVERAGE(CW18:CZ18),0)) -> 196858 | DC18: =+IF(DA18="N/A","N/A",AVERAGE(DA18:DB18)) -> 168494.45 | DE18: 230647.58 | DH18: 100620.07 | DI18: =+IF(DE18="N/A","N/A",MIN(DE18:DH18)) -> 100620.07 | DJ18: =+IF(DE18="N/A","N/A",ROUND(AVERAGE(DE18:DH18),0)) -> 165634 | DK18: =+IF(DI18="N/A","N/A",AVERAGE(DI18:DJ18)) -> 133127.04
A19: 4 | B19: Discos De Frenos Delanteros (Par) | C19: 1 | E19: 1148122.6 | H19: 391941.37 | I19: =+IF(E19="N/A","N/A",MIN(E19:H19)) -> 391941.37 | J19: =+IF(E19="N/A","N/A",ROUND(AVERAGE(E19:H19),0)) -> 770032 | K19: =+IF(I19="N/A","N/A",AVERAGE(I19:J19)) -> 580986.69 | M19: 1193983.5 | P19: 323615.31 | Q19: =+IF(M19="N/A","N/A",MIN(M19:P19)) -> 323615.31 | R19: =+IF(M19="N/A","N/A",ROUND(AVERAGE(M19:P19),0)) -> 758799 | S19: =+IF(Q19="N/A","N/A",AVERAGE(Q19:R19)) -> 541207.15 | U19: 869865.39 | X19: 263309.12 | Y19: =+IF(U19="N/A","N/A",MIN(U19:X19)) -> 263309.12 | Z19: =+IF(U19="N/A","N/A",ROUND(AVERAGE(U19:X19),0)) -> 566587 | AA19: =+IF(Y19="N/A","N/A",AVERAGE(Y19:Z19)) -> 414948.06 | AC19: 715458.94 | AF19: 389308.76 | AG19: =+IF(AC19="N/A","N/A",MIN(AC19:AF19)) -> 389308.76 | AH19: =+IF(AC19="N/A","N/A",ROUND(AVERAGE(AC19:AF19),0)) -> 552384 | AI19: =+IF(AG19="N/A","N/A",AVERAGE(AG19:AH19)) -> 470846.38 | AK19: 961579.38 | AN19: 288535.59 | AO19: =+IF(AK19="N/A","N/A",MIN(AK19:AN19)) -> 288535.59 | AP19: =+IF(AK19="N/A","N/A",ROUND(AVERAGE(AK19:AN19),0)) -> 625057 | AQ19: =+IF(AO19="N/A","N/A",AVERAGE(AO19:AP19)) -> 456796.3 | AV19: 348999.81 | AW19: =+IF(AS19="N/A","N/A",MIN(AS19:AV19)) -> 348999.81 | AX19: =+IF(AS19="N/A","N/A",ROUND(AVERAGE(AS19:AV19),0)) -> 349000 | AY19: =+IF(AW19="N/A","N/A",AVERAGE(AW19:AX19)) -> 348999.9 | BA19: 658498.18 | BD19: 321273.95 | BE19: =+IF(BA19="N/A","N/A",MIN(BA19:BD19)) -> 321273.95 | BF19: =+IF(BA19="N/A","N/A",ROUND(AVERAGE(BA19:BD19),0)) -> 489886 | BG19: =+IF(BE19="N/A","N/A",AVERAGE(BE19:BF19)) -> 405579.98 | BI19: 599952 | BL19: 235194.66 | BM19: =+IF(BI19="N/A","N/A",MIN(BI19:BL19)) -> 235194.66 | BN19: =+IF(BI19="N/A","N/A",ROUND(AVERAGE(BI19:BL19),0)) -> 417573 | BO19: =+IF(BM19="N/A","N/A",AVERAGE(BM19:BN19)) -> 326383.83 | BQ19: 599952 | BT19: 241054.41 | BU19: =+IF(BQ19="N/A","N/A",MIN(BQ19:BT19)) -> 241054.41 | BV19: =+IF(BQ19="N/A","N/A",ROUND(AVERAGE(BQ19:BT19),0)) -> 420503 | BW19: =+IF(BU19="N/A","N/A",AVERAGE(BU19:BV19)) -> 330778.71 | CB19: 232871.02 | CC19: =+IF(BY19="N/A","N/A",MIN(BY19:CB19)) -> 232871.02 | CD19: =+IF(BY19="N/A","N/A",ROUND(AVERAGE(BY19:CB19),0)) -> 232871 | CE19: =+IF(CC19="N/A","N/A",AVERAGE(CC19:CD19)) -> 232871.01 | CG19: 642547.2 | CJ19: 237518.3 | CK19: =+IF(CG19="N/A","N/A",MIN(CG19:CJ19)) -> 237518.3 | CL19: =+IF(CG19="N/A","N/A",ROUND(AVERAGE(CG19:CJ19),0)) -> 440033 | CM19: =+IF(CK19="N/A","N/A",AVERAGE(CK19:CL19)) -> 338775.65 | CR19: 235194.66 | CS19: =+IF(CO19="N/A","N/A",MIN(CO19:CR19)) -> 235194.66 | CT19: =+IF(CO19="N/A","N/A",ROUND(AVERAGE(CO19:CR19),0)) -> 235195 | CU19: =+IF(CS19="N/A","N/A",AVERAGE(CS19:CT19)) -> 235194.83 | CW19: 599952 | CZ19: 226542.67 | DA19: =+IF(CW19="N/A","N/A",MIN(CW19:CZ19)) -> 226542.67 | DB19: =+IF(CW19="N/A","N/A",ROUND(AVERAGE(CW19:CZ19),0)) -> 413247 | DC19: =+IF(DA19="N/A","N/A",AVERAGE(DA19:DB19)) -> 319894.83 | DE19: 691974 | DH19: 264784.59 | DI19: =+IF(DE19="N/A","N/A",MIN(DE19:DH19)) -> 264784.59 | DJ19: =+IF(DE19="N/A","N/A",ROUND(AVERAGE(DE19:DH19),0)) -> 478379 | DK19: =+IF(DI19="N/A","N/A",AVERAGE(DI19:DJ19)) -> 371581.8
A20: 5 | B20: Juego De Pastillas De Frenos Delantera (Dos pares) | C20: 1 | E20: 299264.46 | H20: 169274.85 | I20: =+IF(E20="N/A","N/A",MIN(E20:H20)) -> 169274.85 | J20: =+IF(E20="N/A","N/A",ROUND(AVERAGE(E20:H20),0)) -> 234270 | K20: =+IF(I20="N/A","N/A",AVERAGE(I20:J20)) -> 201772.43 | M20: 364288.28 | P20: 187670.47 | Q20: =+IF(M20="N/A","N/A",MIN(M20:P20)) -> 187670.47 | R20: =+IF(M20="N/A","N/A",ROUND(AVERAGE(M20:P20),0)) -> 275979 | S20: =+IF(Q20="N/A","N/A",AVERAGE(Q20:R20)) -> 231824.73 | U20: 251321.67 | X20: 142887.45 | Y20: =+IF(U20="N/A","N/A",MIN(U20:X20)) -> 142887.45 | Z20: =+IF(U20="N/A","N/A",ROUND(AVERAGE(U20:X20),0)) -> 197105 | AA20: =+IF(Y20="N/A","N/A",AVERAGE(Y20:Z20)) -> 169996.22 | AC20: 346358.64 | AF20: 190742.56 | AG20: =+IF(AC20="N/A","N/A",MIN(AC20:AF20)) -> 190742.56 | AH20: =+IF(AC20="N/A","N/A",ROUND(AVERAGE(AC20:AF20),0)) -> 268551 | AI20: =+IF(AG20="N/A","N/A",AVERAGE(AG20:AH20)) -> 229646.78 | AK20: 391488.9 | AN20: 152873.37 | AO20: =+IF(AK20="N/A","N/A",MIN(AK20:AN20)) -> 152873.37 | AP20: =+IF(AK20="N/A","N/A",ROUND(AVERAGE(AK20:AN20),0)) -> 272181 | AQ20: =+IF(AO20="N/A","N/A",AVERAGE(AO20:AP20)) -> 212527.18 | AV20: 191134.28 | AW20: =+IF(AS20="N/A","N/A",MIN(AS20:AV20)) -> 191134.28 | AX20: =+IF(AS20="N/A","N/A",ROUND(AVERAGE(AS20:AV20),0)) -> 191134 | AY20: =+IF(AW20="N/A","N/A",AVERAGE(AW20:AX20)) -> 191134.14 | BA20: 333892.49 | BD20: 192629.09 | BE20: =+IF(BA20="N/A","N/A",MIN(BA20:BD20)) -> 192629.09 | BF20: =+IF(BA20="N/A","N/A",ROUND(AVERAGE(BA20:BD20),0)) -> 263261 | BG20: =+IF(BE20="N/A","N/A",AVERAGE(BE20:BF20)) -> 227945.05 | BI20: 241796.2 | BL20: 252282.01 | BM20: =+IF(BI20="N/A","N/A",MIN(BI20:BL20)) -> 241796.2 | BN20: =+IF(BI20="N/A","N/A",ROUND(AVERAGE(BI20:BL20),0)) -> 247039 | BO20: =+IF(BM20="N/A","N/A",AVERAGE(BM20:BN20)) -> 244417.6 | BQ20: 241796.2 | BT20: 266356.65 | BU20: =+IF(BQ20="N/A","N/A",MIN(BQ20:BT20)) -> 241796.2 | BV20: =+IF(BQ20="N/A","N/A",ROUND(AVERAGE(BQ20:BT20),0)) -> 254076 | BW20: =+IF(BU20="N/A","N/A",AVERAGE(BU20:BV20)) -> 247936.1 | CB20: 249958.37 | CC20: =+IF(BY20="N/A","N/A",MIN(BY20:CB20)) -> 249958.37 | CD20: =+IF(BY20="N/A","N/A",ROUND(AVERAGE(BY20:CB20),0)) -> 249958 | CE20: =+IF(CC20="N/A","N/A",AVERAGE(CC20:CD20)) -> 249958.18 | CG20: 249446.4 | CJ20: 252282.01 | CK20: =+IF(CG20="N/A","N/A",MIN(CG20:CJ20)) -> 249446.4 | CL20: =+IF(CG20="N/A","N/A",ROUND(AVERAGE(CG20:CJ20),0)) -> 250864 | CM20: =+IF(CK20="N/A","N/A",AVERAGE(CK20:CL20)) -> 250155.2 | CR20: 252282.01 | CS20: =+IF(CO20="N/A","N/A",MIN(CO20:CR20)) -> 252282.01 | CT20: =+IF(CO20="N/A","N/A",ROUND(AVERAGE(CO20:CR20),0)) -> 252282 | CU20: =+IF(CS20="N/A","N/A",AVERAGE(CS20:CT20)) -> 252282 | CW20: 241796.2 | CZ20: 224404.82 | DA20: =+IF(CW20="N/A","N/A",MIN(CW20:CZ20)) -> 224404.82 | DB20: =+IF(CW20="N/A","N/A",ROUND(AVERAGE(CW20:CZ20),0)) -> 233101 | DC20: =+IF(DA20="N/A","N/A",AVERAGE(DA20:DB20)) -> 228752.91 | DE20: 180133.1 | DH20: 166446.25 | DI20: =+IF(DE20="N/A","N/A",MIN(DE20:DH20)) -> 166446.25 | DJ20: =+IF(DE20="N/A","N/A",ROUND(AVERAGE(DE20:DH20),0)) -> 173290 | DK20: =+IF(DI20="N/A","N/A",AVERAGE(DI20:DJ20)) -> 169868.12
A21: 6 | B21: Juego De Pastillas De Frenos Traseras (Dos pares) | C21: 1 | E21: N/A | F21: N/A | G21: N/A | H21: N/A | I21: N/A | J21: N/A | K21: N/A | M21: N/A | N21: N/A | O21: N/A | P21: N/A | Q21: N/A | R21: N/A | S21: N/A | U21: N/A | V21: N/A | W21: N/A | X21: N/A | Y21: N/A | Z21: N/A | AA21: N/A | AC21: N/A | AD21: N/A | AE21: N/A | AF21: N/A | AG21: N/A | AH21: N/A | AI21: N/A | AK21: N/A | AL21: N/A | AM21: N/A | AN21: N/A | AO21: N/A | AP21: N/A | AQ21: N/A | AS21: N/A | AT21: N/A | AU21: N/A | AV21: N/A | AW21: N/A | AX21: N/A | AY21: N/A | BA21: N/A | BB21: N/A | BC21: N/A | BD21: N/A | BE21: N/A | BF21: N/A | BG21: N/A | BI21: N/A | BJ21: N/A | BK21: N/A | BL21: N/A | BM21: N/A | BN21: N/A | BO21: N/A | BQ21: N/A | BR21: N/A | BS21: N/A | BT21: N/A | BU21: N/A | BV21: N/A | BW21: N/A | BY21: N/A | BZ21: N/A | CA21: N/A | CB21: N/A | CC21: N/A | CD21: N/A | CE21: N/A | CG21: N/A | CH21: N/A | CI21: N/A | CJ21: N/A | CK21: N/A | CL21: N/A | CM21: N/A | CO21: N/A | CP21: N/A | CQ21: N/A | CR21: N/A | CS21: N/A | CT21: N/A | CU21: N/A | CW21: N/A | CX21: N/A | CY21: N/A | CZ21: N/A | DA21: N/A | DB21: N/A | DC21: N/A | DE21: N/A | DF21: N/A | DG21: N/A | DH21: N/A | DI21: N/A | DJ21: N/A | DK21: N/A
A22: 7 | B22: Pistón Caliper | C22: 1 | E22: 175030.86 | H22: 106029.67 | I22: =+IF(E22="N/A","N/A",MIN(E22:H22)) -> 106029.67 | J22: =+IF(E22="N/A","N/A",ROUND(AVERAGE(E22:H22),0)) -> 140530 | K22: =+IF(I22="N/A","N/A",AVERAGE(I22:J22)) -> 123279.83 | M22: 196777.36 | P22: 91123.583 | Q22: =+IF(M22="N/A","N/A",MIN(M22:P22)) -> 91123.583 | R22: =+IF(M22="N/A","N/A",ROUND(AVERAGE(M22:P22),0)) -> 143950 | S22: =+IF(Q22="N/A","N/A",AVERAGE(Q22:R22)) -> 117536.79 | U22: 439519.31 | X22: 85109.52 | Y22: =+IF(U22="N/A","N/A",MIN(U22:X22)) -> 85109.52 | Z22: =+IF(U22="N/A","N/A",ROUND(AVERAGE(U22:X22),0)) -> 262314 | AA22: =+IF(Y22="N/A","N/A",AVERAGE(Y22:Z22)) -> 173711.76 | AC22: 199351.83 | AF22: 106569.43 | AG22: =+IF(AC22="N/A","N/A",MIN(AC22:AF22)) -> 106569.43 | AH22: =+IF(AC22="N/A","N/A",ROUND(AVERAGE(AC22:AF22),0)) -> 152961 | AI22: =+IF(AG22="N/A","N/A",AVERAGE(AG22:AH22)) -> 129765.21 | AK22: 219675.37 | AN22: 95309.734 | AO22: =+IF(AK22="N/A","N/A",MIN(AK22:AN22)) -> 95309.734 | AP22: =+IF(AK22="N/A","N/A",ROUND(AVERAGE(AK22:AN22),0)) -> 157493 | AQ22: =+IF(AO22="N/A","N/A",AVERAGE(AO22:AP22)) -> 126401.37 | AV22: 114307.53 | AW22: =+IF(AS22="N/A","N/A",MIN(AS22:AV22)) -> 114307.53 | AX22: =+IF(AS22="N/A","N/A",ROUND(AVERAGE(AS22:AV22),0)) -> 114308 | AY22: =+IF(AW22="N/A","N/A",AVERAGE(AW22:AX22)) -> 114307.76 | BA22: 211277.99 | BD22: 102242.66 | BE22: =+IF(BA22="N/A","N/A",MIN(BA22:BD22)) -> 102242.66 | BF22: =+IF(BA22="N/A","N/A",ROUND(AVERAGE(BA22:BD22),0)) -> 156760 | BG22: =+IF(BE22="N/A","N/A",AVERAGE(BE22:BF22)) -> 129501.33 | BI22: 332224 | BL22: 189382.93 | BM22: =+IF(BI22="N/A","N/A",MIN(BI22:BL22)) -> 189382.93 | BN22: =+IF(BI22="N/A","N/A",ROUND(AVERAGE(BI22:BL22),0)) -> 260803 | BO22: =+IF(BM22="N/A","N/A",AVERAGE(BM22:BN22)) -> 225092.97 | BQ22: 332224 | BT22: 214362.64 | BU22: =+IF(BQ22="N/A","N/A",MIN(BQ22:BT22)) -> 214362.64 | BV22: =+IF(BQ22="N/A","N/A",ROUND(AVERAGE(BQ22:BT22),0)) -> 273293 | BW22: =+IF(BU22="N/A","N/A",AVERAGE(BU22:BV22)) -> 243827.82 | CB22: 170793.81 | CC22: =+IF(BY22="N/A","N/A",MIN(BY22:CB22)) -> 170793.81 | CD22: =+IF(BY22="N/A","N/A",ROUND(AVERAGE(BY22:CB22),0)) -> 170794 | CE22: =+IF(CC22="N/A","N/A",AVERAGE(CC22:CD22)) -> 170793.91 | CG22: 341086.4 | CJ22: 203324.77 | CK22: =+IF(CG22="N/A","N/A",MIN(CG22:CJ22)) -> 203324.77 | CL22: =+IF(CG22="N/A","N/A",ROUND(AVERAGE(CG22:CJ22),0)) -> 272206 | CM22: =+IF(CK22="N/A","N/A",AVERAGE(CK22:CL22)) -> 237765.39 | CR22: 189382.93 | CS22: =+IF(CO22="N/A","N/A",MIN(CO22:CR22)) -> 189382.93 | CT22: =+IF(CO22="N/A","N/A",ROUND(AVERAGE(CO22:CR22),0)) -> 189383 | CU22: =+IF(CS22="N/A","N/A",AVERAGE(CS22:CT22)) -> 189382.97 | CW22: 332224 | CZ22: 112158.03 | DA22: =+IF(CW22="N/A","N/A",MIN(CW22:CZ22)) -> 112158.03 | DB22: =+IF(CW22="N/A","N/A",ROUND(AVERAGE(CW22:CZ22),0)) -> 222191 | DC22: =+IF(DA22="N/A","N/A",AVERAGE(DA22:DB22)) -> 167174.51 | DE22: 200400.69 | DH22: 101115.75 | DI22: =+IF(DE22="N/A","N/A",MIN(DE22:DH22)) -> 101115.75 | DJ22: =+IF(DE22="N/A","N/A",ROUND(AVERAGE(DE22:DH22),0)) -> 150758 | DK22: =+IF(DI22="N/A","N/A",AVERAGE(DI22:DJ22)) -> 125936.87
A23: 8 | B23: Juego Interiores Caliper | C23: 1 | E23: 319893.09 | H23: 91432.91 | I23: =+IF(E23="N/A","N/A",MIN(E23:H23)) -> 91432.91 | J23: =+IF(E23="N/A","N/A",ROUND(AVERAGE(E23:H23),0)) -> 205663 | K23: =+IF(I23="N/A","N/A",AVERAGE(I23:J23)) -> 148547.96 | M23: 351228.25 | P23: 86374.546 | Q23: =+IF(M23="N/A","N/A",MIN(M23:P23)) -> 86374.546 | R23: =+IF(M23="N/A","N/A",ROUND(AVERAGE(M23:P23),0)) -> 218801 | S23: =+IF(Q23="N/A","N/A",AVERAGE(Q23:R23)) -> 152587.77 | U23: 148451.99 | X23: 56406.852 | Y23: =+IF(U23="N/A","N/A",MIN(U23:X23)) -> 56406.852 | Z23: =+IF(U23="N/A","N/A",ROUND(AVERAGE(U23:X23),0)) -> 102429 | AA23: =+IF(Y23="N/A","N/A",AVERAGE(Y23:Z23)) -> 79417.926 | AC23: 125896.36 | AF23: 81407.975 | AG23: =+IF(AC23="N/A","N/A",MIN(AC23:AF23)) -> 81407.975 | AH23: =+IF(AC23="N/A","N/A",ROUND(AVERAGE(AC23:AF23),0)) -> 103652 | AI23: =+IF(AG23="N/A","N/A",AVERAGE(AG23:AH23)) -> 92529.987 | AK23: 182366.1 | AN23: 67495.512 | AO23: =+IF(AK23="N/A","N/A",MIN(AK23:AN23)) -> 67495.512 | AP23: =+IF(AK23="N/A","N/A",ROUND(AVERAGE(AK23:AN23),0)) -> 124931 | AQ23: =+IF(AO23="N/A","N/A",AVERAGE(AO23:AP23)) -> 96213.256 | AV23: 82488.467 | AW23: =+IF(AS23="N/A","N/A",MIN(AS23:AV23)) -> 82488.467 | AX23: =+IF(AS23="N/A","N/A",ROUND(AVERAGE(AS23:AV23),0)) -> 82488 | AY23: =+IF(AW23="N/A","N/A",AVERAGE(AW23:AX23)) -> 82488.234 | BA23: 131962.58 | BD23: 83842.017 | BE23: =+IF(BA23="N/A","N/A",MIN(BA23:BD23)) -> 83842.017 | BF23: =+IF(BA23="N/A","N/A",ROUND(AVERAGE(BA23:BD23),0)) -> 107902 | BG23: =+IF(BE23="N/A","N/A",AVERAGE(BE23:BF23)) -> 95872.009 | BI23: 196446 | BL23: 134927.73 | BM23: =+IF(BI23="N/A","N/A",MIN(BI23:BL23)) -> 134927.73 | BN23: =+IF(BI23="N/A","N/A",ROUND(AVERAGE(BI23:BL23),0)) -> 165687 | BO23: =+IF(BM23="N/A","N/A",AVERAGE(BM23:BN23)) -> 150307.37 | BQ23: 196446 | BT23: 146561.27 | BU23: =+IF(BQ23="N/A","N/A",MIN(BQ23:BT23)) -> 146561.27 | BV23: =+IF(BQ23="N/A","N/A",ROUND(AVERAGE(BQ23:BT23),0)) -> 171504 | BW23: =+IF(BU23="N/A","N/A",AVERAGE(BU23:BV23)) -> 159032.63 | CB23: 131442.27 | CC23: =+IF(BY23="N/A","N/A",MIN(BY23:CB23)) -> 131442.27 | CD23: =+IF(BY23="N/A","N/A",ROUND(AVERAGE(BY23:CB23),0)) -> 131442 | CE23: =+IF(CC23="N/A","N/A",AVERAGE(CC23:CD23)) -> 131442.14 | CG23: 208260.6 | CJ23: 126794.99 | CK23: =+IF(CG23="N/A","N/A",MIN(CG23:CJ23)) -> 126794.99 | CL23: =+IF(CG23="N/A","N/A",ROUND(AVERAGE(CG23:CJ23),0)) -> 167528 | CM23: =+IF(CK23="N/A","N/A",AVERAGE(CK23:CL23)) -> 147161.5 | CR23: 134927.73 | CS23: =+IF(CO23="N/A","N/A",MIN(CO23:CR23)) -> 134927.73 | CT23: =+IF(CO23="N/A","N/A",ROUND(AVERAGE(CO23:CR23),0)) -> 134928 | CU23: =+IF(CS23="N/A","N/A",AVERAGE(CS23:CT23)) -> 134927.87 | CW23: 196446 | CZ23: 84416.064 | DA23: =+IF(CW23="N/A","N/A",MIN(CW23:CZ23)) -> 84416.064 | DB23: =+IF(CW23="N/A","N/A",ROUND(AVERAGE(CW23:CZ23),0)) -> 140431 | DC23: =+IF(DA23="N/A","N/A",AVERAGE(DA23:DB23)) -> 112423.53 | DE23: 166897.5 | DH23: 80372.484 | DI23: =+IF(DE23="N/A","N/A",MIN(DE23:DH23)) -> 80372.484 | DJ23: =+IF(DE23="N/A","N/A",ROUND(AVERAGE(DE23:DH23),0)) -> 123635 | DK23: =+IF(DI23="N/A","N/A",AVERAGE(DI23:DJ23)) -> 102003.74
A24: 9 | B24: Liquido De Freno (Pinta 290 ml) | C24: 1 | E24: 16366.179 | H24: 19268.669 | I24: =+IF(E24="N/A","N/A",MIN(E24:H24)) -> 16366.179 | J24: =+IF(E24="N/A","N/A",ROUND(AVERAGE(E24:H24),0)) -> 17817 | K24: =+IF(I24="N/A","N/A",AVERAGE(I24:J24)) -> 17091.59 | M24: 16366.179 | P24: 20449.403 | Q24: =+IF(M24="N/A","N/A",MIN(M24:P24)) -> 16366.179 | R24: =+IF(M24="N/A","N/A",ROUND(AVERAGE(M24:P24),0)) -> 18408 | S24: =+IF(Q24="N/A","N/A",AVERAGE(Q24:R24)) -> 17387.09 | U24: 18669.866 | X24: 11242.448 | Y24: =+IF(U24="N/A","N/A",MIN(U24:X24)) -> 11242.448 | Z24: =+IF(U24="N/A","N/A",ROUND(AVERAGE(U24:X24),0)) -> 14956 | AA24: =+IF(Y24="N/A","N/A",AVERAGE(Y24:Z24)) -> 13099.224 | AC24: 80604.776 | AF24: 13793.028 | AG24: =+IF(AC24="N/A","N/A",MIN(AC24:AF24)) -> 13793.028 | AH24: =+IF(AC24="N/A","N/A",ROUND(AVERAGE(AC24:AF24),0)) -> 47199 | AI24: =+IF(AG24="N/A","N/A",AVERAGE(AG24:AH24)) -> 30496.014 | AK24: 89174.65 | AN24: 12515.472 | AO24: =+IF(AK24="N/A","N/A",MIN(AK24:AN24)) -> 12515.472 | AP24: =+IF(AK24="N/A","N/A",ROUND(AVERAGE(AK24:AN24),0)) -> 50845 | AQ24: =+IF(AO24="N/A","N/A",AVERAGE(AO24:AP24)) -> 31680.236 | AV24: 13193.695 | AW24: =+IF(AS24="N/A","N/A",MIN(AS24:AV24)) -> 13193.695 | AX24: =+IF(AS24="N/A","N/A",ROUND(AVERAGE(AS24:AV24),0)) -> 13194 | AY24: =+IF(AW24="N/A","N/A",AVERAGE(AW24:AX24)) -> 13193.847 | BA24: 19888.842 | BD24: 14487.013 | BE24: =+IF(BA24="N/A","N/A",MIN(BA24:BD24)) -> 14487.013 | BF24: =+IF(BA24="N/A","N/A",ROUND(AVERAGE(BA24:BD24),0)) -> 17188 | BG24: =+IF(BE24="N/A","N/A",AVERAGE(BE24:BF24)) -> 15837.507 | BI24: 18768.8 | BL24: 21273.157 | BM24: =+IF(BI24="N/A","N/A",MIN(BI24:BL24)) -> 18768.8 | BN24: =+IF(BI24="N/A","N/A",ROUND(AVERAGE(BI24:BL24),0)) -> 20021 | BO24: =+IF(BM24="N/A","N/A",AVERAGE(BM24:BN24)) -> 19394.9 | BQ24: 18768.8 | BT24: 21657.719 | BU24: =+IF(BQ24="N/A","N/A",MIN(BQ24:BT24)) -> 18768.8 | BV24: =+IF(BQ24="N/A","N/A",ROUND(AVERAGE(BQ24:BT24),0)) -> 20213 | BW24: =+IF(BU24="N/A","N/A",AVERAGE(BU24:BV24)) -> 19490.9 | CB24: 21273.157 | CC24: =+IF(BY24="N/A","N/A",MIN(BY24:CB24)) -> 21273.157 | CD24: =+IF(BY24="N/A","N/A",ROUND(AVERAGE(BY24:CB24),0)) -> 21273 | CE24: =+IF(CC24="N/A","N/A",AVERAGE(CC24:CD24)) -> 21273.078 | CG24: 19925.9 | CJ24: 21273.157 | CK24: =+IF(CG24="N/A","N/A",MIN(CG24:CJ24)) -> 19925.9 | CL24: =+IF(CG24="N/A","N/A",ROUND(AVERAGE(CG24:CJ24),0)) -> 20600 | CM24: =+IF(CK24="N/A","N/A",AVERAGE(CK24:CL24)) -> 20262.95 | CR24: 22434.977 | CS24: =+IF(CO24="N/A","N/A",MIN(CO24:CR24)) -> 22434.977 | CT24: =+IF(CO24="N/A","N/A",ROUND(AVERAGE(CO24:CR24),0)) -> 22435 | CU24: =+IF(CS24="N/A","N/A",AVERAGE(CS24:CT24)) -> 22434.988 | CW24: 18768.8 | CZ24: 15244.285 | DA24: =+IF(CW24="N/A","N/A",MIN(CW24:CZ24)) -> 15244.285 | DB24: =+IF(CW24="N/A","N/A",ROUND(AVERAGE(CW24:CZ24),0)) -> 17007 | DC24: =+IF(DA24="N/A","N/A",AVERAGE(DA24:DB24)) -> 16125.643 | DE24: 16999.438 | DH24: 11657.479 | DI24: =+IF(DE24="N/A","N/A",MIN(DE24:DH24)) -> 11657.479 | DJ24: =+IF(DE24="N/A","N/A",ROUND(AVERAGE(DE24:DH24),0)) -> 14328 | DK24: =+IF(DI24="N/A","N/A",AVERAGE(DI24:DJ24)) -> 12992.74
A25: 10 | B25: Interiores De Bomba | C25: 1 | E25: 220291.47 | H25: 132121.01 | I25: =+IF(E25="N/A","N/A",MIN(E25:H25)) -> 132121.01 | J25: =+IF(E25="N/A","N/A",ROUND(AVERAGE(E25:H25),0)) -> 176206 | K25: =+IF(I25="N/A","N/A",AVERAGE(I25:J25)) -> 154163.5 | M25: 233798.42 | P25: 86067.44 | Q25: =+IF(M25="N/A","N/A",MIN(M25:P25)) -> 86067.44 | R25: =+IF(M25="N/A","N/A",ROUND(AVERAGE(M25:P25),0)) -> 159933 | S25: =+IF(Q25="N/A","N/A",AVERAGE(Q25:R25)) -> 123000.22 | U25: 668545.35 | X25: 82599.043 | Y25: =+IF(U25="N/A","N/A",MIN(U25:X25)) -> 82599.043 | Z25: =+IF(U25="N/A","N/A",ROUND(AVERAGE(U25:X25),0)) -> 375572 | AA25: =+IF(Y25="N/A","N/A",AVERAGE(Y25:Z25)) -> 229085.52 | AC25: 242553.75 | AF25: 98223.05 | AG25: =+IF(AC25="N/A","N/A",MIN(AC25:AF25)) -> 98223.05 | AH25: =+IF(AC25="N/A","N/A",ROUND(AVERAGE(AC25:AF25),0)) -> 170388 | AI25: =+IF(AG25="N/A","N/A",AVERAGE(AG25:AH25)) -> 134305.52 | AK25: 267309.2 | AN25: 85993.527 | AO25: =+IF(AK25="N/A","N/A",MIN(AK25:AN25)) -> 85993.527 | AP25: =+IF(AK25="N/A","N/A",ROUND(AVERAGE(AK25:AN25),0)) -> 176651 | AQ25: =+IF(AO25="N/A","N/A",AVERAGE(AO25:AP25)) -> 131322.26 | AV25: 113252.19 | AW25: =+IF(AS25="N/A","N/A",MIN(AS25:AV25)) -> 113252.19 | AX25: =+IF(AS25="N/A","N/A",ROUND(AVERAGE(AS25:AV25),0)) -> 113252 | AY25: =+IF(AW25="N/A","N/A",AVERAGE(AW25:AX25)) -> 113252.09 | BA25: 272105.24 | BD25: 96755.176 | BE25: =+IF(BA25="N/A","N/A",MIN(BA25:BD25)) -> 96755.176 | BF25: =+IF(BA25="N/A","N/A",ROUND(AVERAGE(BA25:BD25),0)) -> 184430 | BG25: =+IF(BE25="N/A","N/A",AVERAGE(BE25:BF25)) -> 140592.59 | BI25: 285882 | BL25: 168716.71 | BM25: =+IF(BI25="N/A","N/A",MIN(BI25:BL25)) -> 168716.71 | BN25: =+IF(BI25="N/A","N/A",ROUND(AVERAGE(BI25:BL25),0)) -> 227299 | BO25: =+IF(BM25="N/A","N/A",AVERAGE(BM25:BN25)) -> 198007.86 | BQ25: 285882 | BT25: 173214.93 | BU25: =+IF(BQ25="N/A","N/A",MIN(BQ25:BT25)) -> 173214.93 | BV25: =+IF(BQ25="N/A","N/A",ROUND(AVERAGE(BQ25:BT25),0)) -> 229548 | BW25: =+IF(BU25="N/A","N/A",AVERAGE(BU25:BV25)) -> 201381.47 | CB25: 156517.6 | CC25: =+IF(BY25="N/A","N/A",MIN(BY25:CB25)) -> 156517.6 | CD25: =+IF(BY25="N/A","N/A",ROUND(AVERAGE(BY25:CB25),0)) -> 156518 | CE25: =+IF(CC25="N/A","N/A",AVERAGE(CC25:CD25)) -> 156517.8 | CG25: 295330.2 | CJ25: 162326.7 | CK25: =+IF(CG25="N/A","N/A",MIN(CG25:CJ25)) -> 162326.7 | CL25: =+IF(CG25="N/A","N/A",ROUND(AVERAGE(CG25:CJ25),0)) -> 228828 | CM25: =+IF(CK25="N/A","N/A",AVERAGE(CK25:CL25)) -> 195577.35 | CR25: 168716.71 | CS25: =+IF(CO25="N/A","N/A",MIN(CO25:CR25)) -> 168716.71 | CT25: =+IF(CO25="N/A","N/A",ROUND(AVERAGE(CO25:CR25),0)) -> 168717 | CU25: =+IF(CS25="N/A","N/A",AVERAGE(CS25:CT25)) -> 168716.86 | CW25: 285882 | CZ25: 100792.23 | DA25: =+IF(CW25="N/A","N/A",MIN(CW25:CZ25)) -> 100792.23 | DB25: =+IF(CW25="N/A","N/A",ROUND(AVERAGE(CW25:CZ25),0)) -> 193337 | DC25: =+IF(DA25="N/A","N/A",AVERAGE(DA25:DB25)) -> 147064.62 | DH25: 86045.434 | DI25: =+IF(DE25="N/A","N/A",MIN(DE25:DH25)) -> 86045.434 | DJ25: =+IF(DE25="N/A","N/A",ROUND(AVERAGE(DE25:DH25),0)) -> 86045 | DK25: =+IF(DI25="N/A","N/A",AVERAGE(DI25:DJ25)) -> 86045.217
B26: SINCRONIZACIÓN
A27: 11 | B27: Bujía | C27: 1 | E27: 92325.325 | H27: 17589.49 | I27: =+IF(E27="N/A","N/A",MIN(E27:H27)) -> 17589.49 | J27: =+IF(E27="N/A","N/A",ROUND(AVERAGE(E27:H27),0)) -> 54957 | K27: =+IF(I27="N/A","N/A",AVERAGE(I27:J27)) -> 36273.245 | M27: 87439.681 | P27: 17718.873 | Q27: =+IF(M27="N/A","N/A",MIN(M27:P27)) -> 17718.873 | R27: =+IF(M27="N/A","N/A",ROUND(AVERAGE(M27:P27),0)) -> 52579 | S27: =+IF(Q27="N/A","N/A",AVERAGE(Q27:R27)) -> 35148.936 | U27: 40675.088 | X27: 12124.352 | Y27: =+IF(U27="N/A","N/A",MIN(U27:X27)) -> 12124.352 | Z27: =+IF(U27="N/A","N/A",ROUND(AVERAGE(U27:X27),0)) -> 26400 | AA27: =+IF(Y27="N/A","N/A",AVERAGE(Y27:Z27)) -> 19262.176 | AC27: 40981.555 | AF27: 17111.219 | AG27: =+IF(AC27="N/A","N/A",MIN(AC27:AF27)) -> 17111.219 | AH27: =+IF(AC27="N/A","N/A",ROUND(AVERAGE(AC27:AF27),0)) -> 29046 | AI27: =+IF(AG27="N/A","N/A",AVERAGE(AG27:AH27)) -> 23078.61 | AK27: 85879.2 | AN27: 11995.45 | AO27: =+IF(AK27="N/A","N/A",MIN(AK27:AN27)) -> 11995.45 | AP27: =+IF(AK27="N/A","N/A",ROUND(AVERAGE(AK27:AN27),0)) -> 48937 | AQ27: =+IF(AO27="N/A","N/A",AVERAGE(AO27:AP27)) -> 30466.225 | AV27: 13941.186 | AW27: =+IF(AS27="N/A","N/A",MIN(AS27:AV27)) -> 13941.186 | AX27: =+IF(AS27="N/A","N/A",ROUND(AVERAGE(AS27:AV27),0)) -> 13941 | AY27: =+IF(AW27="N/A","N/A",AVERAGE(AW27:AX27)) -> 13941.093 | BA27: 37565.588 | BD27: 14002.455 | BE27: =+IF(BA27="N/A","N/A",MIN(BA27:BD27)) -> 14002.455 | BF27: =+IF(BA27="N/A","N/A",ROUND(AVERAGE(BA27:BD27),0)) -> 25784 | BG27: =+IF(BE27="N/A","N/A",AVERAGE(BE27:BF27)) -> 19893.227 | BI27: 91109 | BL27: 34466.087 | BM27: =+IF(BI27="N/A","N/A",MIN(BI27:BL27)) -> 34466.087 | BN27: =+IF(BI27="N/A","N/A",ROUND(AVERAGE(BI27:BL27),0)) -> 62788 | BO27: =+IF(BM27="N/A","N/A",AVERAGE(BM27:BN27)) -> 48627.044 | BQ27: 91109 | BT27: 35008.076 | BU27: =+IF(BQ27="N/A","N/A",MIN(BQ27:BT27)) -> 35008.076 | BV27: =+IF(BQ27="N/A","N/A",ROUND(AVERAGE(BQ27:BT27),0)) -> 63059 | BW27: =+IF(BU27="N/A","N/A",AVERAGE(BU27:BV27)) -> 49033.538 | CB27: 34466.087 | CC27: =+IF(BY27="N/A","N/A",MIN(BY27:CB27)) -> 34466.087 | CD27: =+IF(BY27="N/A","N/A",ROUND(AVERAGE(BY27:CB27),0)) -> 34466 | CE27: =+IF(CC27="N/A","N/A",AVERAGE(CC27:CD27)) -> 34466.044 | CG27: 96034.9 | CJ27: 34466.087 | CK27: =+IF(CG27="N/A","N/A",MIN(CG27:CJ27)) -> 34466.087 | CL27: =+IF(CG27="N/A","N/A",ROUND(AVERAGE(CG27:CJ27),0)) -> 65250 | CM27: =+IF(CK27="N/A","N/A",AVERAGE(CK27:CL27)) -> 49858.044 | CR27: 24590.617 | CS27: =+IF(CO27="N/A","N/A",MIN(CO27:CR27)) -> 24590.617 | CT27: =+IF(CO27="N/A","N/A",ROUND(AVERAGE(CO27:CR27),0)) -> 24591 | CU27: =+IF(CS27="N/A","N/A",AVERAGE(CS27:CT27)) -> 24590.809 | CW27: 91109 | CZ27: 15097.881 | DA27: =+IF(CW27="N/A","N/A",MIN(CW27:CZ27)) -> 15097.881 | DB27: =+IF(CW27="N/A","N/A",ROUND(AVERAGE(CW27:CZ27),0)) -> 53103 | DC27: =+IF(DA27="N/A","N/A",AVERAGE(DA27:DB27)) -> 34100.441 | DE27: 37137.064 | DH27: 12160.339 | DI27: =+IF(DE27="N/A","N/A",MIN(DE27:DH27)) -> 12160.339 | DJ27: =+IF(DE27="N/A","N/A",ROUND(AVERAGE(DE27:DH27),0)) -> 24649 | DK27: =+IF(DI27="N/A","N/A",AVERAGE(DI27:DJ27)) -> 18404.67
A28: 12 | B28: Filtro Aire | C28: 1 | E28: 63100.751 | H28: 56827.869 | I28: =+IF(E28="N/A","N/A",MIN(E28:H28)) -> 56827.869 | J28: =+IF(E28="N/A","N/A",ROUND(AVERAGE(E28:H28),0)) -> 59964 | K28: =+IF(I28="N/A","N/A",AVERAGE(I28:J28)) -> 58395.935 | M28: 93837.863 | P28: 38310.013 | Q28: =+IF(M28="N/A","N/A",MIN(M28:P28)) -> 38310.013 | R28: =+IF(M28="N/A","N/A",ROUND(AVERAGE(M28:P28),0)) -> 66074 | S28: =+IF(Q28="N/A","N/A",AVERAGE(Q28:R28)) -> 52192.007 | U28: 96106.598 | X28: 32655.814 | Y28: =+IF(U28="N/A","N/A",MIN(U28:X28)) -> 32655.814 | Z28: =+IF(U28="N/A","N/A",ROUND(AVERAGE(U28:X28),0)) -> 64381 | AA28: =+IF(Y28="N/A","N/A",AVERAGE(Y28:Z28)) -> 48518.407 | AC28: 130605.87 | AF28: 39866.728 | AG28: =+IF(AC28="N/A","N/A",MIN(AC28:AF28)) -> 39866.728 | AH28: =+IF(AC28="N/A","N/A",ROUND(AVERAGE(AC28:AF28),0)) -> 85236 | AI28: =+IF(AG28="N/A","N/A",AVERAGE(AG28:AH28)) -> 62551.364 | AK28: 152476.76 | AN28: 32120.721 | AO28: =+IF(AK28="N/A","N/A",MIN(AK28:AN28)) -> 32120.721 | AP28: =+IF(AK28="N/A","N/A",ROUND(AVERAGE(AK28:AN28),0)) -> 92299 | AQ28: =+IF(AO28="N/A","N/A",AVERAGE(AO28:AP28)) -> 62209.86 | AV28: 35643.466 | AW28: =+IF(AS28="N/A","N/A",MIN(AS28:AV28)) -> 35643.466 | AX28: =+IF(AS28="N/A","N/A",ROUND(AVERAGE(AS28:AV28),0)) -> 35643 | AY28: =+IF(AW28="N/A","N/A",AVERAGE(AW28:AX28)) -> 35643.233 | BA28: 114901.29 | BD28: 19868.919 | BE28: =+IF(BA28="N/A","N/A",MIN(BA28:BD28)) -> 19868.919 | BF28: =+IF(BA28="N/A","N/A",ROUND(AVERAGE(BA28:BD28),0)) -> 67385 | BG28: =+IF(BE28="N/A","N/A",AVERAGE(BE28:BF28)) -> 43626.96 | BI28: 122623.6 | BL28: 70118.858 | BM28: =+IF(BI28="N/A","N/A",MIN(BI28:BL28)) -> 70118.858 | BN28: =+IF(BI28="N/A","N/A",ROUND(AVERAGE(BI28:BL28),0)) -> 96371 | BO28: =+IF(BM28="N/A","N/A",AVERAGE(BM28:BN28)) -> 83244.929 | BQ28: 122623.6 | BT28: 71786.302 | BU28: =+IF(BQ28="N/A","N/A",MIN(BQ28:BT28)) -> 71786.302 | BV28: =+IF(BQ28="N/A","N/A",ROUND(AVERAGE(BQ28:BT28),0)) -> 97205 | BW28: =+IF(BU28="N/A","N/A",AVERAGE(BU28:BV28)) -> 84495.651 | CB28: 67795.218 | CC28: =+IF(BY28="N/A","N/A",MIN(BY28:CB28)) -> 67795.218 | CD28: =+IF(BY28="N/A","N/A",ROUND(AVERAGE(BY28:CB28),0)) -> 67795 | CE28: =+IF(CC28="N/A","N/A",AVERAGE(CC28:CD28)) -> 67795.109 | CG28: 126982.2 | CJ28: 68957.038 | CK28: =+IF(CG28="N/A","N/A",MIN(CG28:CJ28)) -> 68957.038 | CL28: =+IF(CG28="N/A","N/A",ROUND(AVERAGE(CG28:CJ28),0)) -> 97970 | CM28: =+IF(CK28="N/A","N/A",AVERAGE(CK28:CL28)) -> 83463.519 | CR28: 70118.858 | CS28: =+IF(CO28="N/A","N/A",MIN(CO28:CR28)) -> 70118.858 | CT28: =+IF(CO28="N/A","N/A",ROUND(AVERAGE(CO28:CR28),0)) -> 70119 | CU28: =+IF(CS28="N/A","N/A",AVERAGE(CS28:CT28)) -> 70118.929 | CW28: 122623.6 | CZ28: 43382.859 | DA28: =+IF(CW28="N/A","N/A",MIN(CW28:CZ28)) -> 43382.859 | DB28: =+IF(CW28="N/A","N/A",ROUND(AVERAGE(CW28:CZ28),0)) -> 83003 | DC28: =+IF(DA28="N/A","N/A",AVERAGE(DA28:DB28)) -> 63192.929 | DE28: 81493.417 | DH28: 32289.062 | DI28: =+IF(DE28="N/A","N/A",MIN(DE28:DH28)) -> 32289.062 | DJ28: =+IF(DE28="N/A","N/A",ROUND(AVERAGE(DE28:DH28),0)) -> 56891 | DK28: =+IF(DI28="N/A","N/A",AVERAGE(DI28:DJ28)) -> 44590.031
A29: 13 | B29: Filtro Combustible | C29: 1 | E29: 52394.737 | H29: 39621.78 | I29: =+IF(E29="N/A","N/A",MIN(E29:H29)) -> 39621.78 | J29: =+IF(E29="N/A","N/A",ROUND(AVERAGE(E29:H29),0)) -> 46008 | K29: =+IF(I29="N/A","N/A",AVERAGE(I29:J29)) -> 42814.89 | M29: 73406.642 | P29: 45315.952 | Q29: =+IF(M29="N/A","N/A",MIN(M29:P29)) -> 45315.952 | R29: =+IF(M29="N/A","N/A",ROUND(AVERAGE(M29:P29),0)) -> 59361 | S29: =+IF(Q29="N/A","N/A",AVERAGE(Q29:R29)) -> 52338.476 | U29: N/A | V29: N/A | W29: N/A | X29: N/A | Y29: N/A | Z29: N/A | AA29: N/A | AC29: 135331.44 | AF29: 41327.547 | AG29: =+IF(AC29="N/A","N/A",MIN(AC29:AF29)) -> 41327.547 | AH29: =+IF(AC29="N/A","N/A",ROUND(AVERAGE(AC29:AF29),0)) -> 88329 | AI29: =+IF(AG29="N/A","N/A",AVERAGE(AG29:AH29)) -> 64828.274 | AK29: N/A | AL29: N/A | AM29: N/A | AN29: N/A | AO29: N/A | AP29: N/A | AQ29: N/A | AV29: 39799.92 | AW29: =+IF(AS29="N/A","N/A",MIN(AS29:AV29)) -> 39799.92 | AX29: =+IF(AS29="N/A","N/A",ROUND(AVERAGE(AS29:AV29),0)) -> 39800 | AY29: =+IF(AW29="N/A","N/A",AVERAGE(AW29:AX29)) -> 39799.96 | BA29: 126374.8 | BD29: 34541.291 | BE29: =+IF(BA29="N/A","N/A",MIN(BA29:BD29)) -> 34541.291 | BF29: =+IF(BA29="N/A","N/A",ROUND(AVERAGE(BA29:BD29),0)) -> 80458 | BG29: =+IF(BE29="N/A","N/A",AVERAGE(BE29:BF29)) -> 57499.645 | BI29: 136183 | BL29: 94657.658 | BM29: =+IF(BI29="N/A","N/A",MIN(BI29:BL29)) -> 94657.658 | BN29: =+IF(BI29="N/A","N/A",ROUND(AVERAGE(BI29:BL29),0)) -> 115420 | BO29: =+IF(BM29="N/A","N/A",AVERAGE(BM29:BN29)) -> 105038.83 | BQ29: 136183 | BT29: 97617.162 | BU29: =+IF(BQ29="N/A","N/A",MIN(BQ29:BT29)) -> 97617.162 | BV29: =+IF(BQ29="N/A","N/A",ROUND(AVERAGE(BQ29:BT29),0)) -> 116900 | BW29: =+IF(BU29="N/A","N/A",AVERAGE(BU29:BV29)) -> 107258.58 | CB29: 91636.926 | CC29: =+IF(BY29="N/A","N/A",MIN(BY29:CB29)) -> 91636.926 | CD29: =+IF(BY29="N/A","N/A",ROUND(AVERAGE(BY29:CB29),0)) -> 91637 | CE29: =+IF(CC29="N/A","N/A",AVERAGE(CC29:CD29)) -> 91636.963 | CG29: 141431.3 | CJ29: 86524.918 | CK29: =+IF(CG29="N/A","N/A",MIN(CG29:CJ29)) -> 86524.918 | CL29: =+IF(CG29="N/A","N/A",ROUND(AVERAGE(CG29:CJ29),0)) -> 113978 | CM29: =+IF(CK29="N/A","N/A",AVERAGE(CK29:CL29)) -> 100251.46 | CR29: 94657.658 | CS29: =+IF(CO29="N/A","N/A",MIN(CO29:CR29)) -> 94657.658 | CT29: =+IF(CO29="N/A","N/A",ROUND(AVERAGE(CO29:CR29),0)) -> 94658 | CU29: =+IF(CS29="N/A","N/A",AVERAGE(CS29:CT29)) -> 94657.829 | CW29: 136183 | CZ29: 60015.031 | DA29: =+IF(CW29="N/A","N/A",MIN(CW29:CZ29)) -> 60015.031 | DB29: =+IF(CW29="N/A","N/A",ROUND(AVERAGE(CW29:CZ29),0)) -> 98099 | DC29: =+IF(DA29="N/A","N/A",AVERAGE(DA29:DB29)) -> 79057.016 | DE29: 120053.7 | DH29: 37591.605 | DI29: =+IF(DE29="N/A","N/A",MIN(DE29:DH29)) -> 37591.605 | DJ29: =+IF(DE29="N/A","N/A",ROUND(AVERAGE(DE29:DH29),0)) -> 78823 | DK29: =+IF(DI29="N/A","N/A",AVERAGE(DI29:DJ29)) -> 58207.302
A30: 14 | B30: Juego Cables De Alta | C30: 1 | E30: N/A | F30: N/A | G30: N/A | H30: N/A | I30: N/A | J30: N/A | K30: N/A | M30: N/A | N30: N/A | O30: N/A | P30: N/A | Q30: N/A | R30: N/A | S30: N/A | U30: N/A | V30: N/A | W30: N/A | X30: N/A | Y30: N/A | Z30: N/A | AA30: N/A | AF30: 123351.57 | AG30: =+IF(AC30="N/A","N/A",MIN(AC30:AF30)) -> 123351.57 | AH30: =+IF(AC30="N/A","N/A",ROUND(AVERAGE(AC30:AF30),0)) -> 123352 | AI30: =+IF(AG30="N/A","N/A",AVERAGE(AG30:AH30)) -> 123351.78 | AK30: N/A | AL30: N/A | AM30: N/A | AN30: N/A | AO30: N/A | AP30: N/A | AQ30: N/A | AV30: 117102.04 | AW30: =+IF(AS30="N/A","N/A",MIN(AS30:AV30)) -> 117102.04 | AX30: =+IF(AS30="N/A","N/A",ROUND(AVERAGE(AS30:AV30),0)) -> 117102 | AY30: =+IF(AW30="N/A","N/A",AVERAGE(AW30:AX30)) -> 117102.02 | BA30: 256726.15 | BD30: 123696.57 | BE30: =+IF(BA30="N/A","N/A",MIN(BA30:BD30)) -> 123696.57 | BF30: =+IF(BA30="N/A","N/A",ROUND(AVERAGE(BA30:BD30),0)) -> 190211 | BG30: =+IF(BE30="N/A","N/A",AVERAGE(BE30:BF30)) -> 156953.78 | BI30: N/A | BJ30: N/A | BK30: N/A | BL30: N/A | BM30: N/A | BN30: N/A | BO30: N/A | BQ30: N/A | BR30: N/A | BS30: N/A | BT30: N/A | BU30: N/A | BV30: N/A | BW30: N/A | BY30: N/A | BZ30: N/A | CA30: N/A | CB30: N/A | CC30: N/A | CD30: N/A | CE30: N/A | CG30: N/A | CH30: N/A | CI30: N/A | CJ30: N/A | CK30: N/A | CL30: N/A | CM30: N/A | CO30: N/A | CP30: N/A | CQ30: N/A | CR30: N/A | CS30: N/A | CT30: N/A | CU30: N/A | CW30: N/A | CX30: N/A | CY30: N/A | CZ30: N/A | DA30: N/A | DB30: N/A | DC30: N/A | DE30: N/A | DF30: N/A | DG30: N/A | DH30: N/A | DI30: N/A | DJ30: N/A | DK30: N/A
A31: 15 | B31: Filtro De Aceite | C31: 1 | E31: 64341.005 | H31: 30743.268 | I31: =+IF(E31="N/A","N/A",MIN(E31:H31)) -> 30743.268 | J31: =+IF(E31="N/A","N/A",ROUND(AVERAGE(E31:H31),0)) -> 47542 | K31: =+IF(I31="N/A","N/A",AVERAGE(I31:J31)) -> 39142.634 | M31: 82318.755 | P31: 23395.075 | Q31: =+IF(M31="N/A","N/A",MIN(M31:P31)) -> 23395.075 | R31: =+IF(M31="N/A","N/A",ROUND(AVERAGE(M31:P31),0)) -> 52857 | S31: =+IF(Q31="N/A","N/A",AVERAGE(Q31:R31)) -> 38126.038 | U31: 69721.465 | X31: 16086.535 | Y31: =+IF(U31="N/A","N/A",MIN(U31:X31)) -> 16086.535 | Z31: =+IF(U31="N/A","N/A",ROUND(AVERAGE(U31:X31),0)) -> 42904 | AA31: =+IF(Y31="N/A","N/A",AVERAGE(Y31:Z31)) -> 29495.267 | AC31: 89666.073 | AF31: 21973.739 | AG31: =+IF(AC31="N/A","N/A",MIN(AC31:AF31)) -> 21973.739 | AH31: =+IF(AC31="N/A","N/A",ROUND(AVERAGE(AC31:AF31),0)) -> 55820 | AI31: =+IF(AG31="N/A","N/A",AVERAGE(AG31:AH31)) -> 38896.869 | AK31: 114169.6 | AN31: 15810.369 | AO31: =+IF(AK31="N/A","N/A",MIN(AK31:AN31)) -> 15810.369 | AP31: =+IF(AK31="N/A","N/A",ROUND(AVERAGE(AK31:AN31),0)) -> 64990 | AQ31: =+IF(AO31="N/A","N/A",AVERAGE(AO31:AP31)) -> 40400.185 | AV31: 23661.751 | AW31: =+IF(AS31="N/A","N/A",MIN(AS31:AV31)) -> 23661.751 | AX31: =+IF(AS31="N/A","N/A",ROUND(AVERAGE(AS31:AV31),0)) -> 23662 | AY31: =+IF(AW31="N/A","N/A",AVERAGE(AW31:AX31)) -> 23661.876 | BA31: 89523.392 | BD31: 21936.652 | BE31: =+IF(BA31="N/A","N/A",MIN(BA31:BD31)) -> 21936.652 | BF31: =+IF(BA31="N/A","N/A",ROUND(AVERAGE(BA31:BD31),0)) -> 55730 | BG31: =+IF(BE31="N/A","N/A",AVERAGE(BE31:BF31)) -> 38833.326 | BI31: 46180.7 | BL31: 30720.031 | BM31: =+IF(BI31="N/A","N/A",MIN(BI31:BL31)) -> 30720.031 | BN31: =+IF(BI31="N/A","N/A",ROUND(AVERAGE(BI31:BL31),0)) -> 38450 | BO31: =+IF(BM31="N/A","N/A",AVERAGE(BM31:BN31)) -> 34585.016 | BQ31: 46180.7 | BT31: 33327.271 | BU31: =+IF(BQ31="N/A","N/A",MIN(BQ31:BT31)) -> 33327.271 | BV31: =+IF(BQ31="N/A","N/A",ROUND(AVERAGE(BQ31:BT31),0)) -> 39754 | BW31: =+IF(BU31="N/A","N/A",AVERAGE(BU31:BV31)) -> 36540.636 | CB31: 30720.031 | CC31: =+IF(BY31="N/A","N/A",MIN(BY31:CB31)) -> 30720.031 | CD31: =+IF(BY31="N/A","N/A",ROUND(AVERAGE(BY31:CB31),0)) -> 30720 | CE31: =+IF(CC31="N/A","N/A",AVERAGE(CC31:CD31)) -> 30720.016 | CG31: 47544.7 | CJ31: 30720.031 | CK31: =+IF(CG31="N/A","N/A",MIN(CG31:CJ31)) -> 30720.031 | CL31: =+IF(CG31="N/A","N/A",ROUND(AVERAGE(CG31:CJ31),0)) -> 39132 | CM31: =+IF(CK31="N/A","N/A",AVERAGE(CK31:CL31)) -> 34926.016 | CR31: 30720.031 | CS31: =+IF(CO31="N/A","N/A",MIN(CO31:CR31)) -> 30720.031 | CT31: =+IF(CO31="N/A","N/A",ROUND(AVERAGE(CO31:CR31),0)) -> 30720 | CU31: =+IF(CS31="N/A","N/A",AVERAGE(CS31:CT31)) -> 30720.016 | CW31: 46180.7 | CZ31: 24828.835 | DA31: =+IF(CW31="N/A","N/A",MIN(CW31:CZ31)) -> 24828.835 | DB31: =+IF(CW31="N/A","N/A",ROUND(AVERAGE(CW31:CZ31),0)) -> 35505 | DC31: =+IF(DA31="N/A","N/A",AVERAGE(DA31:DB31)) -> 30166.917 | DE31: 41130.149 | DH31: 22484.382 | DI31: =+IF(DE31="N/A","N/A",MIN(DE31:DH31)) -> 22484.382 | DJ31: =+IF(DE31="N/A","N/A",ROUND(AVERAGE(DE31:DH31),0)) -> 31807 | DK31: =+IF(DI31="N/A","N/A",AVERAGE(DI31:DJ31)) -> 27145.691
A32: 16 | B32: Filtro Trampa | C32: 1 | E32: 55608.24 | H32: 49664.784 | I32: =+IF(E32="N/A","N/A",MIN(E32:H32)) -> 49664.784 | J32: =+IF(E32="N/A","N/A",ROUND(AVERAGE(E32:H32),0)) -> 52637 | K32: =+IF(I32="N/A","N/A",AVERAGE(I32:J32)) -> 51150.892 | M32: 82128.687 | P32: 53902.292 | Q32: =+IF(M32="N/A","N/A",MIN(M32:P32)) -> 53902.292 | R32: =+IF(M32="N/A","N/A",ROUND(AVERAGE(M32:P32),0)) -> 68015 | S32: =+IF(Q32="N/A","N/A",AVERAGE(Q32:R32)) -> 60958.646 | U32: N/A | V32: N/A | W32: N/A | X32: N/A | Y32: N/A | Z32: N/A | AA32: N/A | AC32: N/A | AD32: N/A | AE32: N/A | AF32: N/A | AG32: N/A | AH32: N/A | AI32: N/A | AK32: N/A | AL32: N/A | AM32: N/A | AN32: N/A | AO32: N/A | AP32: N/A | AQ32: N/A | AS32: N/A | AT32: N/A | AU32: N/A | AV32: N/A | AW32: N/A | AX32: N/A | AY32: N/A | BA32: N/A | BB32: N/A | BC32: N/A | BD32: N/A | BE32: N/A | BF32: N/A | BG32: N/A | BI32: 72416 | BL32: 74904.394 | BM32: =+IF(BI32="N/A","N/A",MIN(BI32:BL32)) -> 72416 | BN32: =+IF(BI32="N/A","N/A",ROUND(AVERAGE(BI32:BL32),0)) -> 73660 | BO32: =+IF(BM32="N/A","N/A",AVERAGE(BM32:BN32)) -> 73038 | BQ32: 72416 | BT32: 79954.942 | BU32: =+IF(BQ32="N/A","N/A",MIN(BQ32:BT32)) -> 72416 | BV32: =+IF(BQ32="N/A","N/A",ROUND(AVERAGE(BQ32:BT32),0)) -> 76185 | BW32: =+IF(BU32="N/A","N/A",AVERAGE(BU32:BV32)) -> 74300.5 | CB32: 74323.484 | CC32: =+IF(BY32="N/A","N/A",MIN(BY32:CB32)) -> 74323.484 | CD32: =+IF(BY32="N/A","N/A",ROUND(AVERAGE(BY32:CB32),0)) -> 74323 | CE32: =+IF(CC32="N/A","N/A",AVERAGE(CC32:CD32)) -> 74323.242 | CG32: 75472.6 | CJ32: 72580.754 | CK32: =+IF(CG32="N/A","N/A",MIN(CG32:CJ32)) -> 72580.754 | CL32: =+IF(CG32="N/A","N/A",ROUND(AVERAGE(CG32:CJ32),0)) -> 74027 | CM32: =+IF(CK32="N/A","N/A",AVERAGE(CK32:CL32)) -> 73303.877 | CR32: 74904.394 | CS32: =+IF(CO32="N/A","N/A",MIN(CO32:CR32)) -> 74904.394 | CT32: =+IF(CO32="N/A","N/A",ROUND(AVERAGE(CO32:CR32),0)) -> 74904 | CU32: =+IF(CS32="N/A","N/A",AVERAGE(CS32:CT32)) -> 74904.197 | CW32: 72416 | CZ32: 69355.008 | DA32: =+IF(CW32="N/A","N/A",MIN(CW32:CZ32)) -> 69355.008 | DB32: =+IF(CW32="N/A","N/A",ROUND(AVERAGE(CW32:CZ32),0)) -> 70886 | DC32: =+IF(DA32="N/A","N/A",AVERAGE(DA32:DB32)) -> 70120.504 | DE32: N/A | DF32: N/A | DG32: N/A | DH32: N/A | DI32: N/A | DJ32: N/A | DK32: N/A
A33: 17 | B33: Inyector | C33: 1 | H33: 575340.47 | I33: =+IF(E33="N/A","N/A",MIN(E33:H33)) -> 575340.47 | J33: =+IF(E33="N/A","N/A",ROUND(AVERAGE(E33:H33),0)) -> 575340 | K33: =+IF(I33="N/A","N/A",AVERAGE(I33:J33)) -> 575340.23 | P33: 494862.68 | Q33: =+IF(M33="N/A","N/A",MIN(M33:P33)) -> 494862.68 | R33: =+IF(M33="N/A","N/A",ROUND(AVERAGE(M33:P33),0)) -> 494863 | S33: =+IF(Q33="N/A","N/A",AVERAGE(Q33:R33)) -> 494862.84 | X33: 318291.16 | Y33: =+IF(U33="N/A","N/A",MIN(U33:X33)) -> 318291.16 | Z33: =+IF(U33="N/A","N/A",ROUND(AVERAGE(U33:X33),0)) -> 318291 | AA33: =+IF(Y33="N/A","N/A",AVERAGE(Y33:Z33)) -> 318291.08 | AC33: 1344747.4 | AF33: 418594.35 | AG33: =+IF(AC33="N/A","N/A",MIN(AC33:AF33)) -> 418594.35 | AH33: =+IF(AC33="N/A","N/A",ROUND(AVERAGE(AC33:AF33),0)) -> 881671 | AI33: =+IF(AG33="N/A","N/A",AVERAGE(AG33:AH33)) -> 650132.68 | AK33: 1105918.2 | AN33: 302257.61 | AO33: =+IF(AK33="N/A","N/A",MIN(AK33:AN33)) -> 302257.61 | AP33: =+IF(AK33="N/A","N/A",ROUND(AVERAGE(AK33:AN33),0)) -> 704088 | AQ33: =+IF(AO33="N/A","N/A",AVERAGE(AO33:AP33)) -> 503172.8 | AV33: 424179.65 | AW33: =+IF(AS33="N/A","N/A",MIN(AS33:AV33)) -> 424179.65 | AX33: =+IF(AS33="N/A","N/A",ROUND(AVERAGE(AS33:AV33),0)) -> 424180 | AY33: =+IF(AW33="N/A","N/A",AVERAGE(AW33:AX33)) -> 424179.83 | BD33: 348212.02 | BE33: =+IF(BA33="N/A","N/A",MIN(BA33:BD33)) -> 348212.02 | BF33: =+IF(BA33="N/A","N/A",ROUND(AVERAGE(BA33:BD33),0)) -> 348212 | BG33: =+IF(BE33="N/A","N/A",AVERAGE(BE33:BF33)) -> 348212.01 | BI33: 1813035 | BL33: 856928.69 | BM33: =+IF(BI33="N/A","N/A",MIN(BI33:BL33)) -> 856928.69 | BN33: =+IF(BI33="N/A","N/A",ROUND(AVERAGE(BI33:BL33),0)) -> 1334982 | BO33: =+IF(BM33="N/A","N/A",AVERAGE(BM33:BN33)) -> 1095955.3 | BQ33: 1813035 | BT33: 1043699.9 | BU33: =+IF(BQ33="N/A","N/A",MIN(BQ33:BT33)) -> 1043699.9 | BV33: =+IF(BQ33="N/A","N/A",ROUND(AVERAGE(BQ33:BT33),0)) -> 1428367 | BW33: =+IF(BU33="N/A","N/A",AVERAGE(BU33:BV33)) -> 1236033.4 | CB33: 917343.33 | CC33: =+IF(BY33="N/A","N/A",MIN(BY33:CB33)) -> 917343.33 | CD33: =+IF(BY33="N/A","N/A",ROUND(AVERAGE(BY33:CB33),0)) -> 917343 | CE33: =+IF(CC33="N/A","N/A",AVERAGE(CC33:CD33)) -> 917343.16 | CG33: 1864138.5 | CJ33: 903401.49 | CK33: =+IF(CG33="N/A","N/A",MIN(CG33:CJ33)) -> 903401.49 | CL33: =+IF(CG33="N/A","N/A",ROUND(AVERAGE(CG33:CJ33),0)) -> 1383770 | CM33: =+IF(CK33="N/A","N/A",AVERAGE(CK33:CL33)) -> 1143585.7 | CR33: 856928.69 | CS33: =+IF(CO33="N/A","N/A",MIN(CO33:CR33)) -> 856928.69 | CT33: =+IF(CO33="N/A","N/A",ROUND(AVERAGE(CO33:CR33),0)) -> 856929 | CU33: =+IF(CS33="N/A","N/A",AVERAGE(CS33:CT33)) -> 856928.84 | CW33: 1813035 | CZ33: 564086.56 | DA33: =+IF(CW33="N/A","N/A",MIN(CW33:CZ33)) -> 564086.56 | DB33: =+IF(CW33="N/A","N/A",ROUND(AVERAGE(CW33:CZ33),0)) -> 1188561 | DC33: =+IF(DA33="N/A","N/A",AVERAGE(DA33:DB33)) -> 876323.78 | DE33: 968109.77 | DH33: 396211.91 | DI33: =+IF(DE33="N/A","N/A",MIN(DE33:DH33)) -> 396211.91 | DJ33: =+IF(DE33="N/A","N/A",ROUND(AVERAGE(DE33:DH33),0)) -> 682161 | DK33: =+IF(DI33="N/A","N/A",AVERAGE(DI33:DJ33)) -> 539186.46
A34: 18 | B34: Bomba De Inyección | C34: 1 | H34: 5745782.1 | I34: =+IF(E34="N/A","N/A",MIN(E34:H34)) -> 5745782.1 | J34: =+IF(E34="N/A","N/A",ROUND(AVERAGE(E34:H34),0)) -> 5745782 | K34: =+IF(I34="N/A","N/A",AVERAGE(I34:J34)) -> 5745782 | P34: 5859897.7 | Q34: =+IF(M34="N/A","N/A",MIN(M34:P34)) -> 5859897.7 | R34: =+IF(M34="N/A","N/A",ROUND(AVERAGE(M34:P34),0)) -> 5859898 | S34: =+IF(Q34="N/A","N/A",AVERAGE(Q34:R34)) -> 5859897.8 | U34: N/A | V34: N/A | W34: N/A | X34: N/A | Y34: N/A | Z34: N/A | AA34: N/A | AC34: N/A | AD34: N/A | AE34: N/A | AF34: N/A | AG34: N/A | AH34: N/A | AI34: N/A | AK34: N/A | AL34: N/A | AM34: N/A | AN34: N/A | AO34: N/A | AP34: N/A | AQ34: N/A | AS34: N/A | AT34: N/A | AU34: N/A | AV34: N/A | AW34: N/A | AX34: N/A | AY34: N/A | BA34: N/A | BB34: N/A | BC34: N/A | BD34: N/A | BE34: N/A | BF34: N/A | BG34: N/A | BL34: 6838528.6 | BM34: =+IF(BI34="N/A","N/A",MIN(BI34:BL34)) -> 6838528.6 | BN34: =+IF(BI34="N/A","N/A",ROUND(AVERAGE(BI34:BL34),0)) -> 6838529 | BO34: =+IF(BM34="N/A","N/A",AVERAGE(BM34:BN34)) -> 6838528.8 | BT34: 7156408.2 | BU34: =+IF(BQ34="N/A","N/A",MIN(BQ34:BT34)) -> 7156408.2 | BV34: =+IF(BQ34="N/A","N/A",ROUND(AVERAGE(BQ34:BT34),0)) -> 7156408 | BW34: =+IF(BU34="N/A","N/A",AVERAGE(BU34:BV34)) -> 7156408.1 | CB34: 6943092.4 | CC34: =+IF(BY34="N/A","N/A",MIN(BY34:CB34)) -> 6943092.4 | CD34: =+IF(BY34="N/A","N/A",ROUND(AVERAGE(BY34:CB34),0)) -> 6943092 | CE34: =+IF(CC34="N/A","N/A",AVERAGE(CC34:CD34)) -> 6943092.2 | CJ34: 6896619.6 | CK34: =+IF(CG34="N/A","N/A",MIN(CG34:CJ34)) -> 6896619.6 | CL34: =+IF(CG34="N/A","N/A",ROUND(AVERAGE(CG34:CJ34),0)) -> 6896620 | CM34: =+IF(CK34="N/A","N/A",AVERAGE(CK34:CL34)) -> 6896619.8 | CR34: 6838528.6 | CS34: =+IF(CO34="N/A","N/A",MIN(CO34:CR34)) -> 6838528.6 | CT34: =+IF(CO34="N/A","N/A",ROUND(AVERAGE(CO34:CR34),0)) -> 6838529 | CU34: =+IF(CS34="N/A","N/A",AVERAGE(CS34:CT34)) -> 6838528.8 | CZ34: 6129454.6 | DA34: =+IF(CW34="N/A","N/A",MIN(CW34:CZ34)) -> 6129454.6 | DB34: =+IF(CW34="N/A","N/A",ROUND(AVERAGE(CW34:CZ34),0)) -> 6129455 | DC34: =+IF(DA34="N/A","N/A",AVERAGE(DA34:DB34)) -> 6129454.8 | DE34: N/A | DF34: N/A | DG34: N/A | DH34: N/A | DI34: N/A | DJ34: N/A | DK34: N/A
A35: 19 | B35: Oring Sellos | C35: 1 | E35: 9589482 | H35: 58739.76 | I35: =+IF(E35="N/A","N/A",MIN(E35:H35)) -> 58739.76 | J35: =+IF(E35="N/A","N/A",ROUND(AVERAGE(E35:H35),0)) -> 4824111 | K35: =+IF(I35="N/A","N/A",AVERAGE(I35:J35)) -> 2441425.4 | M35: 8604654.7 | P35: 34289.545 | Q35: =+IF(M35="N/A","N/A",MIN(M35:P35)) -> 34289.545 | R35: =+IF(M35="N/A","N/A",ROUND(AVERAGE(M35:P35),0)) -> 4319472 | S35: =+IF(Q35="N/A","N/A",AVERAGE(Q35:R35)) -> 2176880.8 | U35: N/A | V35: N/A | W35: N/A | X35: N/A | Y35: N/A | Z35: N/A | AA35: N/A | AF35: 33795.83 | AG35: =+IF(AC35="N/A","N/A",MIN(AC35:AF35)) -> 33795.83 | AH35: =+IF(AC35="N/A","N/A",ROUND(AVERAGE(AC35:AF35),0)) -> 33796 | AI35: =+IF(AG35="N/A","N/A",AVERAGE(AG35:AH35)) -> 33795.915 | AK35: N/A | AL35: N/A | AM35: N/A | AN35: N/A | AO35: N/A | AP35: N/A | AQ35: N/A | AV35: 28492.441 | AW35: =+IF(AS35="N/A","N/A",MIN(AS35:AV35)) -> 28492.441 | AX35: =+IF(AS35="N/A","N/A",ROUND(AVERAGE(AS35:AV35),0)) -> 28492 | AY35: =+IF(AW35="N/A","N/A",AVERAGE(AW35:AX35)) -> 28492.22 | BA35: 7473337.1 | BD35: 53488.915 | BE35: =+IF(BA35="N/A","N/A",MIN(BA35:BD35)) -> 53488.915 | BF35: =+IF(BA35="N/A","N/A",ROUND(AVERAGE(BA35:BD35),0)) -> 3763413 | BG35: =+IF(BE35="N/A","N/A",AVERAGE(BE35:BF35)) -> 1908451 | BI35: 7970196.1 | BL35: 67513.476 | BM35: =+IF(BI35="N/A","N/A",MIN(BI35:BL35)) -> 67513.476 | BN35: =+IF(BI35="N/A","N/A",ROUND(AVERAGE(BI35:BL35),0)) -> 4018855 | BO35: =+IF(BM35="N/A","N/A",AVERAGE(BM35:BN35)) -> 2043184.2 | BQ35: 7970196.1 | BT35: 73567.72 | BU35: =+IF(BQ35="N/A","N/A",MIN(BQ35:BT35)) -> 73567.72 | BV35: =+IF(BQ35="N/A","N/A",ROUND(AVERAGE(BQ35:BT35),0)) -> 4021882 | BW35: =+IF(BU35="N/A","N/A",AVERAGE(BU35:BV35)) -> 2047724.9 | CB35: 74484.396 | CC35: =+IF(BY35="N/A","N/A",MIN(BY35:CB35)) -> 74484.396 | CD35: =+IF(BY35="N/A","N/A",ROUND(AVERAGE(BY35:CB35),0)) -> 74484 | CE35: =+IF(CC35="N/A","N/A",AVERAGE(CC35:CD35)) -> 74484.198 | CG35: 8014802 | CJ35: 67513.476 | CK35: =+IF(CG35="N/A","N/A",MIN(CG35:CJ35)) -> 67513.476 | CL35: =+IF(CG35="N/A","N/A",ROUND(AVERAGE(CG35:CJ35),0)) -> 4041158 | CM35: =+IF(CK35="N/A","N/A",AVERAGE(CK35:CL35)) -> 2054335.7 | CR35: 67513.476 | CS35: =+IF(CO35="N/A","N/A",MIN(CO35:CR35)) -> 67513.476 | CT35: =+IF(CO35="N/A","N/A",ROUND(AVERAGE(CO35:CR35),0)) -> 67513 | CU35: =+IF(CS35="N/A","N/A",AVERAGE(CS35:CT35)) -> 67513.238 | CW35: 7970196.1 | CZ35: 37293.646 | DA35: =+IF(CW35="N/A","N/A",MIN(CW35:CZ35)) -> 37293.646 | DB35: =+IF(CW35="N/A","N/A",ROUND(AVERAGE(CW35:CZ35),0)) -> 4003745 | DC35: =+IF(DA35="N/A","N/A",AVERAGE(DA35:DB35)) -> 2020519.3 | DH35: 65107.115 | DI35: =+IF(DE35="N/A","N/A",MIN(DE35:DH35)) -> 65107.115 | DJ35: =+IF(DE35="N/A","N/A",ROUND(AVERAGE(DE35:DH35),0)) -> 65107 | DK35: =+IF(DI35="N/A","N/A",AVERAGE(DI35:DJ35)) -> 65107.057
A36: 20 | B36: Bomba de Combustible Pila | E36: 46799.63 | I36: =+IF(E36="N/A","N/A",MIN(E36:H36)) -> 46799.63 | J36: =+IF(E36="N/A","N/A",ROUND(AVERAGE(E36:H36),0)) -> 46800 | K36: =+IF(I36="N/A","N/A",AVERAGE(I36:J36)) -> 46799.815 | M36: 41946.28 | Q36: =+IF(M36="N/A","N/A",MIN(M36:P36)) -> 41946.28 | R36: =+IF(M36="N/A","N/A",ROUND(AVERAGE(M36:P36),0)) -> 41946 | S36: =+IF(Q36="N/A","N/A",AVERAGE(Q36:R36)) -> 41946.14 | U36: N/A | V36: N/A | W36: N/A | X36: N/A | Y36: N/A | Z36: N/A | AA36: N/A | AC36: N/A | AD36: N/A | AE36: N/A | AF36: N/A | AG36: N/A | AH36: N/A | AI36: N/A | AK36: N/A | AL36: N/A | AM36: N/A | AN36: N/A | AO36: N/A | AP36: N/A | AQ36: N/A | AS36: N/A | AT36: N/A | AU36: N/A | AV36: N/A | AW36: N/A | AX36: N/A | AY36: N/A | BA36: 43378.573 | BE36: =+IF(BA36="N/A","N/A",MIN(BA36:BD36)) -> 43378.573 | BF36: =+IF(BA36="N/A","N/A",ROUND(AVERAGE(BA36:BD36),0)) -> 43379 | BG36: =+IF(BE36="N/A","N/A",AVERAGE(BE36:BF36)) -> 43378.786 | BI36: 42625 | BM36: =+IF(BI36="N/A","N/A",MIN(BI36:BL36)) -> 42625 | BN36: =+IF(BI36="N/A","N/A",ROUND(AVERAGE(BI36:BL36),0)) -> 42625 | BO36: =+IF(BM36="N/A","N/A",AVERAGE(BM36:BN36)) -> 42625 | BQ36: 42625 | BU36: =+IF(BQ36="N/A","N/A",MIN(BQ36:BT36)) -> 42625 | BV36: =+IF(BQ36="N/A","N/A",ROUND(AVERAGE(BQ36:BT36),0)) -> 42625 | BW36: =+IF(BU36="N/A","N/A",AVERAGE(BU36:BV36)) -> 42625 | BY36: N/A | BZ36: N/A | CA36: N/A | CB36: N/A | CC36: N/A | CD36: N/A | CE36: N/A | CG36: 43787.5 | CK36: =+IF(CG36="N/A","N/A",MIN(CG36:CJ36)) -> 43787.5 | CL36: =+IF(CG36="N/A","N/A",ROUND(AVERAGE(CG36:CJ36),0)) -> 43788 | CM36: =+IF(CK36="N/A","N/A",AVERAGE(CK36:CL36)) -> 43787.75 | CO36: N/A | CP36: N/A | CQ36: N/A | CR36: N/A | CS36: N/A | CT36: N/A | CU36: N/A | CW36: 42625 | DA36: =+IF(CW36="N/A","N/A",MIN(CW36:CZ36)) -> 42625 | DB36: =+IF(CW36="N/A","N/A",ROUND(AVERAGE(CW36:CZ36),0)) -> 42625 | DC36: =+IF(DA36="N/A","N/A",AVERAGE(DA36:DB36)) -> 42625 | DE36: N/A | DF36: N/A | DG36: N/A | DH36: N/A | DI36: N/A | DJ36: N/A | DK36: N/A
A37: 21 | B37: Bujía Precalentadora | C37: 1 | E37: 392533.6 | H37: 303968.48 | I37: =+IF(E37="N/A","N/A",MIN(E37:H37)) -> 303968.48 | J37: =+IF(E37="N/A","N/A",ROUND(AVERAGE(E37:H37),0)) -> 348251 | K37: =+IF(I37="N/A","N/A",AVERAGE(I37:J37)) -> 326109.74 | M37: 379488.14 | P37: 201649.35 | Q37: =+IF(M37="N/A","N/A",MIN(M37:P37)) -> 201649.35 | R37: =+IF(M37="N/A","N/A",ROUND(AVERAGE(M37:P37),0)) -> 290569 | S37: =+IF(Q37="N/A","N/A",AVERAGE(Q37:R37)) -> 246109.18 | U37: N/A | V37: N/A | W37: N/A | X37: N/A | Y37: N/A | Z37: N/A | AA37: N/A | AC37: N/A | AD37: N/A | AE37: N/A | AF37: N/A | AG37: N/A | AH37: N/A | AI37: N/A | AK37: N/A | AL37: N/A | AM37: N/A | AN37: N/A | AO37: N/A | AP37: N/A | AQ37: N/A | AS37: N/A | AT37: N/A | AU37: N/A | AV37: N/A | AW37: N/A | AX37: N/A | AY37: N/A | BA37: N/A | BB37: N/A | BC37: N/A | BD37: N/A | BE37: N/A | BF37: N/A | BG37: N/A | BI37: 550777 | BL37: 325733.08 | BM37: =+IF(BI37="N/A","N/A",MIN(BI37:BL37)) -> 325733.08 | BN37: =+IF(BI37="N/A","N/A",ROUND(AVERAGE(BI37:BL37),0)) -> 438255 | BO37: =+IF(BM37="N/A","N/A",AVERAGE(BM37:BN37)) -> 381994.04 | BQ37: 550777 | BT37: 332513.93 | BU37: =+IF(BQ37="N/A","N/A",MIN(BQ37:BT37)) -> 332513.93 | BV37: =+IF(BQ37="N/A","N/A",ROUND(AVERAGE(BQ37:BT37),0)) -> 441645 | BW37: =+IF(BU37="N/A","N/A",AVERAGE(BU37:BV37)) -> 387079.46 | CB37: 325733.08 | CC37: =+IF(BY37="N/A","N/A",MIN(BY37:CB37)) -> 325733.08 | CD37: =+IF(BY37="N/A","N/A",ROUND(AVERAGE(BY37:CB37),0)) -> 325733 | CE37: =+IF(CC37="N/A","N/A",AVERAGE(CC37:CD37)) -> 325733.04 | CG37: 565554.7 | CJ37: 332704 | CK37: =+IF(CG37="N/A","N/A",MIN(CG37:CJ37)) -> 332704 | CL37: =+IF(CG37="N/A","N/A",ROUND(AVERAGE(CG37:CJ37),0)) -> 449129 | CM37: =+IF(CK37="N/A","N/A",AVERAGE(CK37:CL37)) -> 390916.5 | CR37: 325733.08 | CS37: =+IF(CO37="N/A","N/A",MIN(CO37:CR37)) -> 325733.08 | CT37: =+IF(CO37="N/A","N/A",ROUND(AVERAGE(CO37:CR37),0)) -> 325733 | CU37: =+IF(CS37="N/A","N/A",AVERAGE(CS37:CT37)) -> 325733.04 | CW37: 550777 | CZ37: 225083.07 | DA37: =+IF(CW37="N/A","N/A",MIN(CW37:CZ37)) -> 225083.07 | DB37: =+IF(CW37="N/A","N/A",ROUND(AVERAGE(CW37:CZ37),0)) -> 387930 | DC37: =+IF(DA37="N/A","N/A",AVERAGE(DA37:DB37)) -> 306506.53 | DE37: N/A | DF37: N/A | DG37: N/A | DH37: N/A | DI37: N/A | DJ37: N/A | DK37: N/A
A38: 22 | B38: Bombín | C38: 1 | E38: 995687.71 | H38: 299837.39 | I38: =+IF(E38="N/A","N/A",MIN(E38:H38)) -> 299837.39 | J38: =+IF(E38="N/A","N/A",ROUND(AVERAGE(E38:H38),0)) -> 647763 | K38: =+IF(I38="N/A","N/A",AVERAGE(I38:J38)) -> 473800.2 | M38: 568822.5 | P38: 172414.12 | Q38: =+IF(M38="N/A","N/A",MIN(M38:P38)) -> 172414.12 | R38: =+IF(M38="N/A","N/A",ROUND(AVERAGE(M38:P38),0)) -> 370618 | S38: =+IF(Q38="N/A","N/A",AVERAGE(Q38:R38)) -> 271516.06 | U38: N/A | V38: N/A | W38: N/A | X38: N/A | Y38: N/A | Z38: N/A | AA38: N/A | AC38: N/A | AD38: N/A | AE38: N/A | AF38: N/A | AG38: N/A | AH38: N/A | AI38: N/A | AK38: N/A | AL38: N/A | AM38: N/A | AN38: N/A | AO38: N/A | AP38: N/A | AQ38: N/A | AS38: N/A | AT38: N/A | AU38: N/A | AV38: N/A | AW38: N/A | AX38: N/A | AY38: N/A | BA38: N/A | BB38: N/A | BC38: N/A | BD38: N/A | BE38: N/A | BF38: N/A | BG38: N/A | BI38: 653387 | BL38: 356073.2 | BM38: =+IF(BI38="N/A","N/A",MIN(BI38:BL38)) -> 356073.2 | BN38: =+IF(BI38="N/A","N/A",ROUND(AVERAGE(BI38:BL38),0)) -> 504730 | BO38: =+IF(BM38="N/A","N/A",AVERAGE(BM38:BN38)) -> 430401.6 | BQ38: 653387 | BT38: 378667.81 | BU38: =+IF(BQ38="N/A","N/A",MIN(BQ38:BT38)) -> 378667.81 | BV38: =+IF(BQ38="N/A","N/A",ROUND(AVERAGE(BQ38:BT38),0)) -> 516027 | BW38: =+IF(BU38="N/A","N/A",AVERAGE(BU38:BV38)) -> 447347.41 | CB38: 251673.1 | CC38: =+IF(BY38="N/A","N/A",MIN(BY38:CB38)) -> 251673.1 | CD38: =+IF(BY38="N/A","N/A",ROUND(AVERAGE(BY38:CB38),0)) -> 251673 | CE38: =+IF(CC38="N/A","N/A",AVERAGE(CC38:CD38)) -> 251673.05 | CG38: 653759 | CJ38: 353749.56 | CK38: =+IF(CG38="N/A","N/A",MIN(CG38:CJ38)) -> 353749.56 | CL38: =+IF(CG38="N/A","N/A",ROUND(AVERAGE(CG38:CJ38),0)) -> 503754 | CM38: =+IF(CK38="N/A","N/A",AVERAGE(CK38:CL38)) -> 428751.78 | CR38: 356073.2 | CS38: =+IF(CO38="N/A","N/A",MIN(CO38:CR38)) -> 356073.2 | CT38: =+IF(CO38="N/A","N/A",ROUND(AVERAGE(CO38:CR38),0)) -> 356073 | CU38: =+IF(CS38="N/A","N/A",AVERAGE(CS38:CT38)) -> 356073.1 | CW38: 653387 | CZ38: 203937.59 | DA38: =+IF(CW38="N/A","N/A",MIN(CW38:CZ38)) -> 203937.59 | DB38: =+IF(CW38="N/A","N/A",ROUND(AVERAGE(CW38:CZ38),0)) -> 428662 | DC38: =+IF(DA38="N/A","N/A",AVERAGE(DA38:DB38)) -> 316299.8 | DE38: N/A | DF38: N/A | DG38: N/A | DH38: N/A | DI38: N/A | DJ38: N/A | DK38: N/A
A39: 23 | B39: Tornillo Peter | C39: 1 | E39: 60977.011 | H39: 65596.822 | I39: =+IF(E39="N/A","N/A",MIN(E39:H39)) -> 60977.011 | J39: =+IF(E39="N/A","N/A",ROUND(AVERAGE(E39:H39),0)) -> 63287 | K39: =+IF(I39="N/A","N/A",AVERAGE(I39:J39)) -> 62132.005 | M39: 74041.292 | P39: 47621.343 | Q39: =+IF(M39="N/A","N/A",MIN(M39:P39)) -> 47621.343 | R39: =+IF(M39="N/A","N/A",ROUND(AVERAGE(M39:P39),0)) -> 60831 | S39: =+IF(Q39="N/A","N/A",AVERAGE(Q39:R39)) -> 54226.171 | U39: N/A | V39: N/A | W39: N/A | X39: N/A | Y39: N/A | Z39: N/A | AA39: N/A | AC39: N/A | AD39: N/A | AE39: N/A | AF39: N/A | AG39: N/A | AH39: N/A | AI39: N/A | AK39: N/A | AL39: N/A | AM39: N/A | AN39: N/A | AO39: N/A | AP39: N/A | AQ39: N/A | AS39: N/A | AT39: N/A | AU39: N/A | AV39: N/A | AW39: N/A | AX39: N/A | AY39: N/A | BA39: N/A | BB39: N/A | BC39: N/A | BD39: N/A | BE39: N/A | BF39: N/A | BG39: N/A | BI39: 173445 | BL39: 75424.89 | BM39: =+IF(BI39="N/A","N/A",MIN(BI39:BL39)) -> 75424.89 | BN39: =+IF(BI39="N/A","N/A",ROUND(AVERAGE(BI39:BL39),0)) -> 124435 | BO39: =+IF(BM39="N/A","N/A",AVERAGE(BM39:BN39)) -> 99929.945 | BQ39: 173445 | BT39: 79133.303 | BU39: =+IF(BQ39="N/A","N/A",MIN(BQ39:BT39)) -> 79133.303 | BV39: =+IF(BQ39="N/A","N/A",ROUND(AVERAGE(BQ39:BT39),0)) -> 126289 | BW39: =+IF(BU39="N/A","N/A",AVERAGE(BU39:BV39)) -> 102711.15 | CB39: 76470.528 | CC39: =+IF(BY39="N/A","N/A",MIN(BY39:CB39)) -> 76470.528 | CD39: =+IF(BY39="N/A","N/A",ROUND(AVERAGE(BY39:CB39),0)) -> 76471 | CE39: =+IF(CC39="N/A","N/A",AVERAGE(CC39:CD39)) -> 76470.764 | CG39: 173445 | CJ39: 76005.8 | CK39: =+IF(CG39="N/A","N/A",MIN(CG39:CJ39)) -> 76005.8 | CL39: =+IF(CG39="N/A","N/A",ROUND(AVERAGE(CG39:CJ39),0)) -> 124725 | CM39: =+IF(CK39="N/A","N/A",AVERAGE(CK39:CL39)) -> 100365.4 | CR39: 75424.89 | CS39: =+IF(CO39="N/A","N/A",MIN(CO39:CR39)) -> 75424.89 | CT39: =+IF(CO39="N/A","N/A",ROUND(AVERAGE(CO39:CR39),0)) -> 75425 | CU39: =+IF(CS39="N/A","N/A",AVERAGE(CS39:CT39)) -> 75424.945 | CW39: 173445 | CZ39: 53452.228 | DA39: =+IF(CW39="N/A","N/A",MIN(CW39:CZ39)) -> 53452.228 | DB39: =+IF(CW39="N/A","N/A",ROUND(AVERAGE(CW39:CZ39),0)) -> 113449 | DC39: =+IF(DA39="N/A","N/A",AVERAGE(DA39:DB39)) -> 83450.614 | DE39: N/A | DF39: N/A | DG39: N/A | DH39: N/A | DI39: N/A | DJ39: N/A | DK39: N/A
B40: SISTEMA DE SUSPENSIÓN
A41: 24 | B41: Brazo Axial | C41: 1 | E41: 272962.49 | H41: 226199.03 | I41: =+IF(E41="N/A","N/A",MIN(E41:H41)) -> 226199.03 | J41: =+IF(E41="N/A","N/A",ROUND(AVERAGE(E41:H41),0)) -> 249581 | K41: =+IF(I41="N/A","N/A",AVERAGE(I41:J41)) -> 237890.02 | M41: 296422.43 | P41: 126709.55 | Q41: =+IF(M41="N/A","N/A",MIN(M41:P41)) -> 126709.55 | R41: =+IF(M41="N/A","N/A",ROUND(AVERAGE(M41:P41),0)) -> 211566 | S41: =+IF(Q41="N/A","N/A",AVERAGE(Q41:R41)) -> 169137.78 | U41: 236040.77 | X41: 90557.406 | Y41: =+IF(U41="N/A","N/A",MIN(U41:X41)) -> 90557.406 | Z41: =+IF(U41="N/A","N/A",ROUND(AVERAGE(U41:X41),0)) -> 163299 | AA41: =+IF(Y41="N/A","N/A",AVERAGE(Y41:Z41)) -> 126928.2 | AC41: N/A | AD41: N/A | AE41: N/A | AF41: N/A | AG41: N/A | AH41: N/A | AI41: N/A | AK41: 561734.37 | AN41: 90722.302 | AO41: =+IF(AK41="N/A","N/A",MIN(AK41:AN41)) -> 90722.302 | AP41: =+IF(AK41="N/A","N/A",ROUND(AVERAGE(AK41:AN41),0)) -> 326228 | AQ41: =+IF(AO41="N/A","N/A",AVERAGE(AO41:AP41)) -> 208475.15 | AS41: N/A | AT41: N/A | AU41: N/A | AV41: N/A | AW41: N/A | AX41: N/A | AY41: N/A | BA41: N/A | BB41: N/A | BC41: N/A | BD41: N/A | BE41: N/A | BF41: N/A | BG41: N/A | BI41: 417694 | BL41: 232179.74 | BM41: =+IF(BI41="N/A","N/A",MIN(BI41:BL41)) -> 232179.74 | BN41: =+IF(BI41="N/A","N/A",ROUND(AVERAGE(BI41:BL41),0)) -> 324937 | BO41: =+IF(BM41="N/A","N/A",AVERAGE(BM41:BN41)) -> 278558.37 | BQ41: 417694 | BT41: 190219.56 | BU41: =+IF(BQ41="N/A","N/A",MIN(BQ41:BT41)) -> 190219.56 | BV41: =+IF(BQ41="N/A","N/A",ROUND(AVERAGE(BQ41:BT41),0)) -> 303957 | BW41: =+IF(BU41="N/A","N/A",AVERAGE(BU41:BV41)) -> 247088.28 | CB41: 225208.82 | CC41: =+IF(BY41="N/A","N/A",MIN(BY41:CB41)) -> 225208.82 | CD41: =+IF(BY41="N/A","N/A",ROUND(AVERAGE(BY41:CB41),0)) -> 225209 | CE41: =+IF(CC41="N/A","N/A",AVERAGE(CC41:CD41)) -> 225208.91 | CG41: 447993.4 | CJ41: 218237.9 | CK41: =+IF(CG41="N/A","N/A",MIN(CG41:CJ41)) -> 218237.9 | CL41: =+IF(CG41="N/A","N/A",ROUND(AVERAGE(CG41:CJ41),0)) -> 333116 | CM41: =+IF(CK41="N/A","N/A",AVERAGE(CK41:CL41)) -> 275676.95 | CR41: 232179.74 | CS41: =+IF(CO41="N/A","N/A",MIN(CO41:CR41)) -> 232179.74 | CT41: =+IF(CO41="N/A","N/A",ROUND(AVERAGE(CO41:CR41),0)) -> 232180 | CU41: =+IF(CS41="N/A","N/A",AVERAGE(CS41:CT41)) -> 232179.87 | CW41: 417694 | CZ41: 137579.01 | DA41: =+IF(CW41="N/A","N/A",MIN(CW41:CZ41)) -> 137579.01 | DB41: =+IF(CW41="N/A","N/A",ROUND(AVERAGE(CW41:CZ41),0)) -> 277637 | DC41: =+IF(DA41="N/A","N/A",AVERAGE(DA41:DB41)) -> 207608.01 | DE41: 269476.19 | DH41: 107002.88 | DI41: =+IF(DE41="N/A","N/A",MIN(DE41:DH41)) -> 107002.88 | DJ41: =+IF(DE41="N/A","N/A",ROUND(AVERAGE(DE41:DH41),0)) -> 188240 | DK41: =+IF(DI41="N/A","N/A",AVERAGE(DI41:DJ41)) -> 147621.44
A42: 25 | B42: Juego de Terminales Direccion (Largo y Corto) | C42: 1 | E42: 644240.75 | H42: 367225.86 | I42: =+IF(E42="N/A","N/A",MIN(E42:H42)) -> 367225.86 | J42: =+IF(E42="N/A","N/A",ROUND(AVERAGE(E42:H42),0)) -> 505733 | K42: =+IF(I42="N/A","N/A",AVERAGE(I42:J42)) -> 436479.43 | M42: 751251.13 | P42: 278946.22 | Q42: =+IF(M42="N/A","N/A",MIN(M42:P42)) -> 278946.22 | R42: =+IF(M42="N/A","N/A",ROUND(AVERAGE(M42:P42),0)) -> 515099 | S42: =+IF(Q42="N/A","N/A",AVERAGE(Q42:R42)) -> 397022.61 | U42: 434375.23 | X42: 192799.94 | Y42: =+IF(U42="N/A","N/A",MIN(U42:X42)) -> 192799.94 | Z42: =+IF(U42="N/A","N/A",ROUND(AVERAGE(U42:X42),0)) -> 313588 | AA42: =+IF(Y42="N/A","N/A",AVERAGE(Y42:Z42)) -> 253193.97 | AC42: 451099.52 | AF42: 282274.32 | AG42: =+IF(AC42="N/A","N/A",MIN(AC42:AF42)) -> 282274.32 | AH42: =+IF(AC42="N/A","N/A",ROUND(AVERAGE(AC42:AF42),0)) -> 366687 | AI42: =+IF(AG42="N/A","N/A",AVERAGE(AG42:AH42)) -> 324480.66 | AK42: 860083.06 | AN42: 185709.71 | AO42: =+IF(AK42="N/A","N/A",MIN(AK42:AN42)) -> 185709.71 | AP42: =+IF(AK42="N/A","N/A",ROUND(AVERAGE(AK42:AN42),0)) -> 522896 | AQ42: =+IF(AO42="N/A","N/A",AVERAGE(AO42:AP42)) -> 354302.86 | AV42: 233194.67 | AW42: =+IF(AS42="N/A","N/A",MIN(AS42:AV42)) -> 233194.67 | AX42: =+IF(AS42="N/A","N/A",ROUND(AVERAGE(AS42:AV42),0)) -> 233195 | AY42: =+IF(AW42="N/A","N/A",AVERAGE(AW42:AX42)) -> 233194.83 | BA42: 417823.55 | BD42: 237651.01 | BE42: =+IF(BA42="N/A","N/A",MIN(BA42:BD42)) -> 237651.01 | BF42: =+IF(BA42="N/A","N/A",ROUND(AVERAGE(BA42:BD42),0)) -> 327737 | BG42: =+IF(BE42="N/A","N/A",AVERAGE(BE42:BF42)) -> 282694 | BI42: 509869.4 | BL42: 425888.71 | BM42: =+IF(BI42="N/A","N/A",MIN(BI42:BL42)) -> 425888.71 | BN42: =+IF(BI42="N/A","N/A",ROUND(AVERAGE(BI42:BL42),0)) -> 467879 | BO42: =+IF(BM42="N/A","N/A",AVERAGE(BM42:BN42)) -> 446883.85 | BQ42: 509869.4 | BT42: 435946.58 | BU42: =+IF(BQ42="N/A","N/A",MIN(BQ42:BT42)) -> 435946.58 | BV42: =+IF(BQ42="N/A","N/A",ROUND(AVERAGE(BQ42:BT42),0)) -> 472908 | BW42: =+IF(BU42="N/A","N/A",AVERAGE(BU42:BV42)) -> 454427.29 | CB42: 417755.97 | CC42: =+IF(BY42="N/A","N/A",MIN(BY42:CB42)) -> 417755.97 | CD42: =+IF(BY42="N/A","N/A",ROUND(AVERAGE(BY42:CB42),0)) -> 417756 | CE42: =+IF(CC42="N/A","N/A",AVERAGE(CC42:CD42)) -> 417755.98 | CG42: 526448.2 | CJ42: 421241.43 | CK42: =+IF(CG42="N/A","N/A",MIN(CG42:CJ42)) -> 421241.43 | CL42: =+IF(CG42="N/A","N/A",ROUND(AVERAGE(CG42:CJ42),0)) -> 473845 | CM42: =+IF(CK42="N/A","N/A",AVERAGE(CK42:CL42)) -> 447543.21 | CR42: 425888.71 | CS42: =+IF(CO42="N/A","N/A",MIN(CO42:CR42)) -> 425888.71 | CT42: =+IF(CO42="N/A","N/A",ROUND(AVERAGE(CO42:CR42),0)) -> 425889 | CU42: =+IF(CS42="N/A","N/A",AVERAGE(CS42:CT42)) -> 425888.85 | CW42: 509869.4 | CZ42: 334940.42 | DA42: =+IF(CW42="N/A","N/A",MIN(CW42:CZ42)) -> 334940.42 | DB42: =+IF(CW42="N/A","N/A",ROUND(AVERAGE(CW42:CZ42),0)) -> 422405 | DC42: =+IF(DA42="N/A","N/A",AVERAGE(DA42:DB42)) -> 378672.71 | DE42: 404560.61 | DH42: 203303.97 | DI42: =+IF(DE42="N/A","N/A",MIN(DE42:DH42)) -> 203303.97 | DJ42: =+IF(DE42="N/A","N/A",ROUND(AVERAGE(DE42:DH42),0)) -> 303932 | DK42: =+IF(DI42="N/A","N/A",AVERAGE(DI42:DJ42)) -> 253617.98
A43: 26 | B43: Fuelle De La Botella | C43: 1 | E43: 137152.24 | H43: 46504.866 | I43: =+IF(E43="N/A","N/A",MIN(E43:H43)) -> 46504.866 | J43: =+IF(E43="N/A","N/A",ROUND(AVERAGE(E43:H43),0)) -> 91829 | K43: =+IF(I43="N/A","N/A",AVERAGE(I43:J43)) -> 69166.933 | M43: 137152.24 | P43: 33017.216 | Q43: =+IF(M43="N/A","N/A",MIN(M43:P43)) -> 33017.216 | R43: =+IF(M43="N/A","N/A",ROUND(AVERAGE(M43:P43),0)) -> 85085 | S43: =+IF(Q43="N/A","N/A",AVERAGE(Q43:R43)) -> 59051.108 | U43: 68035.732 | X43: 29035.118 | Y43: =+IF(U43="N/A","N/A",MIN(U43:X43)) -> 29035.118 | Z43: =+IF(U43="N/A","N/A",ROUND(AVERAGE(U43:X43),0)) -> 48535 | AA43: =+IF(Y43="N/A","N/A",AVERAGE(Y43:Z43)) -> 38785.059 | AC43: N/A | AD43: N/A | AE43: N/A | AF43: N/A | AG43: N/A | AH43: N/A | AI43: N/A | AK43: 126863.49 | AN43: 29024.238 | AO43: =+IF(AK43="N/A","N/A",MIN(AK43:AN43)) -> 29024.238 | AP43: =+IF(AK43="N/A","N/A",ROUND(AVERAGE(AK43:AN43),0)) -> 77944 | AQ43: =+IF(AO43="N/A","N/A",AVERAGE(AO43:AP43)) -> 53484.119 | AS43: N/A | AT43: N/A | AU43: N/A | AV43: N/A | AW43: N/A | AX43: N/A | AY43: N/A | BA43: N/A | BB43: N/A | BC43: N/A | BD43: N/A | BE43: N/A | BF43: N/A | BG43: N/A | BI43: 89094 | BL43: 54148.248 | BM43: =+IF(BI43="N/A","N/A",MIN(BI43:BL43)) -> 54148.248 | BN43: =+IF(BI43="N/A","N/A",ROUND(AVERAGE(BI43:BL43),0)) -> 71621 | BO43: =+IF(BM43="N/A","N/A",AVERAGE(BM43:BN43)) -> 62884.624 | BQ43: 89094 | BT43: 57297.245 | BU43: =+IF(BQ43="N/A","N/A",MIN(BQ43:BT43)) -> 57297.245 | BV43: =+IF(BQ43="N/A","N/A",ROUND(AVERAGE(BQ43:BT43),0)) -> 73196 | BW43: =+IF(BU43="N/A","N/A",AVERAGE(BU43:BV43)) -> 65246.622 | CB43: 51243.698 | CC43: =+IF(BY43="N/A","N/A",MIN(BY43:CB43)) -> 51243.698 | CD43: =+IF(BY43="N/A","N/A",ROUND(AVERAGE(BY43:CB43),0)) -> 51244 | CE43: =+IF(CC43="N/A","N/A",AVERAGE(CC43:CD43)) -> 51243.849 | CG43: 95213.4 | CJ43: 54729.158 | CK43: =+IF(CG43="N/A","N/A",MIN(CG43:CJ43)) -> 54729.158 | CL43: =+IF(CG43="N/A","N/A",ROUND(AVERAGE(CG43:CJ43),0)) -> 74971 | CM43: =+IF(CK43="N/A","N/A",AVERAGE(CK43:CL43)) -> 64850.079 | CR43: 54148.248 | CS43: =+IF(CO43="N/A","N/A",MIN(CO43:CR43)) -> 54148.248 | CT43: =+IF(CO43="N/A","N/A",ROUND(AVERAGE(CO43:CR43),0)) -> 54148 | CU43: =+IF(CS43="N/A","N/A",AVERAGE(CS43:CT43)) -> 54148.124 | CW43: 89094 | CZ43: 37228.804 | DA43: =+IF(CW43="N/A","N/A",MIN(CW43:CZ43)) -> 37228.804 | DB43: =+IF(CW43="N/A","N/A",ROUND(AVERAGE(CW43:CZ43),0)) -> 63161 | DC43: =+IF(DA43="N/A","N/A",AVERAGE(DA43:DB43)) -> 50194.902 | DE43: 103987.03 | DH43: 28924.682 | DI43: =+IF(DE43="N/A","N/A",MIN(DE43:DH43)) -> 28924.682 | DJ43: =+IF(DE43="N/A","N/A",ROUND(AVERAGE(DE43:DH43),0)) -> 66456 | DK43: =+IF(DI43="N/A","N/A",AVERAGE(DI43:DJ43)) -> 47690.341
A44: 27 | B44: Interiores De Botella | C44: 1 | E44: 758048.18 | H44: 470187.62 | I44: =+IF(E44="N/A","N/A",MIN(E44:H44)) -> 470187.62 | J44: =+IF(E44="N/A","N/A",ROUND(AVERAGE(E44:H44),0)) -> 614118 | K44: =+IF(I44="N/A","N/A",AVERAGE(I44:J44)) -> 542152.81 | M44: 772832.73 | P44: 300918.76 | Q44: =+IF(M44="N/A","N/A",MIN(M44:P44)) -> 300918.76 | R44: =+IF(M44="N/A","N/A",ROUND(AVERAGE(M44:P44),0)) -> 536876 | S44: =+IF(Q44="N/A","N/A",AVERAGE(Q44:R44)) -> 418897.38 | U44: 1255409.2 | X44: 198048.13 | Y44: =+IF(U44="N/A","N/A",MIN(U44:X44)) -> 198048.13 | Z44: =+IF(U44="N/A","N/A",ROUND(AVERAGE(U44:X44),0)) -> 726729 | AA44: =+IF(Y44="N/A","N/A",AVERAGE(Y44:Z44)) -> 462388.57 | AC44: 814462.98 | AF44: 313239.25 | AG44: =+IF(AC44="N/A","N/A",MIN(AC44:AF44)) -> 313239.25 | AH44: =+IF(AC44="N/A","N/A",ROUND(AVERAGE(AC44:AF44),0)) -> 563851 | AI44: =+IF(AG44="N/A","N/A",AVERAGE(AG44:AH44)) -> 438545.13 | AK44: 702359.79 | AN44: 204645.83 | AO44: =+IF(AK44="N/A","N/A",MIN(AK44:AN44)) -> 204645.83 | AP44: =+IF(AK44="N/A","N/A",ROUND(AVERAGE(AK44:AN44),0)) -> 453503 | AQ44: =+IF(AO44="N/A","N/A",AVERAGE(AO44:AP44)) -> 329074.41 | AV44: 318763.6 | AW44: =+IF(AS44="N/A","N/A",MIN(AS44:AV44)) -> 318763.6 | AX44: =+IF(AS44="N/A","N/A",ROUND(AVERAGE(AS44:AV44),0)) -> 318764 | AY44: =+IF(AW44="N/A","N/A",AVERAGE(AW44:AX44)) -> 318763.8 | BA44: 830558.87 | BD44: 282450.27 | BE44: =+IF(BA44="N/A","N/A",MIN(BA44:BD44)) -> 282450.27 | BF44: =+IF(BA44="N/A","N/A",ROUND(AVERAGE(BA44:BD44),0)) -> 556505 | BG44: =+IF(BE44="N/A","N/A",AVERAGE(BE44:BF44)) -> 419477.64 | BI44: 792794 | BL44: 549583.15 | BM44: =+IF(BI44="N/A","N/A",MIN(BI44:BL44)) -> 549583.15 | BN44: =+IF(BI44="N/A","N/A",ROUND(AVERAGE(BI44:BL44),0)) -> 671189 | BO44: =+IF(BM44="N/A","N/A",AVERAGE(BM44:BN44)) -> 610386.08 | BQ44: 792794 | BT44: 566201.36 | BU44: =+IF(BQ44="N/A","N/A",MIN(BQ44:BT44)) -> 566201.36 | BV44: =+IF(BQ44="N/A","N/A",ROUND(AVERAGE(BQ44:BT44),0)) -> 679498 | BW44: =+IF(BU44="N/A","N/A",AVERAGE(BU44:BV44)) -> 622849.68 | CB44: 520537.65 | CC44: =+IF(BY44="N/A","N/A",MIN(BY44:CB44)) -> 520537.65 | CD44: =+IF(BY44="N/A","N/A",ROUND(AVERAGE(BY44:CB44),0)) -> 520538 | CE44: =+IF(CC44="N/A","N/A",AVERAGE(CC44:CD44)) -> 520537.83 | CG44: 821307.8 | CJ44: 523442.2 | CK44: =+IF(CG44="N/A","N/A",MIN(CG44:CJ44)) -> 523442.2 | CL44: =+IF(CG44="N/A","N/A",ROUND(AVERAGE(CG44:CJ44),0)) -> 672375 | CM44: =+IF(CK44="N/A","N/A",AVERAGE(CK44:CL44)) -> 597908.6 | CR44: 524720.2 | CS44: =+IF(CO44="N/A","N/A",MIN(CO44:CR44)) -> 524720.2 | CT44: =+IF(CO44="N/A","N/A",ROUND(AVERAGE(CO44:CR44),0)) -> 524720 | CU44: =+IF(CS44="N/A","N/A",AVERAGE(CS44:CT44)) -> 524720.1 | CW44: 792794 | CZ44: 327934.57 | DA44: =+IF(CW44="N/A","N/A",MIN(CW44:CZ44)) -> 327934.57 | DB44: =+IF(CW44="N/A","N/A",ROUND(AVERAGE(CW44:CZ44),0)) -> 560364 | DC44: =+IF(DA44="N/A","N/A",AVERAGE(DA44:DB44)) -> 444149.29 | DE44: 478230.88 | DH44: 240052.72 | DI44: =+IF(DE44="N/A","N/A",MIN(DE44:DH44)) -> 240052.72 | DJ44: =+IF(DE44="N/A","N/A",ROUND(AVERAGE(DE44:DH44),0)) -> 359142 | DK44: =+IF(DI44="N/A","N/A",AVERAGE(DI44:DJ44)) -> 299597.36
A45: 28 | B45: Juego de Amortiguadores Delanteros (PAR) | C45: 1 | E45: 538398.31 | H45: 451887.33 | I45: =+IF(E45="N/A","N/A",MIN(E45:H45)) -> 451887.33 | J45: =+IF(E45="N/A","N/A",ROUND(AVERAGE(E45:H45),0)) -> 495143 | K45: =+IF(I45="N/A","N/A",AVERAGE(I45:J45)) -> 473515.17 | M45: 688579.56 | P45: 373616.51 | Q45: =+IF(M45="N/A","N/A",MIN(M45:P45)) -> 373616.51 | R45: =+IF(M45="N/A","N/A",ROUND(AVERAGE(M45:P45),0)) -> 531098 | S45: =+IF(Q45="N/A","N/A",AVERAGE(Q45:R45)) -> 452357.25 | U45: 693030.26 | X45: 285807.43 | Y45: =+IF(U45="N/A","N/A",MIN(U45:X45)) -> 285807.43 | Z45: =+IF(U45="N/A","N/A",ROUND(AVERAGE(U45:X45),0)) -> 489419 | AA45: =+IF(Y45="N/A","N/A",AVERAGE(Y45:Z45)) -> 387613.21 | AC45: 635333.17 | AF45: 382706.15 | AG45: =+IF(AC45="N/A","N/A",MIN(AC45:AF45)) -> 382706.15 | AH45: =+IF(AC45="N/A","N/A",ROUND(AVERAGE(AC45:AF45),0)) -> 509020 | AI45: =+IF(AG45="N/A","N/A",AVERAGE(AG45:AH45)) -> 445863.07 | AK45: 926725.9 | AN45: 283742.76 | AO45: =+IF(AK45="N/A","N/A",MIN(AK45:AN45)) -> 283742.76 | AP45: =+IF(AK45="N/A","N/A",ROUND(AVERAGE(AK45:AN45),0)) -> 605234 | AQ45: =+IF(AO45="N/A","N/A",AVERAGE(AO45:AP45)) -> 444488.38 | AV45: 374233.37 | AW45: =+IF(AS45="N/A","N/A",MIN(AS45:AV45)) -> 374233.37 | AX45: =+IF(AS45="N/A","N/A",ROUND(AVERAGE(AS45:AV45),0)) -> 374233 | AY45: =+IF(AW45="N/A","N/A",AVERAGE(AW45:AX45)) -> 374233.18 | BA45: 655709.61 | BD45: 358587.08 | BE45: =+IF(BA45="N/A","N/A",MIN(BA45:BD45)) -> 358587.08 | BF45: =+IF(BA45="N/A","N/A",ROUND(AVERAGE(BA45:BD45),0)) -> 507148 | BG45: =+IF(BE45="N/A","N/A",AVERAGE(BE45:BF45)) -> 432867.54 | BI45: 613180 | BL45: 519680.92 | BM45: =+IF(BI45="N/A","N/A",MIN(BI45:BL45)) -> 519680.92 | BN45: =+IF(BI45="N/A","N/A",ROUND(AVERAGE(BI45:BL45),0)) -> 566430 | BO45: =+IF(BM45="N/A","N/A",AVERAGE(BM45:BN45)) -> 543055.46 | BQ45: 613180 | BT45: 535051.69 | BU45: =+IF(BQ45="N/A","N/A",MIN(BQ45:BT45)) -> 535051.69 | BV45: =+IF(BQ45="N/A","N/A",ROUND(AVERAGE(BQ45:BT45),0)) -> 574116 | BW45: =+IF(BU45="N/A","N/A",AVERAGE(BU45:BV45)) -> 554583.84 | CB45: 484826.32 | CC45: =+IF(BY45="N/A","N/A",MIN(BY45:CB45)) -> 484826.32 | CD45: =+IF(BY45="N/A","N/A",ROUND(AVERAGE(BY45:CB45),0)) -> 484826 | CE45: =+IF(CC45="N/A","N/A",AVERAGE(CC45:CD45)) -> 484826.16 | CG45: 657448 | CJ45: 502253.62 | CK45: =+IF(CG45="N/A","N/A",MIN(CG45:CJ45)) -> 502253.62 | CL45: =+IF(CG45="N/A","N/A",ROUND(AVERAGE(CG45:CJ45),0)) -> 579851 | CM45: =+IF(CK45="N/A","N/A",AVERAGE(CK45:CL45)) -> 541052.31 | CR45: 490635.42 | CS45: =+IF(CO45="N/A","N/A",MIN(CO45:CR45)) -> 490635.42 | CT45: =+IF(CO45="N/A","N/A",ROUND(AVERAGE(CO45:CR45),0)) -> 490635 | CU45: =+IF(CS45="N/A","N/A",AVERAGE(CS45:CT45)) -> 490635.21 | CW45: 613180 | CZ45: 387393.65 | DA45: =+IF(CW45="N/A","N/A",MIN(CW45:CZ45)) -> 387393.65 | DB45: =+IF(CW45="N/A","N/A",ROUND(AVERAGE(CW45:CZ45),0)) -> 500287 | DC45: =+IF(DA45="N/A","N/A",AVERAGE(DA45:DB45)) -> 443840.33 | DE45: 959335.51 | DH45: 316377.61 | DI45: =+IF(DE45="N/A","N/A",MIN(DE45:DH45)) -> 316377.61 | DJ45: =+IF(DE45="N/A","N/A",ROUND(AVERAGE(DE45:DH45),0)) -> 637857 | DK45: =+IF(DI45="N/A","N/A",AVERAGE(DI45:DJ45)) -> 477117.31
A46: 29 | B46: Juego de Amortiguadores Traseros (PAR) | C46: 1 | E46: 450819.03 | H46: 417099.07 | I46: =+IF(E46="N/A","N/A",MIN(E46:H46)) -> 417099.07 | J46: =+IF(E46="N/A","N/A",ROUND(AVERAGE(E46:H46),0)) -> 433959 | K46: =+IF(I46="N/A","N/A",AVERAGE(I46:J46)) -> 425529.04 | M46: 552173.88 | P46: 361964.41 | Q46: =+IF(M46="N/A","N/A",MIN(M46:P46)) -> 361964.41 | R46: =+IF(M46="N/A","N/A",ROUND(AVERAGE(M46:P46),0)) -> 457069 | S46: =+IF(Q46="N/A","N/A",AVERAGE(Q46:R46)) -> 409516.7 | U46: 979516.5 | X46: 278910.16 | Y46: =+IF(U46="N/A","N/A",MIN(U46:X46)) -> 278910.16 | Z46: =+IF(U46="N/A","N/A",ROUND(AVERAGE(U46:X46),0)) -> 629213 | AA46: =+IF(Y46="N/A","N/A",AVERAGE(Y46:Z46)) -> 454061.58 | AC46: 675793.72 | AF46: 354094.71 | AG46: =+IF(AC46="N/A","N/A",MIN(AC46:AF46)) -> 354094.71 | AH46: =+IF(AC46="N/A","N/A",ROUND(AVERAGE(AC46:AF46),0)) -> 514944 | AI46: =+IF(AG46="N/A","N/A",AVERAGE(AG46:AH46)) -> 434519.36 | AK46: 857752.26 | AN46: 282181.1 | AO46: =+IF(AK46="N/A","N/A",MIN(AK46:AN46)) -> 282181.1 | AP46: =+IF(AK46="N/A","N/A",ROUND(AVERAGE(AK46:AN46),0)) -> 569967 | AQ46: =+IF(AO46="N/A","N/A",AVERAGE(AO46:AP46)) -> 426074.05 | AV46: 369282.69 | AW46: =+IF(AS46="N/A","N/A",MIN(AS46:AV46)) -> 369282.69 | AX46: =+IF(AS46="N/A","N/A",ROUND(AVERAGE(AS46:AV46),0)) -> 369283 | AY46: =+IF(AW46="N/A","N/A",AVERAGE(AW46:AX46)) -> 369282.85 | BA46: 697026.36 | BD46: 355671.54 | BE46: =+IF(BA46="N/A","N/A",MIN(BA46:BD46)) -> 355671.54 | BF46: =+IF(BA46="N/A","N/A",ROUND(AVERAGE(BA46:BD46),0)) -> 526349 | BG46: =+IF(BE46="N/A","N/A",AVERAGE(BE46:BF46)) -> 441010.27 | BI46: 598300 | BL46: 488426.22 | BM46: =+IF(BI46="N/A","N/A",MIN(BI46:BL46)) -> 488426.22 | BN46: =+IF(BI46="N/A","N/A",ROUND(AVERAGE(BI46:BL46),0)) -> 543363 | BO46: =+IF(BM46="N/A","N/A",AVERAGE(BM46:BN46)) -> 515894.61 | BQ46: 598300 | BT46: 501252.37 | BU46: =+IF(BQ46="N/A","N/A",MIN(BQ46:BT46)) -> 501252.37 | BV46: =+IF(BQ46="N/A","N/A",ROUND(AVERAGE(BQ46:BT46),0)) -> 549776 | BW46: =+IF(BU46="N/A","N/A",AVERAGE(BU46:BV46)) -> 525514.18 | CB46: 475181.48 | CC46: =+IF(BY46="N/A","N/A",MIN(BY46:CB46)) -> 475181.48 | CD46: =+IF(BY46="N/A","N/A",ROUND(AVERAGE(BY46:CB46),0)) -> 475181 | CE46: =+IF(CC46="N/A","N/A",AVERAGE(CC46:CD46)) -> 475181.24 | CG46: 641080 | CJ46: 497720.78 | CK46: =+IF(CG46="N/A","N/A",MIN(CG46:CJ46)) -> 497720.78 | CL46: =+IF(CG46="N/A","N/A",ROUND(AVERAGE(CG46:CJ46),0)) -> 569400 | CM46: =+IF(CK46="N/A","N/A",AVERAGE(CK46:CL46)) -> 533560.39 | CR46: 488426.22 | CS46: =+IF(CO46="N/A","N/A",MIN(CO46:CR46)) -> 488426.22 | CT46: =+IF(CO46="N/A","N/A",ROUND(AVERAGE(CO46:CR46),0)) -> 488426 | CU46: =+IF(CS46="N/A","N/A",AVERAGE(CS46:CT46)) -> 488426.11 | CW46: 598300 | CZ46: 360552.09 | DA46: =+IF(CW46="N/A","N/A",MIN(CW46:CZ46)) -> 360552.09 | DB46: =+IF(CW46="N/A","N/A",ROUND(AVERAGE(CW46:CZ46),0)) -> 479426 | DC46: =+IF(DA46="N/A","N/A",AVERAGE(DA46:DB46)) -> 419989.04 | DE46: 971225.83 | DH46: 314159.59 | DI46: =+IF(DE46="N/A","N/A",MIN(DE46:DH46)) -> 314159.59 | DJ46: =+IF(DE46="N/A","N/A",ROUND(AVERAGE(DE46:DH46),0)) -> 642693 | DK46: =+IF(DI46="N/A","N/A",AVERAGE(DI46:DJ46)) -> 478426.3
A47: 30 | B47: Cauchos Barra Estabilizadora | C47: 1 | E47: 49572.333 | H47: 94198.391 | I47: =+IF(E47="N/A","N/A",MIN(E47:H47)) -> 49572.333 | J47: =+IF(E47="N/A","N/A",ROUND(AVERAGE(E47:H47),0)) -> 71885 | K47: =+IF(I47="N/A","N/A",AVERAGE(I47:J47)) -> 60728.666 | M47: 56445.832 | P47: 26535.533 | Q47: =+IF(M47="N/A","N/A",MIN(M47:P47)) -> 26535.533 | R47: =+IF(M47="N/A","N/A",ROUND(AVERAGE(M47:P47),0)) -> 41491 | S47: =+IF(Q47="N/A","N/A",AVERAGE(Q47:R47)) -> 34013.266 | U47: 242176.79 | X47: 42124.448 | Y47: =+IF(U47="N/A","N/A",MIN(U47:X47)) -> 42124.448 | Z47: =+IF(U47="N/A","N/A",ROUND(AVERAGE(U47:X47),0)) -> 142151 | AA47: =+IF(Y47="N/A","N/A",AVERAGE(Y47:Z47)) -> 92137.724 | AC47: 27283.473 | AF47: 40566.038 | AG47: =+IF(AC47="N/A","N/A",MIN(AC47:AF47)) -> 27283.473 | AH47: =+IF(AC47="N/A","N/A",ROUND(AVERAGE(AC47:AF47),0)) -> 33925 | AI47: =+IF(AG47="N/A","N/A",AVERAGE(AG47:AH47)) -> 30604.236 | AK47: 102309.25 | AN47: 28924.771 | AO47: =+IF(AK47="N/A","N/A",MIN(AK47:AN47)) -> 28924.771 | AP47: =+IF(AK47="N/A","N/A",ROUND(AVERAGE(AK47:AN47),0)) -> 65617 | AQ47: =+IF(AO47="N/A","N/A",AVERAGE(AO47:AP47)) -> 47270.885 | AV47: 39732.777 | AW47: =+IF(AS47="N/A","N/A",MIN(AS47:AV47)) -> 39732.777 | AX47: =+IF(AS47="N/A","N/A",ROUND(AVERAGE(AS47:AV47),0)) -> 39733 | AY47: =+IF(AW47="N/A","N/A",AVERAGE(AW47:AX47)) -> 39732.888 | BA47: 46040.796 | BD47: 35331.89 | BE47: =+IF(BA47="N/A","N/A",MIN(BA47:BD47)) -> 35331.89 | BF47: =+IF(BA47="N/A","N/A",ROUND(AVERAGE(BA47:BD47),0)) -> 40686 | BG47: =+IF(BE47="N/A","N/A",AVERAGE(BE47:BF47)) -> 38008.945 | BI47: 47895 | BL47: 46334.776 | BM47: =+IF(BI47="N/A","N/A",MIN(BI47:BL47)) -> 46334.776 | BN47: =+IF(BI47="N/A","N/A",ROUND(AVERAGE(BI47:BL47),0)) -> 47115 | BO47: =+IF(BM47="N/A","N/A",AVERAGE(BM47:BN47)) -> 46724.888 | BQ47: 47895 | BT47: 48237.837 | BU47: =+IF(BQ47="N/A","N/A",MIN(BQ47:BT47)) -> 47895 | BV47: =+IF(BQ47="N/A","N/A",ROUND(AVERAGE(BQ47:BT47),0)) -> 48066 | BW47: =+IF(BU47="N/A","N/A",AVERAGE(BU47:BV47)) -> 47980.5 | CB47: 45172.956 | CC47: =+IF(BY47="N/A","N/A",MIN(BY47:CB47)) -> 45172.956 | CD47: =+IF(BY47="N/A","N/A",ROUND(AVERAGE(BY47:CB47),0)) -> 45173 | CE47: =+IF(CC47="N/A","N/A",AVERAGE(CC47:CD47)) -> 45172.978 | CG47: 49894.5 | CJ47: 48077.506 | CK47: =+IF(CG47="N/A","N/A",MIN(CG47:CJ47)) -> 48077.506 | CL47: =+IF(CG47="N/A","N/A",ROUND(AVERAGE(CG47:CJ47),0)) -> 48986 | CM47: =+IF(CK47="N/A","N/A",AVERAGE(CK47:CL47)) -> 48531.753 | CR47: 46334.776 | CS47: =+IF(CO47="N/A","N/A",MIN(CO47:CR47)) -> 46334.776 | CT47: =+IF(CO47="N/A","N/A",ROUND(AVERAGE(CO47:CR47),0)) -> 46335 | CU47: =+IF(CS47="N/A","N/A",AVERAGE(CS47:CT47)) -> 46334.888 | CW47: 47895 | CZ47: 29135.436 | DA47: =+IF(CW47="N/A","N/A",MIN(CW47:CZ47)) -> 29135.436 | DB47: =+IF(CW47="N/A","N/A",ROUND(AVERAGE(CW47:CZ47),0)) -> 38515 | DC47: =+IF(DA47="N/A","N/A",AVERAGE(DA47:DB47)) -> 33825.218 | DE47: 40126.873 | DH47: 19412.581 | DI47: =+IF(DE47="N/A","N/A",MIN(DE47:DH47)) -> 19412.581 | DJ47: =+IF(DE47="N/A","N/A",ROUND(AVERAGE(DE47:DH47),0)) -> 29770 | DK47: =+IF(DI47="N/A","N/A",AVERAGE(DI47:DJ47)) -> 24591.29
A48: 31 | B48: Buje Barra Estabilizadora | C48: 1 | E48: 49572.333 | H48: 69453.019 | I48: =+IF(E48="N/A","N/A",MIN(E48:H48)) -> 49572.333 | J48: =+IF(E48="N/A","N/A",ROUND(AVERAGE(E48:H48),0)) -> 59513 | K48: =+IF(I48="N/A","N/A",AVERAGE(I48:J48)) -> 54542.666 | M48: 56445.832 | P48: 40118.328 | Q48: =+IF(M48="N/A","N/A",MIN(M48:P48)) -> 40118.328 | R48: =+IF(M48="N/A","N/A",ROUND(AVERAGE(M48:P48),0)) -> 48282 | S48: =+IF(Q48="N/A","N/A",AVERAGE(Q48:R48)) -> 44200.164 | U48: 237943.14 | X48: 22520.298 | Y48: =+IF(U48="N/A","N/A",MIN(U48:X48)) -> 22520.298 | Z48: =+IF(U48="N/A","N/A",ROUND(AVERAGE(U48:X48),0)) -> 130232 | AA48: =+IF(Y48="N/A","N/A",AVERAGE(Y48:Z48)) -> 76376.149 | AC48: 36542.15 | AF48: 34439.59 | AG48: =+IF(AC48="N/A","N/A",MIN(AC48:AF48)) -> 34439.59 | AH48: =+IF(AC48="N/A","N/A",ROUND(AVERAGE(AC48:AF48),0)) -> 35491 | AI48: =+IF(AG48="N/A","N/A",AVERAGE(AG48:AH48)) -> 34965.295 | AK48: 100669.15 | AN48: 24880.447 | AO48: =+IF(AK48="N/A","N/A",MIN(AK48:AN48)) -> 24880.447 | AP48: =+IF(AK48="N/A","N/A",ROUND(AVERAGE(AK48:AN48),0)) -> 62775 | AQ48: =+IF(AO48="N/A","N/A",AVERAGE(AO48:AP48)) -> 43827.724 | AV48: 54733.597 | AW48: =+IF(AS48="N/A","N/A",MIN(AS48:AV48)) -> 54733.597 | AX48: =+IF(AS48="N/A","N/A",ROUND(AVERAGE(AS48:AV48),0)) -> 54734 | AY48: =+IF(AW48="N/A","N/A",AVERAGE(AW48:AX48)) -> 54733.799 | BA48: 38226.736 | BD48: 36143.645 | BE48: =+IF(BA48="N/A","N/A",MIN(BA48:BD48)) -> 36143.645 | BF48: =+IF(BA48="N/A","N/A",ROUND(AVERAGE(BA48:BD48),0)) -> 37185 | BG48: =+IF(BE48="N/A","N/A",AVERAGE(BE48:BF48)) -> 36664.322 | BI48: 33108 | BL48: 78056.296 | BM48: =+IF(BI48="N/A","N/A",MIN(BI48:BL48)) -> 33108 | BN48: =+IF(BI48="N/A","N/A",ROUND(AVERAGE(BI48:BL48),0)) -> 55582 | BO48: =+IF(BM48="N/A","N/A",AVERAGE(BM48:BN48)) -> 44345 | BQ48: 33108 | BT48: 79820.403 | BU48: =+IF(BQ48="N/A","N/A",MIN(BQ48:BT48)) -> 33108 | BV48: =+IF(BQ48="N/A","N/A",ROUND(AVERAGE(BQ48:BT48),0)) -> 56464 | BW48: =+IF(BU48="N/A","N/A",AVERAGE(BU48:BV48)) -> 44786 | CB48: 76894.476 | CC48: =+IF(BY48="N/A","N/A",MIN(BY48:CB48)) -> 76894.476 | CD48: =+IF(BY48="N/A","N/A",ROUND(AVERAGE(BY48:CB48),0)) -> 76894 | CE48: =+IF(CC48="N/A","N/A",AVERAGE(CC48:CD48)) -> 76894.238 | CG48: 33628.8 | CJ48: 81541.756 | CK48: =+IF(CG48="N/A","N/A",MIN(CG48:CJ48)) -> 33628.8 | CL48: =+IF(CG48="N/A","N/A",ROUND(AVERAGE(CG48:CJ48),0)) -> 57585 | CM48: =+IF(CK48="N/A","N/A",AVERAGE(CK48:CL48)) -> 45606.9 | CR48: 78056.296 | CS48: =+IF(CO48="N/A","N/A",MIN(CO48:CR48)) -> 78056.296 | CT48: =+IF(CO48="N/A","N/A",ROUND(AVERAGE(CO48:CR48),0)) -> 78056 | CU48: =+IF(CS48="N/A","N/A",AVERAGE(CS48:CT48)) -> 78056.148 | CW48: 33108 | CZ48: 41165.986 | DA48: =+IF(CW48="N/A","N/A",MIN(CW48:CZ48)) -> 33108 | DB48: =+IF(CW48="N/A","N/A",ROUND(AVERAGE(CW48:CZ48),0)) -> 37137 | DC48: =+IF(DA48="N/A","N/A",AVERAGE(DA48:DB48)) -> 35122.5 | DE48: 58555.569 | DH48: 27131.562 | DI48: =+IF(DE48="N/A","N/A",MIN(DE48:DH48)) -> 27131.562 | DJ48: =+IF(DE48="N/A","N/A",ROUND(AVERAGE(DE48:DH48),0)) -> 42844 | DK48: =+IF(DI48="N/A","N/A",AVERAGE(DI48:DJ48)) -> 34987.781
A49: 32 | B49: Muñeco Barra Estabilizadora | C49: 1 | E49: 211373.8 | H49: 102468.81 | I49: =+IF(E49="N/A","N/A",MIN(E49:H49)) -> 102468.81 | J49: =+IF(E49="N/A","N/A",ROUND(AVERAGE(E49:H49),0)) -> 156921 | K49: =+IF(I49="N/A","N/A",AVERAGE(I49:J49)) -> 129694.9 | M49: 196680 | P49: 81692.863 | Q49: =+IF(M49="N/A","N/A",MIN(M49:P49)) -> 81692.863 | R49: =+IF(M49="N/A","N/A",ROUND(AVERAGE(M49:P49),0)) -> 139186 | S49: =+IF(Q49="N/A","N/A",AVERAGE(Q49:R49)) -> 110439.43 | U49: 154306.49 | X49: 68406.108 | Y49: =+IF(U49="N/A","N/A",MIN(U49:X49)) -> 68406.108 | Z49: =+IF(U49="N/A","N/A",ROUND(AVERAGE(U49:X49),0)) -> 111356 | AA49: =+IF(Y49="N/A","N/A",AVERAGE(Y49:Z49)) -> 89881.054 | AC49: 153395.47 | AF49: 89995.036 | AG49: =+IF(AC49="N/A","N/A",MIN(AC49:AF49)) -> 89995.036 | AH49: =+IF(AC49="N/A","N/A",ROUND(AVERAGE(AC49:AF49),0)) -> 121695 | AI49: =+IF(AG49="N/A","N/A",AVERAGE(AG49:AH49)) -> 105845.02 | AK49: 276594.73 | AN49: 60281.267 | AO49: =+IF(AK49="N/A","N/A",MIN(AK49:AN49)) -> 60281.267 | AP49: =+IF(AK49="N/A","N/A",ROUND(AVERAGE(AK49:AN49),0)) -> 168438 | AQ49: =+IF(AO49="N/A","N/A",AVERAGE(AO49:AP49)) -> 114359.63 | AV49: 74005.061 | AW49: =+IF(AS49="N/A","N/A",MIN(AS49:AV49)) -> 74005.061 | AX49: =+IF(AS49="N/A","N/A",ROUND(AVERAGE(AS49:AV49),0)) -> 74005 | AY49: =+IF(AW49="N/A","N/A",AVERAGE(AW49:AX49)) -> 74005.03 | BA49: 152374.83 | BD49: 73099.819 | BE49: =+IF(BA49="N/A","N/A",MIN(BA49:BD49)) -> 73099.819 | BF49: =+IF(BA49="N/A","N/A",ROUND(AVERAGE(BA49:BD49),0)) -> 112737 | BG49: =+IF(BE49="N/A","N/A",AVERAGE(BE49:BF49)) -> 92918.41 | BI49: 197811 | BL49: 115882.72 | BM49: =+IF(BI49="N/A","N/A",MIN(BI49:BL49)) -> 115882.72 | BN49: =+IF(BI49="N/A","N/A",ROUND(AVERAGE(BI49:BL49),0)) -> 156847 | BO49: =+IF(BM49="N/A","N/A",AVERAGE(BM49:BN49)) -> 136364.86 | BQ49: 197811 | BT49: 119686.51 | BU49: =+IF(BQ49="N/A","N/A",MIN(BQ49:BT49)) -> 119686.51 | BV49: =+IF(BQ49="N/A","N/A",ROUND(AVERAGE(BQ49:BT49),0)) -> 158749 | BW49: =+IF(BU49="N/A","N/A",AVERAGE(BU49:BV49)) -> 139217.76 | CB49: 114139.99 | CC49: =+IF(BY49="N/A","N/A",MIN(BY49:CB49)) -> 114139.99 | CD49: =+IF(BY49="N/A","N/A",ROUND(AVERAGE(BY49:CB49),0)) -> 114140 | CE49: =+IF(CC49="N/A","N/A",AVERAGE(CC49:CD49)) -> 114139.99 | CG49: 205502.1 | CJ49: 114139.99 | CK49: =+IF(CG49="N/A","N/A",MIN(CG49:CJ49)) -> 114139.99 | CL49: =+IF(CG49="N/A","N/A",ROUND(AVERAGE(CG49:CJ49),0)) -> 159821 | CM49: =+IF(CK49="N/A","N/A",AVERAGE(CK49:CL49)) -> 136980.49 | CR49: 110770.71 | CS49: =+IF(CO49="N/A","N/A",MIN(CO49:CR49)) -> 110770.71 | CT49: =+IF(CO49="N/A","N/A",ROUND(AVERAGE(CO49:CR49),0)) -> 110771 | CU49: =+IF(CS49="N/A","N/A",AVERAGE(CS49:CT49)) -> 110770.85 | CW49: 197811 | CZ49: 78762.668 | DA49: =+IF(CW49="N/A","N/A",MIN(CW49:CZ49)) -> 78762.668 | DB49: =+IF(CW49="N/A","N/A",ROUND(AVERAGE(CW49:CZ49),0)) -> 138287 | DC49: =+IF(DA49="N/A","N/A",AVERAGE(DA49:DB49)) -> 108524.83 | DE49: 173215.69 | DH49: 71817.798 | DI49: =+IF(DE49="N/A","N/A",MIN(DE49:DH49)) -> 71817.798 | DJ49: =+IF(DE49="N/A","N/A",ROUND(AVERAGE(DE49:DH49),0)) -> 122517 | DK49: =+IF(DI49="N/A","N/A",AVERAGE(DI49:DJ49)) -> 97167.399
A50: 33 | B50: Rotula Inferior | C50: 1 | E50: 408664.17 | H50: 155157.34 | I50: =+IF(E50="N/A","N/A",MIN(E50:H50)) -> 155157.34 | J50: =+IF(E50="N/A","N/A",ROUND(AVERAGE(E50:H50),0)) -> 281911 | K50: =+IF(I50="N/A","N/A",AVERAGE(I50:J50)) -> 218534.17 | M50: 337332.2 | P50: 124901.36 | Q50: =+IF(M50="N/A","N/A",MIN(M50:P50)) -> 124901.36 | R50: =+IF(M50="N/A","N/A",ROUND(AVERAGE(M50:P50),0)) -> 231117 | S50: =+IF(Q50="N/A","N/A",AVERAGE(Q50:R50)) -> 178009.18 | U50: 306254.09 | X50: 105726.73 | Y50: =+IF(U50="N/A","N/A",MIN(U50:X50)) -> 105726.73 | Z50: =+IF(U50="N/A","N/A",ROUND(AVERAGE(U50:X50),0)) -> 205990 | AA50: =+IF(Y50="N/A","N/A",AVERAGE(Y50:Z50)) -> 155858.36 | AC50: 343629.27 | AF50: 145675.54 | AG50: =+IF(AC50="N/A","N/A",MIN(AC50:AF50)) -> 145675.54 | AH50: =+IF(AC50="N/A","N/A",ROUND(AVERAGE(AC50:AF50),0)) -> 244652 | AI50: =+IF(AG50="N/A","N/A",AVERAGE(AG50:AH50)) -> 195163.77 | AK50: 441452.33 | AN50: 99548.853 | AO50: =+IF(AK50="N/A","N/A",MIN(AK50:AN50)) -> 99548.853 | AP50: =+IF(AK50="N/A","N/A",ROUND(AVERAGE(AK50:AN50),0)) -> 270501 | AQ50: =+IF(AO50="N/A","N/A",AVERAGE(AO50:AP50)) -> 185024.93 | AV50: 152566.34 | AW50: =+IF(AS50="N/A","N/A",MIN(AS50:AV50)) -> 152566.34 | AX50: =+IF(AS50="N/A","N/A",ROUND(AVERAGE(AS50:AV50),0)) -> 152566 | AY50: =+IF(AW50="N/A","N/A",AVERAGE(AW50:AX50)) -> 152566.17 | BA50: 363418.3 | BD50: 142643.81 | BE50: =+IF(BA50="N/A","N/A",MIN(BA50:BD50)) -> 142643.81 | BF50: =+IF(BA50="N/A","N/A",ROUND(AVERAGE(BA50:BD50),0)) -> 253031 | BG50: =+IF(BE50="N/A","N/A",AVERAGE(BE50:BF50)) -> 197837.41 | BI50: 312697 | BL50: 255996 | BM50: =+IF(BI50="N/A","N/A",MIN(BI50:BL50)) -> 255996 | BN50: =+IF(BI50="N/A","N/A",ROUND(AVERAGE(BI50:BL50),0)) -> 284346 | BO50: =+IF(BM50="N/A","N/A",AVERAGE(BM50:BN50)) -> 270171 | BQ50: 312697 | BT50: 260334.24 | BU50: =+IF(BQ50="N/A","N/A",MIN(BQ50:BT50)) -> 260334.24 | BV50: =+IF(BQ50="N/A","N/A",ROUND(AVERAGE(BQ50:BT50),0)) -> 286516 | BW50: =+IF(BU50="N/A","N/A",AVERAGE(BU50:BV50)) -> 273425.12 | CB50: 244377.8 | CC50: =+IF(BY50="N/A","N/A",MIN(BY50:CB50)) -> 244377.8 | CD50: =+IF(BY50="N/A","N/A",ROUND(AVERAGE(BY50:CB50),0)) -> 244378 | CE50: =+IF(CC50="N/A","N/A",AVERAGE(CC50:CD50)) -> 244377.9 | CG50: 326916.7 | CJ50: 274585.12 | CK50: =+IF(CG50="N/A","N/A",MIN(CG50:CJ50)) -> 274585.12 | CL50: =+IF(CG50="N/A","N/A",ROUND(AVERAGE(CG50:CJ50),0)) -> 300751 | CM50: =+IF(CK50="N/A","N/A",AVERAGE(CK50:CL50)) -> 287668.06 | CR50: 255996 | CS50: =+IF(CO50="N/A","N/A",MIN(CO50:CR50)) -> 255996 | CT50: =+IF(CO50="N/A","N/A",ROUND(AVERAGE(CO50:CR50),0)) -> 255996 | CU50: =+IF(CS50="N/A","N/A",AVERAGE(CS50:CT50)) -> 255996 | CW50: 312697 | CZ50: 154332.12 | DA50: =+IF(CW50="N/A","N/A",MIN(CW50:CZ50)) -> 154332.12 | DB50: =+IF(CW50="N/A","N/A",ROUND(AVERAGE(CW50:CZ50),0)) -> 233515 | DC50: =+IF(DA50="N/A","N/A",AVERAGE(DA50:DB50)) -> 193923.56 | DE50: 331084.06 | DH50: 133380.63 | DI50: =+IF(DE50="N/A","N/A",MIN(DE50:DH50)) -> 133380.63 | DJ50: =+IF(DE50="N/A","N/A",ROUND(AVERAGE(DE50:DH50),0)) -> 232232 | DK50: =+IF(DI50="N/A","N/A",AVERAGE(DI50:DJ50)) -> 182806.31
A51: 34 | B51: Rotula Superior | C51: 1 | E51: 521782.67 | H51: 169680.09 | I51: =+IF(E51="N/A","N/A",MIN(E51:H51)) -> 169680.09 | J51: =+IF(E51="N/A","N/A",ROUND(AVERAGE(E51:H51),0)) -> 345731 | K51: =+IF(I51="N/A","N/A",AVERAGE(I51:J51)) -> 257705.55 | M51: 437514.99 | P51: 134583.88 | Q51: =+IF(M51="N/A","N/A",MIN(M51:P51)) -> 134583.88 | R51: =+IF(M51="N/A","N/A",ROUND(AVERAGE(M51:P51),0)) -> 286049 | S51: =+IF(Q51="N/A","N/A",AVERAGE(Q51:R51)) -> 210316.44 | U51: N/A | V51: N/A | W51: N/A | X51: N/A | Y51: N/A | Z51: N/A | AA51: N/A | AC51: 293243 | AF51: 159962.44 | AG51: =+IF(AC51="N/A","N/A",MIN(AC51:AF51)) -> 159962.44 | AH51: =+IF(AC51="N/A","N/A",ROUND(AVERAGE(AC51:AF51),0)) -> 226603 | AI51: =+IF(AG51="N/A","N/A",AVERAGE(AG51:AH51)) -> 193282.72 | AK51: N/A | AL51: N/A | AM51: N/A | AN51: N/A | AO51: N/A | AP51: N/A | AQ51: N/A | AV51: 151950.02 | AW51: =+IF(AS51="N/A","N/A",MIN(AS51:AV51)) -> 151950.02 | AX51: =+IF(AS51="N/A","N/A",ROUND(AVERAGE(AS51:AV51),0)) -> 151950 | AY51: =+IF(AW51="N/A","N/A",AVERAGE(AW51:AX51)) -> 151950.01 | BA51: 299091.76 | BD51: 157035.89 | BE51: =+IF(BA51="N/A","N/A",MIN(BA51:BD51)) -> 157035.89 | BF51: =+IF(BA51="N/A","N/A",ROUND(AVERAGE(BA51:BD51),0)) -> 228064 | BG51: =+IF(BE51="N/A","N/A",AVERAGE(BE51:BF51)) -> 192549.94 | BI51: 354977.9 | BL51: 299188.63 | BM51: =+IF(BI51="N/A","N/A",MIN(BI51:BL51)) -> 299188.63 | BN51: =+IF(BI51="N/A","N/A",ROUND(AVERAGE(BI51:BL51),0)) -> 327083 | BO51: =+IF(BM51="N/A","N/A",AVERAGE(BM51:BN51)) -> 313135.82 | BQ51: 354977.9 | BT51: 316524.85 | BU51: =+IF(BQ51="N/A","N/A",MIN(BQ51:BT51)) -> 316524.85 | BV51: =+IF(BQ51="N/A","N/A",ROUND(AVERAGE(BQ51:BT51),0)) -> 335751 | BW51: =+IF(BU51="N/A","N/A",AVERAGE(BU51:BV51)) -> 326137.92 | CB51: 275704.88 | CC51: =+IF(BY51="N/A","N/A",MIN(BY51:CB51)) -> 275704.88 | CD51: =+IF(BY51="N/A","N/A",ROUND(AVERAGE(BY51:CB51),0)) -> 275705 | CE51: =+IF(CC51="N/A","N/A",AVERAGE(CC51:CD51)) -> 275704.94 | CG51: 373122.2 | CJ51: 294192.81 | CK51: =+IF(CG51="N/A","N/A",MIN(CG51:CJ51)) -> 294192.81 | CL51: =+IF(CG51="N/A","N/A",ROUND(AVERAGE(CG51:CJ51),0)) -> 333658 | CM51: =+IF(CK51="N/A","N/A",AVERAGE(CK51:CL51)) -> 313925.4 | CR51: 299188.63 | CS51: =+IF(CO51="N/A","N/A",MIN(CO51:CR51)) -> 299188.63 | CT51: =+IF(CO51="N/A","N/A",ROUND(AVERAGE(CO51:CR51),0)) -> 299189 | CU51: =+IF(CS51="N/A","N/A",AVERAGE(CS51:CT51)) -> 299188.82 | CW51: 354977.9 | CZ51: 164053.5 | DA51: =+IF(CW51="N/A","N/A",MIN(CW51:CZ51)) -> 164053.5 | DB51: =+IF(CW51="N/A","N/A",ROUND(AVERAGE(CW51:CZ51),0)) -> 259516 | DC51: =+IF(DA51="N/A","N/A",AVERAGE(DA51:DB51)) -> 211784.75 | DE51: N/A | DF51: N/A | DG51: N/A | DH51: N/A | DI51: N/A | DJ51: N/A | DK51: N/A
A52: 35 | B52: Juego Bujes Tijeras Superior (par) | C52: 1 | E52: 185118.19 | H52: 143448.52 | I52: =+IF(E52="N/A","N/A",MIN(E52:H52)) -> 143448.52 | J52: =+IF(E52="N/A","N/A",ROUND(AVERAGE(E52:H52),0)) -> 164283 | K52: =+IF(I52="N/A","N/A",AVERAGE(I52:J52)) -> 153865.76 | M52: 207339.54 | P52: 92853.464 | Q52: =+IF(M52="N/A","N/A",MIN(M52:P52)) -> 92853.464 | R52: =+IF(M52="N/A","N/A",ROUND(AVERAGE(M52:P52),0)) -> 150096 | S52: =+IF(Q52="N/A","N/A",AVERAGE(Q52:R52)) -> 121474.73 | U52: N/A | V52: N/A | W52: N/A | X52: N/A | Y52: N/A | Z52: N/A | AA52: N/A | AC52: 286022.04 | AF52: 133168.6 | AG52: =+IF(AC52="N/A","N/A",MIN(AC52:AF52)) -> 133168.6 | AH52: =+IF(AC52="N/A","N/A",ROUND(AVERAGE(AC52:AF52),0)) -> 209595 | AI52: =+IF(AG52="N/A","N/A",AVERAGE(AG52:AH52)) -> 171381.8 | AK52: N/A | AL52: N/A | AM52: N/A | AN52: N/A | AO52: N/A | AP52: N/A | AQ52: N/A | AV52: 123887.42 | AW52: =+IF(AS52="N/A","N/A",MIN(AS52:AV52)) -> 123887.42 | AX52: =+IF(AS52="N/A","N/A",ROUND(AVERAGE(AS52:AV52),0)) -> 123887 | AY52: =+IF(AW52="N/A","N/A",AVERAGE(AW52:AX52)) -> 123887.21 | BA52: 284635.85 | BD52: 119976.15 | BE52: =+IF(BA52="N/A","N/A",MIN(BA52:BD52)) -> 119976.15 | BF52: =+IF(BA52="N/A","N/A",ROUND(AVERAGE(BA52:BD52),0)) -> 202306 | BG52: =+IF(BE52="N/A","N/A",AVERAGE(BE52:BF52)) -> 161141.07 | BI52: 367753 | BL52: 190293.1 | BM52: =+IF(BI52="N/A","N/A",MIN(BI52:BL52)) -> 190293.1 | BN52: =+IF(BI52="N/A","N/A",ROUND(AVERAGE(BI52:BL52),0)) -> 279023 | BO52: =+IF(BM52="N/A","N/A",AVERAGE(BM52:BN52)) -> 234658.05 | BQ52: 367753 | BT52: 198168.85 | BU52: =+IF(BQ52="N/A","N/A",MIN(BQ52:BT52)) -> 198168.85 | BV52: =+IF(BQ52="N/A","N/A",ROUND(AVERAGE(BQ52:BT52),0)) -> 282961 | BW52: =+IF(BU52="N/A","N/A",AVERAGE(BU52:BV52)) -> 240564.92 | CB52: 175654.17 | CC52: =+IF(BY52="N/A","N/A",MIN(BY52:CB52)) -> 175654.17 | CD52: =+IF(BY52="N/A","N/A",ROUND(AVERAGE(BY52:CB52),0)) -> 175654 | CE52: =+IF(CC52="N/A","N/A",AVERAGE(CC52:CD52)) -> 175654.09 | CG52: 389338.3 | CJ52: 193778.56 | CK52: =+IF(CG52="N/A","N/A",MIN(CG52:CJ52)) -> 193778.56 | CL52: =+IF(CG52="N/A","N/A",ROUND(AVERAGE(CG52:CJ52),0)) -> 291558 | CM52: =+IF(CK52="N/A","N/A",AVERAGE(CK52:CL52)) -> 242668.28 | CR52: 190293.1 | CS52: =+IF(CO52="N/A","N/A",MIN(CO52:CR52)) -> 190293.1 | CT52: =+IF(CO52="N/A","N/A",ROUND(AVERAGE(CO52:CR52),0)) -> 190293 | CU52: =+IF(CS52="N/A","N/A",AVERAGE(CS52:CT52)) -> 190293.05 | CW52: 367753 | CZ52: 125637.59 | DA52: =+IF(CW52="N/A","N/A",MIN(CW52:CZ52)) -> 125637.59 | DB52: =+IF(CW52="N/A","N/A",ROUND(AVERAGE(CW52:CZ52),0)) -> 246695 | DC52: =+IF(DA52="N/A","N/A",AVERAGE(DA52:DB52)) -> 186166.3 | DH52: 122601.52 | DI52: =+IF(DE52="N/A","N/A",MIN(DE52:DH52)) -> 122601.52 | DJ52: =+IF(DE52="N/A","N/A",ROUND(AVERAGE(DE52:DH52),0)) -> 122602 | DK52: =+IF(DI52="N/A","N/A",AVERAGE(DI52:DJ52)) -> 122601.76
A53: 36 | B53: Juego Bujes Tijeras Inferior (par) | C53: 1 | E53: 320403.08 | H53: 136477.6 | I53: =+IF(E53="N/A","N/A",MIN(E53:H53)) -> 136477.6 | J53: =+IF(E53="N/A","N/A",ROUND(AVERAGE(E53:H53),0)) -> 228440 | K53: =+IF(I53="N/A","N/A",AVERAGE(I53:J53)) -> 182458.8 | M53: 227541.46 | P53: 94596.194 | Q53: =+IF(M53="N/A","N/A",MIN(M53:P53)) -> 94596.194 | R53: =+IF(M53="N/A","N/A",ROUND(AVERAGE(M53:P53),0)) -> 161069 | S53: =+IF(Q53="N/A","N/A",AVERAGE(Q53:R53)) -> 127832.6 | U53: 461786.75 | X53: 85277.263 | Y53: =+IF(U53="N/A","N/A",MIN(U53:X53)) -> 85277.263 | Z53: =+IF(U53="N/A","N/A",ROUND(AVERAGE(U53:X53),0)) -> 273532 | AA53: =+IF(Y53="N/A","N/A",AVERAGE(Y53:Z53)) -> 179404.63 | AC53: 232506.63 | AF53: 129683.14 | AG53: =+IF(AC53="N/A","N/A",MIN(AC53:AF53)) -> 129683.14 | AH53: =+IF(AC53="N/A","N/A",ROUND(AVERAGE(AC53:AF53),0)) -> 181095 | AI53: =+IF(AG53="N/A","N/A",AVERAGE(AG53:AH53)) -> 155389.07 | AK53: 459949.27 | AN53: 90254.417 | AO53: =+IF(AK53="N/A","N/A",MIN(AK53:AN53)) -> 90254.417 | AP53: =+IF(AK53="N/A","N/A",ROUND(AVERAGE(AK53:AN53),0)) -> 275102 | AQ53: =+IF(AO53="N/A","N/A",AVERAGE(AO53:AP53)) -> 182678.21 | AV53: 112298.27 | AW53: =+IF(AS53="N/A","N/A",MIN(AS53:AV53)) -> 112298.27 | AX53: =+IF(AS53="N/A","N/A",ROUND(AVERAGE(AS53:AV53),0)) -> 112298 | AY53: =+IF(AW53="N/A","N/A",AVERAGE(AW53:AX53)) -> 112298.13 | BA53: 231157.05 | BD53: 116490.69 | BE53: =+IF(BA53="N/A","N/A",MIN(BA53:BD53)) -> 116490.69 | BF53: =+IF(BA53="N/A","N/A",ROUND(AVERAGE(BA53:BD53),0)) -> 173824 | BG53: =+IF(BE53="N/A","N/A",AVERAGE(BE53:BF53)) -> 145157.34 | BI53: 481659.4 | BL53: 175189.44 | BM53: =+IF(BI53="N/A","N/A",MIN(BI53:BL53)) -> 175189.44 | BN53: =+IF(BI53="N/A","N/A",ROUND(AVERAGE(BI53:BL53),0)) -> 328424 | BO53: =+IF(BM53="N/A","N/A",AVERAGE(BM53:BN53)) -> 251806.72 | BQ53: 481659.4 | BT53: 183065.19 | BU53: =+IF(BQ53="N/A","N/A",MIN(BQ53:BT53)) -> 183065.19 | BV53: =+IF(BQ53="N/A","N/A",ROUND(AVERAGE(BQ53:BT53),0)) -> 332362 | BW53: =+IF(BU53="N/A","N/A",AVERAGE(BU53:BV53)) -> 257713.59 | CB53: 171703.98 | CC53: =+IF(BY53="N/A","N/A",MIN(BY53:CB53)) -> 171703.98 | CD53: =+IF(BY53="N/A","N/A",ROUND(AVERAGE(BY53:CB53),0)) -> 171704 | CE53: =+IF(CC53="N/A","N/A",AVERAGE(CC53:CD53)) -> 171703.99 | CG53: 514637.2 | CJ53: 175770.35 | CK53: =+IF(CG53="N/A","N/A",MIN(CG53:CJ53)) -> 175770.35 | CL53: =+IF(CG53="N/A","N/A",ROUND(AVERAGE(CG53:CJ53),0)) -> 345204 | CM53: =+IF(CK53="N/A","N/A",AVERAGE(CK53:CL53)) -> 260487.18 | CR53: 178093.99 | CS53: =+IF(CO53="N/A","N/A",MIN(CO53:CR53)) -> 178093.99 | CT53: =+IF(CO53="N/A","N/A",ROUND(AVERAGE(CO53:CR53),0)) -> 178094 | CU53: =+IF(CS53="N/A","N/A",AVERAGE(CS53:CT53)) -> 178094 | CW53: 481659.4 | CZ53: 119712.31 | DA53: =+IF(CW53="N/A","N/A",MIN(CW53:CZ53)) -> 119712.31 | DB53: =+IF(CW53="N/A","N/A",ROUND(AVERAGE(CW53:CZ53),0)) -> 300686 | DC53: =+IF(DA53="N/A","N/A",AVERAGE(DA53:DB53)) -> 210199.16 | DE53: 194089.87 | DH53: 109095.36 | DI53: =+IF(DE53="N/A","N/A",MIN(DE53:DH53)) -> 109095.36 | DJ53: =+IF(DE53="N/A","N/A",ROUND(AVERAGE(DE53:DH53),0)) -> 151593 | DK53: =+IF(DI53="N/A","N/A",AVERAGE(DI53:DJ53)) -> 130344.18
A54: 37 | B54: Buje Muelle | C54: 1 | E54: 94738.952 | H54: 74804.362 | I54: =+IF(E54="N/A","N/A",MIN(E54:H54)) -> 74804.362 | J54: =+IF(E54="N/A","N/A",ROUND(AVERAGE(E54:H54),0)) -> 84772 | K54: =+IF(I54="N/A","N/A",AVERAGE(I54:J54)) -> 79788.181 | M54: 65753.991 | P54: 48660.364 | Q54: =+IF(M54="N/A","N/A",MIN(M54:P54)) -> 48660.364 | R54: =+IF(M54="N/A","N/A",ROUND(AVERAGE(M54:P54),0)) -> 57207 | S54: =+IF(Q54="N/A","N/A",AVERAGE(Q54:R54)) -> 52933.682 | U54: N/A | V54: N/A | W54: N/A | X54: N/A | Y54: N/A | Z54: N/A | AA54: N/A | AC54: 40571.534 | AF54: 56286.867 | AG54: =+IF(AC54="N/A","N/A",MIN(AC54:AF54)) -> 40571.534 | AH54: =+IF(AC54="N/A","N/A",ROUND(AVERAGE(AC54:AF54),0)) -> 48429 | AI54: =+IF(AG54="N/A","N/A",AVERAGE(AG54:AH54)) -> 44500.267 | AK54: N/A | AL54: N/A | AM54: N/A | AN54: N/A | AO54: N/A | AP54: N/A | AQ54: N/A | AV54: 58961.16 | AW54: =+IF(AS54="N/A","N/A",MIN(AS54:AV54)) -> 58961.16 | AX54: =+IF(AS54="N/A","N/A",ROUND(AVERAGE(AS54:AV54),0)) -> 58961 | AY54: =+IF(AW54="N/A","N/A",AVERAGE(AW54:AX54)) -> 58961.08 | BA54: 42414.087 | BD54: 61532.733 | BE54: =+IF(BA54="N/A","N/A",MIN(BA54:BD54)) -> 42414.087 | BF54: =+IF(BA54="N/A","N/A",ROUND(AVERAGE(BA54:BD54),0)) -> 51973 | BG54: =+IF(BE54="N/A","N/A",AVERAGE(BE54:BF54)) -> 47193.543 | BI54: 70494 | BL54: 87633.643 | BM54: =+IF(BI54="N/A","N/A",MIN(BI54:BL54)) -> 70494 | BN54: =+IF(BI54="N/A","N/A",ROUND(AVERAGE(BI54:BL54),0)) -> 79064 | BO54: =+IF(BM54="N/A","N/A",AVERAGE(BM54:BN54)) -> 74779 | BQ54: 70494 | BT54: 89890.71 | BU54: =+IF(BQ54="N/A","N/A",MIN(BQ54:BT54)) -> 70494 | BV54: =+IF(BQ54="N/A","N/A",ROUND(AVERAGE(BQ54:BT54),0)) -> 80192 | BW54: =+IF(BU54="N/A","N/A",AVERAGE(BU54:BV54)) -> 75343 | CB54: 95766.383 | CC54: =+IF(BY54="N/A","N/A",MIN(BY54:CB54)) -> 95766.383 | CD54: =+IF(BY54="N/A","N/A",ROUND(AVERAGE(BY54:CB54),0)) -> 95766 | CE54: =+IF(CC54="N/A","N/A",AVERAGE(CC54:CD54)) -> 95766.191 | CG54: 73823.4 | CJ54: 92280.923 | CK54: =+IF(CG54="N/A","N/A",MIN(CG54:CJ54)) -> 73823.4 | CL54: =+IF(CG54="N/A","N/A",ROUND(AVERAGE(CG54:CJ54),0)) -> 83052 | CM54: =+IF(CK54="N/A","N/A",AVERAGE(CK54:CL54)) -> 78437.7 | CR54: 87633.643 | CS54: =+IF(CO54="N/A","N/A",MIN(CO54:CR54)) -> 87633.643 | CT54: =+IF(CO54="N/A","N/A",ROUND(AVERAGE(CO54:CR54),0)) -> 87634 | CU54: =+IF(CS54="N/A","N/A",AVERAGE(CS54:CT54)) -> 87633.821 | CW54: 70494 | CZ54: 61389.212 | DA54: =+IF(CW54="N/A","N/A",MIN(CW54:CZ54)) -> 61389.212 | DB54: =+IF(CW54="N/A","N/A",ROUND(AVERAGE(CW54:CZ54),0)) -> 65942 | DC54: =+IF(DA54="N/A","N/A",AVERAGE(DA54:DB54)) -> 63665.606 | DE54: N/A | DF54: N/A | DG54: N/A | DH54: N/A | DI54: N/A | DJ54: N/A | DK54: N/A
A55: 38 | B55: Guardapolvo Semieje | C55: 1 | E55: 192133.84 | H55: 49642.942 | I55: =+IF(E55="N/A","N/A",MIN(E55:H55)) -> 49642.942 | J55: =+IF(E55="N/A","N/A",ROUND(AVERAGE(E55:H55),0)) -> 120888 | K55: =+IF(I55="N/A","N/A",AVERAGE(I55:J55)) -> 85265.471 | M55: 128437.99 | P55: 38598.43 | Q55: =+IF(M55="N/A","N/A",MIN(M55:P55)) -> 38598.43 | R55: =+IF(M55="N/A","N/A",ROUND(AVERAGE(M55:P55),0)) -> 83518 | S55: =+IF(Q55="N/A","N/A",AVERAGE(Q55:R55)) -> 61058.215 | U55: 227446.58 | X55: 30747.145 | Y55: =+IF(U55="N/A","N/A",MIN(U55:X55)) -> 30747.145 | Z55: =+IF(U55="N/A","N/A",ROUND(AVERAGE(U55:X55),0)) -> 129097 | AA55: =+IF(Y55="N/A","N/A",AVERAGE(Y55:Z55)) -> 79922.073 | AC55: 68407.372 | AF55: 38641.06 | AG55: =+IF(AC55="N/A","N/A",MIN(AC55:AF55)) -> 38641.06 | AH55: =+IF(AC55="N/A","N/A",ROUND(AVERAGE(AC55:AF55),0)) -> 53524 | AI55: =+IF(AG55="N/A","N/A",AVERAGE(AG55:AH55)) -> 46082.53 | AK55: 140941.41 | AN55: 31170.149 | AO55: =+IF(AK55="N/A","N/A",MIN(AK55:AN55)) -> 31170.149 | AP55: =+IF(AK55="N/A","N/A",ROUND(AVERAGE(AK55:AN55),0)) -> 86056 | AQ55: =+IF(AO55="N/A","N/A",AVERAGE(AO55:AP55)) -> 58613.074 | AV55: 37775.778 | AW55: =+IF(AS55="N/A","N/A",MIN(AS55:AV55)) -> 37775.778 | AX55: =+IF(AS55="N/A","N/A",ROUND(AVERAGE(AS55:AV55),0)) -> 37776 | AY55: =+IF(AW55="N/A","N/A",AVERAGE(AW55:AX55)) -> 37775.889 | BA55: 70774.065 | BD55: 41777.164 | BE55: =+IF(BA55="N/A","N/A",MIN(BA55:BD55)) -> 41777.164 | BF55: =+IF(BA55="N/A","N/A",ROUND(AVERAGE(BA55:BD55),0)) -> 56276 | BG55: =+IF(BE55="N/A","N/A",AVERAGE(BE55:BF55)) -> 49026.582 | BI55: 91977 | BL55: 56900.135 | BM55: =+IF(BI55="N/A","N/A",MIN(BI55:BL55)) -> 56900.135 | BN55: =+IF(BI55="N/A","N/A",ROUND(AVERAGE(BI55:BL55),0)) -> 74439 | BO55: =+IF(BM55="N/A","N/A",AVERAGE(BM55:BN55)) -> 65669.567 | BQ55: 91977 | BT55: 58756.142 | BU55: =+IF(BQ55="N/A","N/A",MIN(BQ55:BT55)) -> 58756.142 | BV55: =+IF(BQ55="N/A","N/A",ROUND(AVERAGE(BQ55:BT55),0)) -> 75367 | BW55: =+IF(BU55="N/A","N/A",AVERAGE(BU55:BV55)) -> 67061.571 | CB55: 47605.574 | CC55: =+IF(BY55="N/A","N/A",MIN(BY55:CB55)) -> 47605.574 | CD55: =+IF(BY55="N/A","N/A",ROUND(AVERAGE(BY55:CB55),0)) -> 47606 | CE55: =+IF(CC55="N/A","N/A",AVERAGE(CC55:CD55)) -> 47605.787 | CG55: 98384.7 | CJ55: 47605.574 | CK55: =+IF(CG55="N/A","N/A",MIN(CG55:CJ55)) -> 47605.574 | CL55: =+IF(CG55="N/A","N/A",ROUND(AVERAGE(CG55:CJ55),0)) -> 72995 | CM55: =+IF(CK55="N/A","N/A",AVERAGE(CK55:CL55)) -> 60300.287 | CR55: 56900.135 | CS55: =+IF(CO55="N/A","N/A",MIN(CO55:CR55)) -> 56900.135 | CT55: =+IF(CO55="N/A","N/A",ROUND(AVERAGE(CO55:CR55),0)) -> 56900 | CU55: =+IF(CS55="N/A","N/A",AVERAGE(CS55:CT55)) -> 56900.067 | CW55: 91977 | CZ55: 44025.485 | DA55: =+IF(CW55="N/A","N/A",MIN(CW55:CZ55)) -> 44025.485 | DB55: =+IF(CW55="N/A","N/A",ROUND(AVERAGE(CW55:CZ55),0)) -> 68001 | DC55: =+IF(DA55="N/A","N/A",AVERAGE(DA55:DB55)) -> 56013.242 | DE55: 78244.772 | DH55: 36993.992 | DI55: =+IF(DE55="N/A","N/A",MIN(DE55:DH55)) -> 36993.992 | DJ55: =+IF(DE55="N/A","N/A",ROUND(AVERAGE(DE55:DH55),0)) -> 57619 | DK55: =+IF(DI55="N/A","N/A",AVERAGE(DI55:DJ55)) -> 47306.496
A56: 39 | B56: Guardapolvo Brazo De Direccion | C56: 1 | E56: 97247.822 | H56: 34974.151 | I56: =+IF(E56="N/A","N/A",MIN(E56:H56)) -> 34974.151 | J56: =+IF(E56="N/A","N/A",ROUND(AVERAGE(E56:H56),0)) -> 66111 | K56: =+IF(I56="N/A","N/A",AVERAGE(I56:J56)) -> 50542.576 | M56: 97247.822 | P56: 33924.557 | Q56: =+IF(M56="N/A","N/A",MIN(M56:P56)) -> 33924.557 | R56: =+IF(M56="N/A","N/A",ROUND(AVERAGE(M56:P56),0)) -> 65586 | S56: =+IF(Q56="N/A","N/A",AVERAGE(Q56:R56)) -> 49755.278 | U56: N/A | V56: N/A | W56: N/A | X56: N/A | Y56: N/A | Z56: N/A | AA56: N/A | AF56: 36804.163 | AG56: =+IF(AC56="N/A","N/A",MIN(AC56:AF56)) -> 36804.163 | AH56: =+IF(AC56="N/A","N/A",ROUND(AVERAGE(AC56:AF56),0)) -> 36804 | AI56: =+IF(AG56="N/A","N/A",AVERAGE(AG56:AH56)) -> 36804.082 | AK56: N/A | AL56: N/A | AM56: N/A | AN56: N/A | AO56: N/A | AP56: N/A | AQ56: N/A | AV56: 36243.197 | AW56: =+IF(AS56="N/A","N/A",MIN(AS56:AV56)) -> 36243.197 | AX56: =+IF(AS56="N/A","N/A",ROUND(AVERAGE(AS56:AV56),0)) -> 36243 | AY56: =+IF(AW56="N/A","N/A",AVERAGE(AW56:AX56)) -> 36243.099 | BA56: N/A | BD56: 36167.984 | BE56: =+IF(BA56="N/A","N/A",MIN(BA56:BD56)) -> N/A | BF56: =+IF(BA56="N/A","N/A",ROUND(AVERAGE(BA56:BD56),0)) -> N/A | BG56: =+IF(BE56="N/A","N/A",AVERAGE(BE56:BF56)) -> N/A | BI56: 95945 | BL56: 44177.625 | BM56: =+IF(BI56="N/A","N/A",MIN(BI56:BL56)) -> 44177.625 | BN56: =+IF(BI56="N/A","N/A",ROUND(AVERAGE(BI56:BL56),0)) -> 70061 | BO56: =+IF(BM56="N/A","N/A",AVERAGE(BM56:BN56)) -> 57119.312 | BQ56: 95945 | BT56: 45806.961 | BU56: =+IF(BQ56="N/A","N/A",MIN(BQ56:BT56)) -> 45806.961 | BV56: =+IF(BQ56="N/A","N/A",ROUND(AVERAGE(BQ56:BT56),0)) -> 70876 | BW56: =+IF(BU56="N/A","N/A",AVERAGE(BU56:BV56)) -> 58341.48 | CB56: 41853.985 | CC56: =+IF(BY56="N/A","N/A",MIN(BY56:CB56)) -> 41853.985 | CD56: =+IF(BY56="N/A","N/A",ROUND(AVERAGE(BY56:CB56),0)) -> 41854 | CE56: =+IF(CC56="N/A","N/A",AVERAGE(CC56:CD56)) -> 41853.992 | CG56: 101819.5 | CJ56: 41853.985 | CK56: =+IF(CG56="N/A","N/A",MIN(CG56:CJ56)) -> 41853.985 | CL56: =+IF(CG56="N/A","N/A",ROUND(AVERAGE(CG56:CJ56),0)) -> 71837 | CM56: =+IF(CK56="N/A","N/A",AVERAGE(CK56:CL56)) -> 56845.492 | CR56: 43248.169 | CS56: =+IF(CO56="N/A","N/A",MIN(CO56:CR56)) -> 43248.169 | CT56: =+IF(CO56="N/A","N/A",ROUND(AVERAGE(CO56:CR56),0)) -> 43248 | CU56: =+IF(CS56="N/A","N/A",AVERAGE(CS56:CT56)) -> 43248.084 | CW56: 95945 | CZ56: 40033.039 | DA56: =+IF(CW56="N/A","N/A",MIN(CW56:CZ56)) -> 40033.039 | DB56: =+IF(CW56="N/A","N/A",ROUND(AVERAGE(CW56:CZ56),0)) -> 67989 | DC56: =+IF(DA56="N/A","N/A",AVERAGE(DA56:DB56)) -> 54011.019 | DE56: N/A | DH56: 36301.537 | DI56: =+IF(DE56="N/A","N/A",MIN(DE56:DH56)) -> N/A | DJ56: =+IF(DE56="N/A","N/A",ROUND(AVERAGE(DE56:DH56),0)) -> N/A | DK56: =+IF(DI56="N/A","N/A",AVERAGE(DI56:DJ56)) -> N/A
A57: 40 | B57: Buje Colgante De Muelle | C57: 1 | E57: 69684.942 | H57: 77732.845 | I57: =+IF(E57="N/A","N/A",MIN(E57:H57)) -> 69684.942 | J57: =+IF(E57="N/A","N/A",ROUND(AVERAGE(E57:H57),0)) -> 73709 | K57: =+IF(I57="N/A","N/A",AVERAGE(I57:J57)) -> 71696.971 | M57: 60397.079 | P57: 57482.48 | Q57: =+IF(M57="N/A","N/A",MIN(M57:P57)) -> 57482.48 | R57: =+IF(M57="N/A","N/A",ROUND(AVERAGE(M57:P57),0)) -> 58940 | S57: =+IF(Q57="N/A","N/A",AVERAGE(Q57:R57)) -> 58211.24 | U57: N/A | V57: N/A | W57: N/A | X57: N/A | Y57: N/A | Z57: N/A | AA57: N/A | AC57: 27088.297 | AF57: 63066.504 | AG57: =+IF(AC57="N/A","N/A",MIN(AC57:AF57)) -> 27088.297 | AH57: =+IF(AC57="N/A","N/A",ROUND(AVERAGE(AC57:AF57),0)) -> 45077 | AI57: =+IF(AG57="N/A","N/A",AVERAGE(AG57:AH57)) -> 36082.648 | AK57: N/A | AL57: N/A | AM57: N/A | AN57: N/A | AO57: N/A | AP57: N/A | AQ57: N/A | AV57: 64250.502 | AW57: =+IF(AS57="N/A","N/A",MIN(AS57:AV57)) -> 64250.502 | AX57: =+IF(AS57="N/A","N/A",ROUND(AVERAGE(AS57:AV57),0)) -> 64251 | AY57: =+IF(AW57="N/A","N/A",AVERAGE(AW57:AX57)) -> 64250.751 | BA57: 39977.016 | BD57: 68338.511 | BE57: =+IF(BA57="N/A","N/A",MIN(BA57:BD57)) -> 39977.016 | BF57: =+IF(BA57="N/A","N/A",ROUND(AVERAGE(BA57:BD57),0)) -> 54158 | BG57: =+IF(BE57="N/A","N/A",AVERAGE(BE57:BF57)) -> 47067.508 | BI57: 52545 | BL57: 102743 | BM57: =+IF(BI57="N/A","N/A",MIN(BI57:BL57)) -> 52545 | BN57: =+IF(BI57="N/A","N/A",ROUND(AVERAGE(BI57:BL57),0)) -> 77644 | BO57: =+IF(BM57="N/A","N/A",AVERAGE(BM57:BN57)) -> 65094.5 | BQ57: 52545 | BT57: 105000.64 | BU57: =+IF(BQ57="N/A","N/A",MIN(BQ57:BT57)) -> 52545 | BV57: =+IF(BQ57="N/A","N/A",ROUND(AVERAGE(BQ57:BT57),0)) -> 78773 | BW57: =+IF(BU57="N/A","N/A",AVERAGE(BU57:BV57)) -> 65659 | CB57: 98676.626 | CC57: =+IF(BY57="N/A","N/A",MIN(BY57:CB57)) -> 98676.626 | CD57: =+IF(BY57="N/A","N/A",ROUND(AVERAGE(BY57:CB57),0)) -> 98677 | CE57: =+IF(CC57="N/A","N/A",AVERAGE(CC57:CD57)) -> 98676.813 | CG57: 54079.5 | CJ57: 96469.168 | CK57: =+IF(CG57="N/A","N/A",MIN(CG57:CJ57)) -> 54079.5 | CL57: =+IF(CG57="N/A","N/A",ROUND(AVERAGE(CG57:CJ57),0)) -> 75274 | CM57: =+IF(CK57="N/A","N/A",AVERAGE(CK57:CL57)) -> 64676.75 | CR57: 105066.64 | CS57: =+IF(CO57="N/A","N/A",MIN(CO57:CR57)) -> 105066.64 | CT57: =+IF(CO57="N/A","N/A",ROUND(AVERAGE(CO57:CR57),0)) -> 105067 | CU57: =+IF(CS57="N/A","N/A",AVERAGE(CS57:CT57)) -> 105066.82 | CW57: 52545 | CZ57: 73178.587 | DA57: =+IF(CW57="N/A","N/A",MIN(CW57:CZ57)) -> 52545 | DB57: =+IF(CW57="N/A","N/A",ROUND(AVERAGE(CW57:CZ57),0)) -> 62862 | DC57: =+IF(DA57="N/A","N/A",AVERAGE(DA57:DB57)) -> 57703.5 | DE57: N/A | DF57: N/A | DG57: N/A | DH57: N/A | DI57: N/A | DJ57: N/A | DK57: N/A
A58: 41 | B58: Bujes Muelles Traseros | C58: 1 | E58: 68045.865 | H58: 102308.01 | I58: =+IF(E58="N/A","N/A",MIN(E58:H58)) -> 68045.865 | J58: =+IF(E58="N/A","N/A",ROUND(AVERAGE(E58:H58),0)) -> 85177 | K58: =+IF(I58="N/A","N/A",AVERAGE(I58:J58)) -> 76611.433 | M58: 64905.176 | P58: 66047.298 | Q58: =+IF(M58="N/A","N/A",MIN(M58:P58)) -> 64905.176 | R58: =+IF(M58="N/A","N/A",ROUND(AVERAGE(M58:P58),0)) -> 65476 | S58: =+IF(Q58="N/A","N/A",AVERAGE(Q58:R58)) -> 65190.588 | U58: N/A | V58: N/A | W58: N/A | X58: N/A | Y58: N/A | Z58: N/A | AA58: N/A | AC58: 40115.849 | AF58: 63984.009 | AG58: =+IF(AC58="N/A","N/A",MIN(AC58:AF58)) -> 40115.849 | AH58: =+IF(AC58="N/A","N/A",ROUND(AVERAGE(AC58:AF58),0)) -> 52050 | AI58: =+IF(AG58="N/A","N/A",AVERAGE(AG58:AH58)) -> 46082.924 | AK58: N/A | AL58: N/A | AM58: N/A | AN58: N/A | AO58: N/A | AP58: N/A | AQ58: N/A | AV58: 64071.157 | AW58: =+IF(AS58="N/A","N/A",MIN(AS58:AV58)) -> 64071.157 | AX58: =+IF(AS58="N/A","N/A",ROUND(AVERAGE(AS58:AV58),0)) -> 64071 | AY58: =+IF(AW58="N/A","N/A",AVERAGE(AW58:AX58)) -> 64071.079 | BA58: 79414.246 | BD58: 64632.084 | BE58: =+IF(BA58="N/A","N/A",MIN(BA58:BD58)) -> 64632.084 | BF58: =+IF(BA58="N/A","N/A",ROUND(AVERAGE(BA58:BD58),0)) -> 72023 | BG58: =+IF(BE58="N/A","N/A",AVERAGE(BE58:BF58)) -> 68327.542 | BI58: 70494 | BL58: 92966.977 | BM58: =+IF(BI58="N/A","N/A",MIN(BI58:BL58)) -> 70494 | BN58: =+IF(BI58="N/A","N/A",ROUND(AVERAGE(BI58:BL58),0)) -> 81730 | BO58: =+IF(BM58="N/A","N/A",AVERAGE(BM58:BN58)) -> 76112 | BQ58: 70494 | BT58: 97151.388 | BU58: =+IF(BQ58="N/A","N/A",MIN(BQ58:BT58)) -> 70494 | BV58: =+IF(BQ58="N/A","N/A",ROUND(AVERAGE(BQ58:BT58),0)) -> 83823 | BW58: =+IF(BU58="N/A","N/A",AVERAGE(BU58:BV58)) -> 77158.5 | CB58: 85996.057 | CC58: =+IF(BY58="N/A","N/A",MIN(BY58:CB58)) -> 85996.057 | CD58: =+IF(BY58="N/A","N/A",ROUND(AVERAGE(BY58:CB58),0)) -> 85996 | CE58: =+IF(CC58="N/A","N/A",AVERAGE(CC58:CD58)) -> 85996.029 | CG58: 73823.4 | CJ58: 91805.157 | CK58: =+IF(CG58="N/A","N/A",MIN(CG58:CJ58)) -> 73823.4 | CL58: =+IF(CG58="N/A","N/A",ROUND(AVERAGE(CG58:CJ58),0)) -> 82814 | CM58: =+IF(CK58="N/A","N/A",AVERAGE(CK58:CL58)) -> 78318.7 | CR58: 94709.707 | CS58: =+IF(CO58="N/A","N/A",MIN(CO58:CR58)) -> 94709.707 | CT58: =+IF(CO58="N/A","N/A",ROUND(AVERAGE(CO58:CR58),0)) -> 94710 | CU58: =+IF(CS58="N/A","N/A",AVERAGE(CS58:CT58)) -> 94709.854 | CW58: 70494 | CZ58: 68766.701 | DA58: =+IF(CW58="N/A","N/A",MIN(CW58:CZ58)) -> 68766.701 | DB58: =+IF(CW58="N/A","N/A",ROUND(AVERAGE(CW58:CZ58),0)) -> 69630 | DC58: =+IF(DA58="N/A","N/A",AVERAGE(DA58:DB58)) -> 69198.351 | DE58: N/A | DF58: N/A | DG58: N/A | DH58: N/A | DI58: N/A | DJ58: N/A | DK58: N/A
A59: 42 | B59: Antiruido De Muelles | C59: 1 | E59: 28136.049 | H59: 30658.455 | I59: =+IF(E59="N/A","N/A",MIN(E59:H59)) -> 28136.049 | J59: =+IF(E59="N/A","N/A",ROUND(AVERAGE(E59:H59),0)) -> 29397 | K59: =+IF(I59="N/A","N/A",AVERAGE(I59:J59)) -> 28766.524 | M59: 28136.049 | P59: 23974.804 | Q59: =+IF(M59="N/A","N/A",MIN(M59:P59)) -> 23974.804 | R59: =+IF(M59="N/A","N/A",ROUND(AVERAGE(M59:P59),0)) -> 26055 | S59: =+IF(Q59="N/A","N/A",AVERAGE(Q59:R59)) -> 25014.902 | U59: N/A | V59: N/A | W59: N/A | X59: N/A | Y59: N/A | Z59: N/A | AA59: N/A | AC59: 32439.026 | AF59: 35911.994 | AG59: =+IF(AC59="N/A","N/A",MIN(AC59:AF59)) -> 32439.026 | AH59: =+IF(AC59="N/A","N/A",ROUND(AVERAGE(AC59:AF59),0)) -> 34176 | AI59: =+IF(AG59="N/A","N/A",AVERAGE(AG59:AH59)) -> 33307.513 | AK59: N/A | AL59: N/A | AM59: N/A | AN59: N/A | AO59: N/A | AP59: N/A | AQ59: N/A | AV59: 32673.589 | AW59: =+IF(AS59="N/A","N/A",MIN(AS59:AV59)) -> 32673.589 | AX59: =+IF(AS59="N/A","N/A",ROUND(AVERAGE(AS59:AV59),0)) -> 32674 | AY59: =+IF(AW59="N/A","N/A",AVERAGE(AW59:AX59)) -> 32673.794 | BA59: 60014.431 | BD59: 34860.066 | BE59: =+IF(BA59="N/A","N/A",MIN(BA59:BD59)) -> 34860.066 | BF59: =+IF(BA59="N/A","N/A",ROUND(AVERAGE(BA59:BD59),0)) -> 47437 | BG59: =+IF(BE59="N/A","N/A",AVERAGE(BE59:BF59)) -> 41148.533 | BI59: 66898 | BL59: 50148.218 | BM59: =+IF(BI59="N/A","N/A",MIN(BI59:BL59)) -> 50148.218 | BN59: =+IF(BI59="N/A","N/A",ROUND(AVERAGE(BI59:BL59),0)) -> 58523 | BO59: =+IF(BM59="N/A","N/A",AVERAGE(BM59:BN59)) -> 54335.609 | BQ59: 66898 | BT59: 51445.157 | BU59: =+IF(BQ59="N/A","N/A",MIN(BQ59:BT59)) -> 51445.157 | BV59: =+IF(BQ59="N/A","N/A",ROUND(AVERAGE(BQ59:BT59),0)) -> 59172 | BW59: =+IF(BU59="N/A","N/A",AVERAGE(BU59:BV59)) -> 55308.579 | CB59: 48405.488 | CC59: =+IF(BY59="N/A","N/A",MIN(BY59:CB59)) -> 48405.488 | CD59: =+IF(BY59="N/A","N/A",ROUND(AVERAGE(BY59:CB59),0)) -> 48405 | CE59: =+IF(CC59="N/A","N/A",AVERAGE(CC59:CD59)) -> 48405.244 | CG59: 69867.8 | CJ59: 48986.398 | CK59: =+IF(CG59="N/A","N/A",MIN(CG59:CJ59)) -> 48986.398 | CL59: =+IF(CG59="N/A","N/A",ROUND(AVERAGE(CG59:CJ59),0)) -> 59427 | CM59: =+IF(CK59="N/A","N/A",AVERAGE(CK59:CL59)) -> 54206.699 | CR59: 47824.578 | CS59: =+IF(CO59="N/A","N/A",MIN(CO59:CR59)) -> 47824.578 | CT59: =+IF(CO59="N/A","N/A",ROUND(AVERAGE(CO59:CR59),0)) -> 47825 | CU59: =+IF(CS59="N/A","N/A",AVERAGE(CS59:CT59)) -> 47824.789 | CW59: 66898 | CZ59: 35863.308 | DA59: =+IF(CW59="N/A","N/A",MIN(CW59:CZ59)) -> 35863.308 | DB59: =+IF(CW59="N/A","N/A",ROUND(AVERAGE(CW59:CZ59),0)) -> 51381 | DC59: =+IF(DA59="N/A","N/A",AVERAGE(DA59:DB59)) -> 43622.154 | DE59: N/A | DF59: N/A | DG59: N/A | DH59: N/A | DI59: N/A | DJ59: N/A | DK59: N/A
A60: 43 | B60: Brazo Auxiliar | C60: 1 | E60: N/A | F60: N/A | G60: N/A | H60: N/A | I60: N/A | J60: N/A | K60: N/A | M60: N/A | N60: N/A | O60: N/A | P60: N/A | Q60: N/A | R60: N/A | S60: N/A | U60: N/A | V60: N/A | W60: N/A | X60: N/A | Y60: N/A | Z60: N/A | AA60: N/A | AC60: 246458.36 | AF60: 121128.22 | AG60: =+IF(AC60="N/A","N/A",MIN(AC60:AF60)) -> 121128.22 | AH60: =+IF(AC60="N/A","N/A",ROUND(AVERAGE(AC60:AF60),0)) -> 183793 | AI60: =+IF(AG60="N/A","N/A",AVERAGE(AG60:AH60)) -> 152460.61 | AK60: N/A | AL60: N/A | AM60: N/A | AN60: N/A | AO60: N/A | AP60: N/A | AQ60: N/A | AV60: 159039.64 | AW60: =+IF(AS60="N/A","N/A",MIN(AS60:AV60)) -> 159039.64 | AX60: =+IF(AS60="N/A","N/A",ROUND(AVERAGE(AS60:AV60),0)) -> 159040 | AY60: =+IF(AW60="N/A","N/A",AVERAGE(AW60:AX60)) -> 159039.82 | BA60: 418429.02 | BD60: 134029.29 | BE60: =+IF(BA60="N/A","N/A",MIN(BA60:BD60)) -> 134029.29 | BF60: =+IF(BA60="N/A","N/A",ROUND(AVERAGE(BA60:BD60),0)) -> 276229 | BG60: =+IF(BE60="N/A","N/A",AVERAGE(BE60:BF60)) -> 205129.14 | BI60: N/A | BJ60: N/A | BK60: N/A | BL60: N/A | BM60: N/A | BN60: N/A | BO60: N/A | BQ60: N/A | BR60: N/A | BS60: N/A | BT60: N/A | BU60: N/A | BV60: N/A | BW60: N/A | BY60: N/A | BZ60: N/A | CA60: N/A | CB60: N/A | CC60: N/A | CD60: N/A | CE60: N/A | CG60: N/A | CH60: N/A | CI60: N/A | CJ60: N/A | CK60: N/A | CL60: N/A | CM60: N/A | CO60: N/A | CP60: N/A | CQ60: N/A | CR60: N/A | CS60: N/A | CT60: N/A | CU60: N/A | CW60: N/A | CX60: N/A | CY60: N/A | CZ60: N/A | DA60: N/A | DB60: N/A | DC60: N/A | DE60: N/A | DF60: N/A | DG60: N/A | DH60: N/A | DI60: N/A | DJ60: N/A | DK60: N/A
A61: 44 | B61: Tijera Superior | C61: 1 | E61: 1573966.6 | H61: 380835.3 | I61: =+IF(E61="N/A","N/A",MIN(E61:H61)) -> 380835.3 | J61: =+IF(E61="N/A","N/A",ROUND(AVERAGE(E61:H61),0)) -> 977401 | K61: =+IF(I61="N/A","N/A",AVERAGE(I61:J61)) -> 679118.15 | M61: 1262702.1 | P61: 326012.38 | Q61: =+IF(M61="N/A","N/A",MIN(M61:P61)) -> 326012.38 | R61: =+IF(M61="N/A","N/A",ROUND(AVERAGE(M61:P61),0)) -> 794357 | S61: =+IF(Q61="N/A","N/A",AVERAGE(Q61:R61)) -> 560184.69 | U61: N/A | V61: N/A | W61: N/A | X61: N/A | Y61: N/A | Z61: N/A | AA61: N/A | AC61: 332528.36 | AF61: 297088.47 | AG61: =+IF(AC61="N/A","N/A",MIN(AC61:AF61)) -> 297088.47 | AH61: =+IF(AC61="N/A","N/A",ROUND(AVERAGE(AC61:AF61),0)) -> 314808 | AI61: =+IF(AG61="N/A","N/A",AVERAGE(AG61:AH61)) -> 305948.24 | AK61: N/A | AL61: N/A | AM61: N/A | AN61: N/A | AO61: N/A | AP61: N/A | AQ61: N/A | AV61: 314140.3 | AW61: =+IF(AS61="N/A","N/A",MIN(AS61:AV61)) -> 314140.3 | AX61: =+IF(AS61="N/A","N/A",ROUND(AVERAGE(AS61:AV61),0)) -> 314140 | AY61: =+IF(AW61="N/A","N/A",AVERAGE(AW61:AX61)) -> 314140.15 | BA61: 680797.68 | BD61: 289374.99 | BE61: =+IF(BA61="N/A","N/A",MIN(BA61:BD61)) -> 289374.99 | BF61: =+IF(BA61="N/A","N/A",ROUND(AVERAGE(BA61:BD61),0)) -> 485086 | BG61: =+IF(BE61="N/A","N/A",AVERAGE(BE61:BF61)) -> 387230.5 | BI61: 872219.1 | BL61: 582873.82 | BM61: =+IF(BI61="N/A","N/A",MIN(BI61:BL61)) -> 582873.82 | BN61: =+IF(BI61="N/A","N/A",ROUND(AVERAGE(BI61:BL61),0)) -> 727546 | BO61: =+IF(BM61="N/A","N/A",AVERAGE(BM61:BN61)) -> 655209.91 | BQ61: 872219.1 | BT61: 597709.1 | BU61: =+IF(BQ61="N/A","N/A",MIN(BQ61:BT61)) -> 597709.1 | BV61: =+IF(BQ61="N/A","N/A",ROUND(AVERAGE(BQ61:BT61),0)) -> 734964 | BW61: =+IF(BU61="N/A","N/A",AVERAGE(BU61:BV61)) -> 666336.55 | CB61: 500152.24 | CC61: =+IF(BY61="N/A","N/A",MIN(BY61:CB61)) -> 500152.24 | CD61: =+IF(BY61="N/A","N/A",ROUND(AVERAGE(BY61:CB61),0)) -> 500152 | CE61: =+IF(CC61="N/A","N/A",AVERAGE(CC61:CD61)) -> 500152.12 | CG61: 931543.8 | CJ61: 501546.42 | CK61: =+IF(CG61="N/A","N/A",MIN(CG61:CJ61)) -> 501546.42 | CL61: =+IF(CG61="N/A","N/A",ROUND(AVERAGE(CG61:CJ61),0)) -> 716545 | CM61: =+IF(CK61="N/A","N/A",AVERAGE(CK61:CL61)) -> 609045.71 | CR61: 550342.86 | CS61: =+IF(CO61="N/A","N/A",MIN(CO61:CR61)) -> 550342.86 | CT61: =+IF(CO61="N/A","N/A",ROUND(AVERAGE(CO61:CR61),0)) -> 550343 | CU61: =+IF(CS61="N/A","N/A",AVERAGE(CS61:CT61)) -> 550342.93 | CW61: 872219.1 | CZ61: 357918.73 | DA61: =+IF(CW61="N/A","N/A",MIN(CW61:CZ61)) -> 357918.73 | DB61: =+IF(CW61="N/A","N/A",ROUND(AVERAGE(CW61:CZ61),0)) -> 615069 | DC61: =+IF(DA61="N/A","N/A",AVERAGE(DA61:DB61)) -> 486493.86 | DE61: N/A | DF61: N/A | DG61: N/A | DH61: N/A | DI61: N/A | DJ61: N/A | DK61: N/A
A62: 45 | B62: Tijera Inferior | C62: 1 | E62: 2194690.3 | H62: 537231.14 | I62: =+IF(E62="N/A","N/A",MIN(E62:H62)) -> 537231.14 | J62: =+IF(E62="N/A","N/A",ROUND(AVERAGE(E62:H62),0)) -> 1365961 | K62: =+IF(I62="N/A","N/A",AVERAGE(I62:J62)) -> 951596.07 | M62: 1106243.9 | P62: 431819.95 | Q62: =+IF(M62="N/A","N/A",MIN(M62:P62)) -> 431819.95 | R62: =+IF(M62="N/A","N/A",ROUND(AVERAGE(M62:P62),0)) -> 769032 | S62: =+IF(Q62="N/A","N/A",AVERAGE(Q62:R62)) -> 600425.98 | U62: 625549.71 | X62: 287147.57 | Y62: =+IF(U62="N/A","N/A",MIN(U62:X62)) -> 287147.57 | Z62: =+IF(U62="N/A","N/A",ROUND(AVERAGE(U62:X62),0)) -> 456349 | AA62: =+IF(Y62="N/A","N/A",AVERAGE(Y62:Z62)) -> 371748.28 | AC62: 351128.36 | AF62: 362972.96 | AG62: =+IF(AC62="N/A","N/A",MIN(AC62:AF62)) -> 351128.36 | AH62: =+IF(AC62="N/A","N/A",ROUND(AVERAGE(AC62:AF62),0)) -> 357051 | AI62: =+IF(AG62="N/A","N/A",AVERAGE(AG62:AH62)) -> 354089.68 | AK62: 679905.73 | AN62: 256833.12 | AO62: =+IF(AK62="N/A","N/A",MIN(AK62:AN62)) -> 256833.12 | AP62: =+IF(AK62="N/A","N/A",ROUND(AVERAGE(AK62:AN62),0)) -> 468369 | AQ62: =+IF(AO62="N/A","N/A",AVERAGE(AO62:AP62)) -> 362601.06 | AV62: 370182.18 | AW62: =+IF(AS62="N/A","N/A",MIN(AS62:AV62)) -> 370182.18 | AX62: =+IF(AS62="N/A","N/A",ROUND(AVERAGE(AS62:AV62),0)) -> 370182 | AY62: =+IF(AW62="N/A","N/A",AVERAGE(AW62:AX62)) -> 370182.09 | BA62: 695904.23 | BD62: 350887.9 | BE62: =+IF(BA62="N/A","N/A",MIN(BA62:BD62)) -> 350887.9 | BF62: =+IF(BA62="N/A","N/A",ROUND(AVERAGE(BA62:BD62),0)) -> 523396 | BG62: =+IF(BE62="N/A","N/A",AVERAGE(BE62:BF62)) -> 437141.95 | BI62: 943140.9 | BL62: 689791.59 | BM62: =+IF(BI62="N/A","N/A",MIN(BI62:BL62)) -> 689791.59 | BN62: =+IF(BI62="N/A","N/A",ROUND(AVERAGE(BI62:BL62),0)) -> 816466 | BO62: =+IF(BM62="N/A","N/A",AVERAGE(BM62:BN62)) -> 753128.79 | BQ62: 943140.9 | BT62: 709160.99 | BU62: =+IF(BQ62="N/A","N/A",MIN(BQ62:BT62)) -> 709160.99 | BV62: =+IF(BQ62="N/A","N/A",ROUND(AVERAGE(BQ62:BT62),0)) -> 826151 | BW62: =+IF(BU62="N/A","N/A",AVERAGE(BU62:BV62)) -> 767655.99 | CB62: 525742.6 | CC62: =+IF(BY62="N/A","N/A",MIN(BY62:CB62)) -> 525742.6 | CD62: =+IF(BY62="N/A","N/A",ROUND(AVERAGE(BY62:CB62),0)) -> 525743 | CE62: =+IF(CC62="N/A","N/A",AVERAGE(CC62:CD62)) -> 525742.8 | CG62: 1006771.5 | CJ62: 624729.67 | CK62: =+IF(CG62="N/A","N/A",MIN(CG62:CJ62)) -> 624729.67 | CL62: =+IF(CG62="N/A","N/A",ROUND(AVERAGE(CG62:CJ62),0)) -> 815751 | CM62: =+IF(CK62="N/A","N/A",AVERAGE(CK62:CL62)) -> 720240.33 | CR62: 657260.63 | CS62: =+IF(CO62="N/A","N/A",MIN(CO62:CR62)) -> 657260.63 | CT62: =+IF(CO62="N/A","N/A",ROUND(AVERAGE(CO62:CR62),0)) -> 657261 | CU62: =+IF(CS62="N/A","N/A",AVERAGE(CS62:CT62)) -> 657260.81 | CW62: 943140.9 | CZ62: 442887.84 | DA62: =+IF(CW62="N/A","N/A",MIN(CW62:CZ62)) -> 442887.84 | DB62: =+IF(CW62="N/A","N/A",ROUND(AVERAGE(CW62:CZ62),0)) -> 693014 | DC62: =+IF(DA62="N/A","N/A",AVERAGE(DA62:DB62)) -> 567950.92 | DE62: 773949.85 | DH62: 303218.61 | DI62: =+IF(DE62="N/A","N/A",MIN(DE62:DH62)) -> 303218.61 | DJ62: =+IF(DE62="N/A","N/A",ROUND(AVERAGE(DE62:DH62),0)) -> 538584 | DK62: =+IF(DI62="N/A","N/A",AVERAGE(DI62:DJ62)) -> 420901.3
A63: 46 | B63: Base Superior Amortiguador Delantero | C63: 1 | E63: N/A | F63: N/A | G63: N/A | H63: N/A | I63: N/A | J63: N/A | K63: N/A | M63: N/A | N63: N/A | O63: N/A | P63: N/A | Q63: N/A | R63: N/A | S63: N/A | U63: 269167.52 | X63: 114351.85 | Y63: =+IF(U63="N/A","N/A",MIN(U63:X63)) -> 114351.85 | Z63: =+IF(U63="N/A","N/A",ROUND(AVERAGE(U63:X63),0)) -> 191760 | AA63: =+IF(Y63="N/A","N/A",AVERAGE(Y63:Z63)) -> 153055.93 | AC63: 134953.62 | AF63: 114850.33 | AG63: =+IF(AC63="N/A","N/A",MIN(AC63:AF63)) -> 114850.33 | AH63: =+IF(AC63="N/A","N/A",ROUND(AVERAGE(AC63:AF63),0)) -> 124902 | AI63: =+IF(AG63="N/A","N/A",AVERAGE(AG63:AH63)) -> 119876.16 | AK63: 221665.86 | AN63: 100893.66 | AO63: =+IF(AK63="N/A","N/A",MIN(AK63:AN63)) -> 100893.66 | AP63: =+IF(AK63="N/A","N/A",ROUND(AVERAGE(AK63:AN63),0)) -> 161280 | AQ63: =+IF(AO63="N/A","N/A",AVERAGE(AO63:AP63)) -> 131086.83 | AV63: 105013.4 | AW63: =+IF(AS63="N/A","N/A",MIN(AS63:AV63)) -> 105013.4 | AX63: =+IF(AS63="N/A","N/A",ROUND(AVERAGE(AS63:AV63),0)) -> 105013 | AY63: =+IF(AW63="N/A","N/A",AVERAGE(AW63:AX63)) -> 105013.2 | BA63: N/A | BD63: 111108.38 | BE63: =+IF(BA63="N/A","N/A",MIN(BA63:BD63)) -> N/A | BF63: =+IF(BA63="N/A","N/A",ROUND(AVERAGE(BA63:BD63),0)) -> N/A | BG63: =+IF(BE63="N/A","N/A",AVERAGE(BE63:BF63)) -> N/A | BI63: N/A | BJ63: N/A | BK63: N/A | BL63: N/A | BM63: N/A | BN63: N/A | BO63: N/A | BQ63: N/A | BR63: N/A | BS63: N/A | BT63: N/A | BU63: N/A | BV63: N/A | BW63: N/A | BY63: N/A | BZ63: N/A | CA63: N/A | CB63: N/A | CC63: N/A | CD63: N/A | CE63: N/A | CG63: N/A | CH63: N/A | CI63: N/A | CJ63: N/A | CK63: N/A | CL63: N/A | CM63: N/A | CO63: N/A | CP63: N/A | CQ63: N/A | CR63: N/A | CS63: N/A | CT63: N/A | CU63: N/A | CW63: N/A | CX63: N/A | CY63: N/A | CZ63: N/A | DA63: N/A | DB63: N/A | DC63: N/A | DE63: 327723.96 | DH63: 98216.674 | DI63: =+IF(DE63="N/A","N/A",MIN(DE63:DH63)) -> 98216.674 | DJ63: =+IF(DE63="N/A","N/A",ROUND(AVERAGE(DE63:DH63),0)) -> 212970 | DK63: =+IF(DI63="N/A","N/A",AVERAGE(DI63:DJ63)) -> 155593.34
A64: 47 | B64: Base Superior Amortiguador Trasero | C64: 1 | E64: N/A | F64: N/A | G64: N/A | H64: N/A | I64: N/A | J64: N/A | K64: N/A | M64: N/A | N64: N/A | O64: N/A | P64: N/A | Q64: N/A | R64: N/A | S64: N/A | U64: 264966.73 | X64: 110248.33 | Y64: =+IF(U64="N/A","N/A",MIN(U64:X64)) -> 110248.33 | Z64: =+IF(U64="N/A","N/A",ROUND(AVERAGE(U64:X64),0)) -> 187608 | AA64: =+IF(Y64="N/A","N/A",AVERAGE(Y64:Z64)) -> 148928.17 | AC64: 252078.7 | AF64: 116256.71 | AG64: =+IF(AC64="N/A","N/A",MIN(AC64:AF64)) -> 116256.71 | AH64: =+IF(AC64="N/A","N/A",ROUND(AVERAGE(AC64:AF64),0)) -> 184168 | AI64: =+IF(AG64="N/A","N/A",AVERAGE(AG64:AH64)) -> 150212.35 | AK64: 352764.95 | AN64: 101277.25 | AO64: =+IF(AK64="N/A","N/A",MIN(AK64:AN64)) -> 101277.25 | AP64: =+IF(AK64="N/A","N/A",ROUND(AVERAGE(AK64:AN64),0)) -> 227021 | AQ64: =+IF(AO64="N/A","N/A",AVERAGE(AO64:AP64)) -> 164149.12 | AV64: 105087.91 | AW64: =+IF(AS64="N/A","N/A",MIN(AS64:AV64)) -> 105087.91 | AX64: =+IF(AS64="N/A","N/A",ROUND(AVERAGE(AS64:AV64),0)) -> 105088 | AY64: =+IF(AW64="N/A","N/A",AVERAGE(AW64:AX64)) -> 105087.95 | BA64: N/A | BD64: 109044.46 | BE64: =+IF(BA64="N/A","N/A",MIN(BA64:BD64)) -> N/A | BF64: =+IF(BA64="N/A","N/A",ROUND(AVERAGE(BA64:BD64),0)) -> N/A | BG64: =+IF(BE64="N/A","N/A",AVERAGE(BE64:BF64)) -> N/A | BI64: N/A | BJ64: N/A | BK64: N/A | BL64: N/A | BM64: N/A | BN64: N/A | BO64: N/A | BQ64: N/A | BR64: N/A | BS64: N/A | BT64: N/A | BU64: N/A | BV64: N/A | BW64: N/A | BY64: N/A | BZ64: N/A | CA64: N/A | CB64: N/A | CC64: N/A | CD64: N/A | CE64: N/A | CG64: N/A | CH64: N/A | CI64: N/A | CJ64: N/A | CK64: N/A | CL64: N/A | CM64: N/A | CO64: N/A | CP64: N/A | CQ64: N/A | CR64: N/A | CS64: N/A | CT64: N/A | CU64: N/A | CW64: N/A | CX64: N/A | CY64: N/A | CZ64: N/A | DA64: N/A | DB64: N/A | DC64: N/A | DE64: 182638.85 | DH64: 96834.689 | DI64: =+IF(DE64="N/A","N/A",MIN(DE64:DH64)) -> 96834.689 | DJ64: =+IF(DE64="N/A","N/A",ROUND(AVERAGE(DE64:DH64),0)) -> 139737 | DK64: =+IF(DI64="N/A","N/A",AVERAGE(DI64:DJ64)) -> 118285.84
B65: SISTEMA DE TRANSMISIÓN
A66: 48 | B66: Guardapolvo Semieje | C66: 1 | E66: 196196.84 | H66: 33377.462 | I66: =+IF(E66="N/A","N/A",MIN(E66:H66)) -> 33377.462 | J66: =+IF(E66="N/A","N/A",ROUND(AVERAGE(E66:H66),0)) -> 114787 | K66: =+IF(I66="N/A","N/A",AVERAGE(I66:J66)) -> 74082.231 | M66: 135322.8 | P66: 36811.715 | Q66: =+IF(M66="N/A","N/A",MIN(M66:P66)) -> 36811.715 | R66: =+IF(M66="N/A","N/A",ROUND(AVERAGE(M66:P66),0)) -> 86067 | S66: =+IF(Q66="N/A","N/A",AVERAGE(Q66:R66)) -> 61439.358 | U66: 272767.24 | X66: 30304.132 | Y66: =+IF(U66="N/A","N/A",MIN(U66:X66)) -> 30304.132 | Z66: =+IF(U66="N/A","N/A",ROUND(AVERAGE(U66:X66),0)) -> 151536 | AA66: =+IF(Y66="N/A","N/A",AVERAGE(Y66:Z66)) -> 90920.066 | AC66: 71526.523 | AF66: 39459.301 | AG66: =+IF(AC66="N/A","N/A",MIN(AC66:AF66)) -> 39459.301 | AH66: =+IF(AC66="N/A","N/A",ROUND(AVERAGE(AC66:AF66),0)) -> 55493 | AI66: =+IF(AG66="N/A","N/A",AVERAGE(AG66:AH66)) -> 47476.151 | AK66: 154490.83 | AN66: 31496.687 | AO66: =+IF(AK66="N/A","N/A",MIN(AK66:AN66)) -> 31496.687 | AP66: =+IF(AK66="N/A","N/A",ROUND(AVERAGE(AK66:AN66),0)) -> 92994 | AQ66: =+IF(AO66="N/A","N/A",AVERAGE(AO66:AP66)) -> 62245.343 | AV66: 38600.115 | AW66: =+IF(AS66="N/A","N/A",MIN(AS66:AV66)) -> 38600.115 | AX66: =+IF(AS66="N/A","N/A",ROUND(AVERAGE(AS66:AV66),0)) -> 38600 | AY66: =+IF(AW66="N/A","N/A",AVERAGE(AW66:AX66)) -> 38600.058 | BA66: 74484.889 | BD66: 42583.717 | BE66: =+IF(BA66="N/A","N/A",MIN(BA66:BD66)) -> 42583.717 | BF66: =+IF(BA66="N/A","N/A",ROUND(AVERAGE(BA66:BD66),0)) -> 58534 | BG66: =+IF(BE66="N/A","N/A",AVERAGE(BE66:BF66)) -> 50558.859 | BI66: 92194 | BL66: 48767.395 | BM66: =+IF(BI66="N/A","N/A",MIN(BI66:BL66)) -> 48767.395 | BN66: =+IF(BI66="N/A","N/A",ROUND(AVERAGE(BI66:BL66),0)) -> 70481 | BO66: =+IF(BM66="N/A","N/A",AVERAGE(BM66:BN66)) -> 59624.197 | BQ66: 92194 | BT66: 50623.402 | BU66: =+IF(BQ66="N/A","N/A",MIN(BQ66:BT66)) -> 50623.402 | BV66: =+IF(BQ66="N/A","N/A",ROUND(AVERAGE(BQ66:BT66),0)) -> 71409 | BW66: =+IF(BU66="N/A","N/A",AVERAGE(BU66:BV66)) -> 61016.201 | CB66: 48767.395 | CC66: =+IF(BY66="N/A","N/A",MIN(BY66:CB66)) -> 48767.395 | CD66: =+IF(BY66="N/A","N/A",ROUND(AVERAGE(BY66:CB66),0)) -> 48767 | CE66: =+IF(CC66="N/A","N/A",AVERAGE(CC66:CD66)) -> 48767.197 | CG66: 98313.4 | CJ66: 48767.395 | CK66: =+IF(CG66="N/A","N/A",MIN(CG66:CJ66)) -> 48767.395 | CL66: =+IF(CG66="N/A","N/A",ROUND(AVERAGE(CG66:CJ66),0)) -> 73540 | CM66: =+IF(CK66="N/A","N/A",AVERAGE(CK66:CL66)) -> 61153.697 | CR66: 48767.395 | CS66: =+IF(CO66="N/A","N/A",MIN(CO66:CR66)) -> 48767.395 | CT66: =+IF(CO66="N/A","N/A",ROUND(AVERAGE(CO66:CR66),0)) -> 48767 | CU66: =+IF(CS66="N/A","N/A",AVERAGE(CS66:CT66)) -> 48767.197 | CW66: 92194 | CZ66: 43110.575 | DA66: =+IF(CW66="N/A","N/A",MIN(CW66:CZ66)) -> 43110.575 | DB66: =+IF(CW66="N/A","N/A",ROUND(AVERAGE(CW66:CZ66),0)) -> 67652 | DC66: =+IF(DA66="N/A","N/A",AVERAGE(DA66:DB66)) -> 55381.288 | DE66: 84283.369 | DH66: 37828.703 | DI66: =+IF(DE66="N/A","N/A",MIN(DE66:DH66)) -> 37828.703 | DJ66: =+IF(DE66="N/A","N/A",ROUND(AVERAGE(DE66:DH66),0)) -> 61056 | DK66: =+IF(DI66="N/A","N/A",AVERAGE(DI66:DJ66)) -> 49442.351
A67: 49 | B67: Cruceta | C67: 1 | E67: 274556.58 | H67: 126330.85 | I67: =+IF(E67="N/A","N/A",MIN(E67:H67)) -> 126330.85 | J67: =+IF(E67="N/A","N/A",ROUND(AVERAGE(E67:H67),0)) -> 200444 | K67: =+IF(I67="N/A","N/A",AVERAGE(I67:J67)) -> 163387.42 | M67: 390113.78 | P67: 86365.663 | Q67: =+IF(M67="N/A","N/A",MIN(M67:P67)) -> 86365.663 | R67: =+IF(M67="N/A","N/A",ROUND(AVERAGE(M67:P67),0)) -> 238240 | S67: =+IF(Q67="N/A","N/A",AVERAGE(Q67:R67)) -> 162302.83 | U67: N/A | V67: N/A | W67: N/A | X67: N/A | Y67: N/A | Z67: N/A | AA67: N/A | AC67: 327615.84 | AF67: 95683.131 | AG67: =+IF(AC67="N/A","N/A",MIN(AC67:AF67)) -> 95683.131 | AH67: =+IF(AC67="N/A","N/A",ROUND(AVERAGE(AC67:AF67),0)) -> 211649 | AI67: =+IF(AG67="N/A","N/A",AVERAGE(AG67:AH67)) -> 153666.07 | AK67: N/A | AL67: N/A | AM67: N/A | AN67: N/A | AO67: N/A | AP67: N/A | AQ67: N/A | AV67: 99834.072 | AW67: =+IF(AS67="N/A","N/A",MIN(AS67:AV67)) -> 99834.072 | AX67: =+IF(AS67="N/A","N/A",ROUND(AVERAGE(AS67:AV67),0)) -> 99834 | AY67: =+IF(AW67="N/A","N/A",AVERAGE(AW67:AX67)) -> 99834.036 | BA67: 333660.92 | BD67: 95670.768 | BE67: =+IF(BA67="N/A","N/A",MIN(BA67:BD67)) -> 95670.768 | BF67: =+IF(BA67="N/A","N/A",ROUND(AVERAGE(BA67:BD67),0)) -> 214666 | BG67: =+IF(BE67="N/A","N/A",AVERAGE(BE67:BF67)) -> 155168.38 | BI67: 328438.8 | BL67: 173382.58 | BM67: =+IF(BI67="N/A","N/A",MIN(BI67:BL67)) -> 173382.58 | BN67: =+IF(BI67="N/A","N/A",ROUND(AVERAGE(BI67:BL67),0)) -> 250911 | BO67: =+IF(BM67="N/A","N/A",AVERAGE(BM67:BN67)) -> 212146.79 | BQ67: 328438.8 | BT67: 175965.66 | BU67: =+IF(BQ67="N/A","N/A",MIN(BQ67:BT67)) -> 175965.66 | BV67: =+IF(BQ67="N/A","N/A",ROUND(AVERAGE(BQ67:BT67),0)) -> 252202 | BW67: =+IF(BU67="N/A","N/A",AVERAGE(BU67:BV67)) -> 214083.83 | CB67: 156652.37 | CC67: =+IF(BY67="N/A","N/A",MIN(BY67:CB67)) -> 156652.37 | CD67: =+IF(BY67="N/A","N/A",ROUND(AVERAGE(BY67:CB67),0)) -> 156652 | CE67: =+IF(CC67="N/A","N/A",AVERAGE(CC67:CD67)) -> 156652.19 | CG67: 349196.4 | CJ67: 177101.33 | CK67: =+IF(CG67="N/A","N/A",MIN(CG67:CJ67)) -> 177101.33 | CL67: =+IF(CG67="N/A","N/A",ROUND(AVERAGE(CG67:CJ67),0)) -> 263149 | CM67: =+IF(CK67="N/A","N/A",AVERAGE(CK67:CL67)) -> 220125.17 | CR67: 181167.7 | CS67: =+IF(CO67="N/A","N/A",MIN(CO67:CR67)) -> 181167.7 | CT67: =+IF(CO67="N/A","N/A",ROUND(AVERAGE(CO67:CR67),0)) -> 181168 | CU67: =+IF(CS67="N/A","N/A",AVERAGE(CS67:CT67)) -> 181167.85 | CW67: 328438.8 | CZ67: 107061.27 | DA67: =+IF(CW67="N/A","N/A",MIN(CW67:CZ67)) -> 107061.27 | DB67: =+IF(CW67="N/A","N/A",ROUND(AVERAGE(CW67:CZ67),0)) -> 217750 | DC67: =+IF(DA67="N/A","N/A",AVERAGE(DA67:DB67)) -> 162405.64 | DH67: 99882.489 | DI67: =+IF(DE67="N/A","N/A",MIN(DE67:DH67)) -> 99882.489 | DJ67: =+IF(DE67="N/A","N/A",ROUND(AVERAGE(DE67:DH67),0)) -> 99882 | DK67: =+IF(DI67="N/A","N/A",AVERAGE(DI67:DJ67)) -> 99882.245
A68: 50 | B68: Retenedor Eje De Cardan | C68: 1 | E68: 87047.795 | H68: 73683.554 | I68: =+IF(E68="N/A","N/A",MIN(E68:H68)) -> 73683.554 | J68: =+IF(E68="N/A","N/A",ROUND(AVERAGE(E68:H68),0)) -> 80366 | K68: =+IF(I68="N/A","N/A",AVERAGE(I68:J68)) -> 77024.777 | M68: 65154.449 | P68: 49269.004 | Q68: =+IF(M68="N/A","N/A",MIN(M68:P68)) -> 49269.004 | R68: =+IF(M68="N/A","N/A",ROUND(AVERAGE(M68:P68),0)) -> 57212 | S68: =+IF(Q68="N/A","N/A",AVERAGE(Q68:R68)) -> 53240.502 | U68: N/A | V68: N/A | W68: N/A | X68: N/A | Y68: N/A | Z68: N/A | AA68: N/A | AC68: 129023.81 | AF68: 53694.039 | AG68: =+IF(AC68="N/A","N/A",MIN(AC68:AF68)) -> 53694.039 | AH68: =+IF(AC68="N/A","N/A",ROUND(AVERAGE(AC68:AF68),0)) -> 91359 | AI68: =+IF(AG68="N/A","N/A",AVERAGE(AG68:AH68)) -> 72526.519 | AK68: N/A | AL68: N/A | AM68: N/A | AN68: N/A | AO68: N/A | AP68: N/A | AQ68: N/A | AV68: 56167.416 | AW68: =+IF(AS68="N/A","N/A",MIN(AS68:AV68)) -> 56167.416 | AX68: =+IF(AS68="N/A","N/A",ROUND(AVERAGE(AS68:AV68),0)) -> 56167 | AY68: =+IF(AW68="N/A","N/A",AVERAGE(AW68:AX68)) -> 56167.208 | BA68: 130572.19 | BD68: 55380.942 | BE68: =+IF(BA68="N/A","N/A",MIN(BA68:BD68)) -> 55380.942 | BF68: =+IF(BA68="N/A","N/A",ROUND(AVERAGE(BA68:BD68),0)) -> 92977 | BG68: =+IF(BE68="N/A","N/A",AVERAGE(BE68:BF68)) -> 74178.971 | BI68: 92194 | BL68: 79004.922 | BM68: =+IF(BI68="N/A","N/A",MIN(BI68:BL68)) -> 79004.922 | BN68: =+IF(BI68="N/A","N/A",ROUND(AVERAGE(BI68:BL68),0)) -> 85599 | BO68: =+IF(BM68="N/A","N/A",AVERAGE(BM68:BN68)) -> 82301.961 | BQ68: 92194 | BT68: 80724.532 | BU68: =+IF(BQ68="N/A","N/A",MIN(BQ68:BT68)) -> 80724.532 | BV68: =+IF(BQ68="N/A","N/A",ROUND(AVERAGE(BQ68:BT68),0)) -> 86459 | BW68: =+IF(BU68="N/A","N/A",AVERAGE(BU68:BV68)) -> 83591.766 | CB68: 77610.738 | CC68: =+IF(BY68="N/A","N/A",MIN(BY68:CB68)) -> 77610.738 | CD68: =+IF(BY68="N/A","N/A",ROUND(AVERAGE(BY68:CB68),0)) -> 77611 | CE68: =+IF(CC68="N/A","N/A",AVERAGE(CC68:CD68)) -> 77610.869 | CG68: 98313.4 | CJ68: 72963.458 | CK68: =+IF(CG68="N/A","N/A",MIN(CG68:CJ68)) -> 72963.458 | CL68: =+IF(CG68="N/A","N/A",ROUND(AVERAGE(CG68:CJ68),0)) -> 85638 | CM68: =+IF(CK68="N/A","N/A",AVERAGE(CK68:CL68)) -> 79300.729 | CR68: 79237.286 | CS68: =+IF(CO68="N/A","N/A",MIN(CO68:CR68)) -> 79237.286 | CT68: =+IF(CO68="N/A","N/A",ROUND(AVERAGE(CO68:CR68),0)) -> 79237 | CU68: =+IF(CS68="N/A","N/A",AVERAGE(CS68:CT68)) -> 79237.143 | CW68: 92194 | CZ68: 51804.708 | DA68: =+IF(CW68="N/A","N/A",MIN(CW68:CZ68)) -> 51804.708 | DB68: =+IF(CW68="N/A","N/A",ROUND(AVERAGE(CW68:CZ68),0)) -> 71999 | DC68: =+IF(DA68="N/A","N/A",AVERAGE(DA68:DB68)) -> 61901.854 | DH68: 46440.494 | DI68: =+IF(DE68="N/A","N/A",MIN(DE68:DH68)) -> 46440.494 | DJ68: =+IF(DE68="N/A","N/A",ROUND(AVERAGE(DE68:DH68),0)) -> 46440 | DK68: =+IF(DI68="N/A","N/A",AVERAGE(DI68:DJ68)) -> 46440.247
A69: 51 | B69: Retenedor Eje De La Doble | C69: 1 | E69: 96933.331 | H69: 102959.68 | I69: =+IF(E69="N/A","N/A",MIN(E69:H69)) -> 96933.331 | J69: =+IF(E69="N/A","N/A",ROUND(AVERAGE(E69:H69),0)) -> 99947 | K69: =+IF(I69="N/A","N/A",AVERAGE(I69:J69)) -> 98440.166 | M69: 112721.62 | P69: 62709.226 | Q69: =+IF(M69="N/A","N/A",MIN(M69:P69)) -> 62709.226 | R69: =+IF(M69="N/A","N/A",ROUND(AVERAGE(M69:P69),0)) -> 87715 | S69: =+IF(Q69="N/A","N/A",AVERAGE(Q69:R69)) -> 75212.113 | U69: N/A | V69: N/A | W69: N/A | X69: N/A | Y69: N/A | Z69: N/A | AA69: N/A | AC69: 132035.54 | AF69: 80038.988 | AG69: =+IF(AC69="N/A","N/A",MIN(AC69:AF69)) -> 80038.988 | AH69: =+IF(AC69="N/A","N/A",ROUND(AVERAGE(AC69:AF69),0)) -> 106037 | AI69: =+IF(AG69="N/A","N/A",AVERAGE(AG69:AH69)) -> 93037.994 | AK69: N/A | AL69: N/A | AM69: N/A | AN69: N/A | AO69: N/A | AP69: N/A | AQ69: N/A | AV69: 81175.235 | AW69: =+IF(AS69="N/A","N/A",MIN(AS69:AV69)) -> 81175.235 | AX69: =+IF(AS69="N/A","N/A",ROUND(AVERAGE(AS69:AV69),0)) -> 81175 | AY69: =+IF(AW69="N/A","N/A",AVERAGE(AW69:AX69)) -> 81175.118 | BA69: 134130.18 | BD69: 76455.313 | BE69: =+IF(BA69="N/A","N/A",MIN(BA69:BD69)) -> 76455.313 | BF69: =+IF(BA69="N/A","N/A",ROUND(AVERAGE(BA69:BD69),0)) -> 105293 | BG69: =+IF(BE69="N/A","N/A",AVERAGE(BE69:BF69)) -> 90874.156 | BI69: 169787 | BL69: 142062.01 | BM69: =+IF(BI69="N/A","N/A",MIN(BI69:BL69)) -> 142062.01 | BN69: =+IF(BI69="N/A","N/A",ROUND(AVERAGE(BI69:BL69),0)) -> 155925 | BO69: =+IF(BM69="N/A","N/A",AVERAGE(BM69:BN69)) -> 148993.5 | BQ69: 169787 | BT69: 144301.41 | BU69: =+IF(BQ69="N/A","N/A",MIN(BQ69:BT69)) -> 144301.41 | BV69: =+IF(BQ69="N/A","N/A",ROUND(AVERAGE(BQ69:BT69),0)) -> 157044 | BW69: =+IF(BU69="N/A","N/A",AVERAGE(BU69:BV69)) -> 150672.71 | CB69: 107207.41 | CC69: =+IF(BY69="N/A","N/A",MIN(BY69:CB69)) -> 107207.41 | CD69: =+IF(BY69="N/A","N/A",ROUND(AVERAGE(BY69:CB69),0)) -> 107207 | CE69: =+IF(CC69="N/A","N/A",AVERAGE(CC69:CD69)) -> 107207.2 | CG69: 177775.7 | CJ69: 111854.69 | CK69: =+IF(CG69="N/A","N/A",MIN(CG69:CJ69)) -> 111854.69 | CL69: =+IF(CG69="N/A","N/A",ROUND(AVERAGE(CG69:CJ69),0)) -> 144815 | CM69: =+IF(CK69="N/A","N/A",AVERAGE(CK69:CL69)) -> 128334.84 | CR69: 114178.33 | CS69: =+IF(CO69="N/A","N/A",MIN(CO69:CR69)) -> 114178.33 | CT69: =+IF(CO69="N/A","N/A",ROUND(AVERAGE(CO69:CR69),0)) -> 114178 | CU69: =+IF(CS69="N/A","N/A",AVERAGE(CS69:CT69)) -> 114178.16 | CW69: 169787 | CZ69: 74715.102 | DA69: =+IF(CW69="N/A","N/A",MIN(CW69:CZ69)) -> 74715.102 | DB69: =+IF(CW69="N/A","N/A",ROUND(AVERAGE(CW69:CZ69),0)) -> 122251 | DC69: =+IF(DA69="N/A","N/A",AVERAGE(DA69:DB69)) -> 98483.051 | DH69: 67924.932 | DI69: =+IF(DE69="N/A","N/A",MIN(DE69:DH69)) -> 67924.932 | DJ69: =+IF(DE69="N/A","N/A",ROUND(AVERAGE(DE69:DH69),0)) -> 67925 | DK69: =+IF(DI69="N/A","N/A",AVERAGE(DI69:DJ69)) -> 67924.966
B70: SISTEMA DE RODAMIENTOS
A71: 52 | B71: Retenedor Bocín Delantero | C71: 1 | E71: 65814.49 | H71: 76130.579 | I71: =+IF(E71="N/A","N/A",MIN(E71:H71)) -> 65814.49 | J71: =+IF(E71="N/A","N/A",ROUND(AVERAGE(E71:H71),0)) -> 70973 | K71: =+IF(I71="N/A","N/A",AVERAGE(I71:J71)) -> 68393.745 | M71: 59162.72 | P71: 58706.008 | Q71: =+IF(M71="N/A","N/A",MIN(M71:P71)) -> 58706.008 | R71: =+IF(M71="N/A","N/A",ROUND(AVERAGE(M71:P71),0)) -> 58934 | S71: =+IF(Q71="N/A","N/A",AVERAGE(Q71:R71)) -> 58820.004 | U71: 33893.629 | X71: 40029.664 | Y71: =+IF(U71="N/A","N/A",MIN(U71:X71)) -> 33893.629 | Z71: =+IF(U71="N/A","N/A",ROUND(AVERAGE(U71:X71),0)) -> 36962 | AA71: =+IF(Y71="N/A","N/A",AVERAGE(Y71:Z71)) -> 35427.814 | AC71: 64396.583 | AF71: 61620.903 | AG71: =+IF(AC71="N/A","N/A",MIN(AC71:AF71)) -> 61620.903 | AH71: =+IF(AC71="N/A","N/A",ROUND(AVERAGE(AC71:AF71),0)) -> 63009 | AI71: =+IF(AG71="N/A","N/A",AVERAGE(AG71:AH71)) -> 62314.952 | AK71: 88438.271 | AN71: 45395.464 | AO71: =+IF(AK71="N/A","N/A",MIN(AK71:AN71)) -> 45395.464 | AP71: =+IF(AK71="N/A","N/A",ROUND(AVERAGE(AK71:AN71),0)) -> 66917 | AQ71: =+IF(AO71="N/A","N/A",AVERAGE(AO71:AP71)) -> 56156.232 | AV71: 64203.342 | AW71: =+IF(AS71="N/A","N/A",MIN(AS71:AV71)) -> 64203.342 | AX71: =+IF(AS71="N/A","N/A",ROUND(AVERAGE(AS71:AV71),0)) -> 64203 | AY71: =+IF(AW71="N/A","N/A",AVERAGE(AW71:AX71)) -> 64203.171 | BA71: 68745.941 | BD71: 66411.35 | BE71: =+IF(BA71="N/A","N/A",MIN(BA71:BD71)) -> 66411.35 | BF71: =+IF(BA71="N/A","N/A",ROUND(AVERAGE(BA71:BD71),0)) -> 67579 | BG71: =+IF(BE71="N/A","N/A",AVERAGE(BE71:BF71)) -> 66995.175 | BI71: 71817.7 | BL71: 99657.667 | BM71: =+IF(BI71="N/A","N/A",MIN(BI71:BL71)) -> 71817.7 | BN71: =+IF(BI71="N/A","N/A",ROUND(AVERAGE(BI71:BL71),0)) -> 85738 | BO71: =+IF(BM71="N/A","N/A",AVERAGE(BM71:BN71)) -> 78777.85 | BQ71: 71817.7 | BT71: 102826.76 | BU71: =+IF(BQ71="N/A","N/A",MIN(BQ71:BT71)) -> 71817.7 | BV71: =+IF(BQ71="N/A","N/A",ROUND(AVERAGE(BQ71:BT71),0)) -> 87322 | BW71: =+IF(BU71="N/A","N/A",AVERAGE(BU71:BV71)) -> 79569.85 | CB71: 92686.747 | CC71: =+IF(BY71="N/A","N/A",MIN(BY71:CB71)) -> 92686.747 | CD71: =+IF(BY71="N/A","N/A",ROUND(AVERAGE(BY71:CB71),0)) -> 92687 | CE71: =+IF(CC71="N/A","N/A",AVERAGE(CC71:CD71)) -> 92686.873 | CG71: 75900.4 | CJ71: 95823.661 | CK71: =+IF(CG71="N/A","N/A",MIN(CG71:CJ71)) -> 75900.4 | CL71: =+IF(CG71="N/A","N/A",ROUND(AVERAGE(CG71:CJ71),0)) -> 85862 | CM71: =+IF(CK71="N/A","N/A",AVERAGE(CK71:CL71)) -> 80881.2 | CR71: 94661.841 | CS71: =+IF(CO71="N/A","N/A",MIN(CO71:CR71)) -> 94661.841 | CT71: =+IF(CO71="N/A","N/A",ROUND(AVERAGE(CO71:CR71),0)) -> 94662 | CU71: =+IF(CS71="N/A","N/A",AVERAGE(CS71:CT71)) -> 94661.92 | CW71: 71817.7 | CZ71: 70957.887 | DA71: =+IF(CW71="N/A","N/A",MIN(CW71:CZ71)) -> 70957.887 | DB71: =+IF(CW71="N/A","N/A",ROUND(AVERAGE(CW71:CZ71),0)) -> 71388 | DC71: =+IF(DA71="N/A","N/A",AVERAGE(DA71:DB71)) -> 71172.944 | DE71: 66512.242 | DH71: 61891.217 | DI71: =+IF(DE71="N/A","N/A",MIN(DE71:DH71)) -> 61891.217 | DJ71: =+IF(DE71="N/A","N/A",ROUND(AVERAGE(DE71:DH71),0)) -> 64202 | DK71: =+IF(DI71="N/A","N/A",AVERAGE(DI71:DJ71)) -> 63046.608
A72: 53 | B72: Retenedor Bocín Trasero | C72: 1 | E72: N/A | F72: N/A | G72: N/A | H72: N/A | I72: N/A | J72: N/A | K72: N/A | M72: N/A | N72: N/A | O72: N/A | P72: N/A | Q72: N/A | R72: N/A | S72: N/A | U72: 25104.468 | X72: 40898.173 | Y72: =+IF(U72="N/A","N/A",MIN(U72:X72)) -> 25104.468 | Z72: =+IF(U72="N/A","N/A",ROUND(AVERAGE(U72:X72),0)) -> 33001 | AA72: =+IF(Y72="N/A","N/A",AVERAGE(Y72:Z72)) -> 29052.734 | AC72: N/A | AD72: N/A | AE72: N/A | AF72: N/A | AG72: N/A | AH72: N/A | AI72: N/A | AN72: 49283.789 | AO72: =+IF(AK72="N/A","N/A",MIN(AK72:AN72)) -> 49283.789 | AP72: =+IF(AK72="N/A","N/A",ROUND(AVERAGE(AK72:AN72),0)) -> 49284 | AQ72: =+IF(AO72="N/A","N/A",AVERAGE(AO72:AP72)) -> 49283.895 | AS72: N/A | AT72: N/A | AU72: N/A | AV72: N/A | AW72: N/A | AX72: N/A | AY72: N/A | BA72: N/A | BB72: N/A | BC72: N/A | BD72: N/A | BE72: N/A | BF72: N/A | BG72: N/A | BI72: N/A | BJ72: N/A | BK72: N/A | BL72: N/A | BM72: N/A | BN72: N/A | BO72: N/A | BQ72: N/A | BR72: N/A | BS72: N/A | BT72: N/A | BU72: N/A | BV72: N/A | BW72: N/A | BY72: N/A | BZ72: N/A | CA72: N/A | CB72: N/A | CC72: N/A | CD72: N/A | CE72: N/A | CG72: N/A | CH72: N/A | CI72: N/A | CJ72: N/A | CK72: N/A | CL72: N/A | CM72: N/A | CO72: N/A | CP72: N/A | CQ72: N/A | CR72: N/A | CS72: N/A | CT72: N/A | CU72: N/A | CW72: N/A | CX72: N/A | CY72: N/A | CZ72: N/A | DA72: N/A | DB72: N/A | DC72: N/A | DE72: N/A | DF72: N/A | DG72: N/A | DH72: N/A | DI72: N/A | DJ72: N/A | DK72: N/A
A73: 54 | B73: Retenedor Interno | C73: 1 | E73: 80068.383 | H73: 72406.481 | I73: =+IF(E73="N/A","N/A",MIN(E73:H73)) -> 72406.481 | J73: =+IF(E73="N/A","N/A",ROUND(AVERAGE(E73:H73),0)) -> 76237 | K73: =+IF(I73="N/A","N/A",AVERAGE(I73:J73)) -> 74321.741 | M73: 40348.338 | P73: 46873.698 | Q73: =+IF(M73="N/A","N/A",MIN(M73:P73)) -> 40348.338 | R73: =+IF(M73="N/A","N/A",ROUND(AVERAGE(M73:P73),0)) -> 43611 | S73: =+IF(Q73="N/A","N/A",AVERAGE(Q73:R73)) -> 41979.669 | U73: 20982.203 | X73: 43695.395 | Y73: =+IF(U73="N/A","N/A",MIN(U73:X73)) -> 20982.203 | Z73: =+IF(U73="N/A","N/A",ROUND(AVERAGE(U73:X73),0)) -> 32339 | AA73: =+IF(Y73="N/A","N/A",AVERAGE(Y73:Z73)) -> 26660.601 | AC73: 35982.515 | AF73: 56582.072 | AG73: =+IF(AC73="N/A","N/A",MIN(AC73:AF73)) -> 35982.515 | AH73: =+IF(AC73="N/A","N/A",ROUND(AVERAGE(AC73:AF73),0)) -> 46282 | AI73: =+IF(AG73="N/A","N/A",AVERAGE(AG73:AH73)) -> 41132.258 | AK73: 47358.324 | AN73: 32642.862 | AO73: =+IF(AK73="N/A","N/A",MIN(AK73:AN73)) -> 32642.862 | AP73: =+IF(AK73="N/A","N/A",ROUND(AVERAGE(AK73:AN73),0)) -> 40001 | AQ73: =+IF(AO73="N/A","N/A",AVERAGE(AO73:AP73)) -> 36321.931 | AV73: 50857.425 | AW73: =+IF(AS73="N/A","N/A",MIN(AS73:AV73)) -> 50857.425 | AX73: =+IF(AS73="N/A","N/A",ROUND(AVERAGE(AS73:AV73),0)) -> 50857 | AY73: =+IF(AW73="N/A","N/A",AVERAGE(AW73:AX73)) -> 50857.213 | BA73: 35982.515 | BD73: 54567.576 | BE73: =+IF(BA73="N/A","N/A",MIN(BA73:BD73)) -> 35982.515 | BF73: =+IF(BA73="N/A","N/A",ROUND(AVERAGE(BA73:BD73),0)) -> 45275 | BG73: =+IF(BE73="N/A","N/A",AVERAGE(BE73:BF73)) -> 40628.758 | BI73: 71817.7 | BL73: 86258.513 | BM73: =+IF(BI73="N/A","N/A",MIN(BI73:BL73)) -> 71817.7 | BN73: =+IF(BI73="N/A","N/A",ROUND(AVERAGE(BI73:BL73),0)) -> 79038 | BO73: =+IF(BM73="N/A","N/A",AVERAGE(BM73:BN73)) -> 75427.85 | BQ73: 71817.7 | BT73: 88668.592 | BU73: =+IF(BQ73="N/A","N/A",MIN(BQ73:BT73)) -> 71817.7 | BV73: =+IF(BQ73="N/A","N/A",ROUND(AVERAGE(BQ73:BT73),0)) -> 80243 | BW73: =+IF(BU73="N/A","N/A",AVERAGE(BU73:BV73)) -> 76030.35 | CB73: 77544.863 | CC73: =+IF(BY73="N/A","N/A",MIN(BY73:CB73)) -> 77544.863 | CD73: =+IF(BY73="N/A","N/A",ROUND(AVERAGE(BY73:CB73),0)) -> 77545 | CE73: =+IF(CC73="N/A","N/A",AVERAGE(CC73:CD73)) -> 77544.931 | CG73: 75900.4 | CJ73: 75221.223 | CK73: =+IF(CG73="N/A","N/A",MIN(CG73:CJ73)) -> 75221.223 | CL73: =+IF(CG73="N/A","N/A",ROUND(AVERAGE(CG73:CJ73),0)) -> 75561 | CM73: =+IF(CK73="N/A","N/A",AVERAGE(CK73:CL73)) -> 75391.111 | CR73: 85096.693 | CS73: =+IF(CO73="N/A","N/A",MIN(CO73:CR73)) -> 85096.693 | CT73: =+IF(CO73="N/A","N/A",ROUND(AVERAGE(CO73:CR73),0)) -> 85097 | CU73: =+IF(CS73="N/A","N/A",AVERAGE(CS73:CT73)) -> 85096.846 | CW73: 71817.7 | CZ73: 58682.223 | DA73: =+IF(CW73="N/A","N/A",MIN(CW73:CZ73)) -> 58682.223 | DB73: =+IF(CW73="N/A","N/A",ROUND(AVERAGE(CW73:CZ73),0)) -> 65250 | DC73: =+IF(DA73="N/A","N/A",AVERAGE(DA73:DB73)) -> 61966.111 | DE73: 33450.452 | DH73: 51344.968 | DI73: =+IF(DE73="N/A","N/A",MIN(DE73:DH73)) -> 33450.452 | DJ73: =+IF(DE73="N/A","N/A",ROUND(AVERAGE(DE73:DH73),0)) -> 42398 | DK73: =+IF(DI73="N/A","N/A",AVERAGE(DI73:DJ73)) -> 37924.226
A74: 55 | B74: Retenedor Externo | C74: 1 | E74: 68312.394 | H74: 71244.661 | I74: =+IF(E74="N/A","N/A",MIN(E74:H74)) -> 68312.394 | J74: =+IF(E74="N/A","N/A",ROUND(AVERAGE(E74:H74),0)) -> 69779 | K74: =+IF(I74="N/A","N/A",AVERAGE(I74:J74)) -> 69045.697 | M74: 42263.757 | P74: 42952.556 | Q74: =+IF(M74="N/A","N/A",MIN(M74:P74)) -> 42263.757 | R74: =+IF(M74="N/A","N/A",ROUND(AVERAGE(M74:P74),0)) -> 42608 | S74: =+IF(Q74="N/A","N/A",AVERAGE(Q74:R74)) -> 42435.879 | U74: 25091.333 | X74: 41604.119 | Y74: =+IF(U74="N/A","N/A",MIN(U74:X74)) -> 25091.333 | Z74: =+IF(U74="N/A","N/A",ROUND(AVERAGE(U74:X74),0)) -> 33348 | AA74: =+IF(Y74="N/A","N/A",AVERAGE(Y74:Z74)) -> 29219.666 | AC74: 33414.567 | AF74: 54839.342 | AG74: =+IF(AC74="N/A","N/A",MIN(AC74:AF74)) -> 33414.567 | AH74: =+IF(AC74="N/A","N/A",ROUND(AVERAGE(AC74:AF74),0)) -> 44127 | AI74: =+IF(AG74="N/A","N/A",AVERAGE(AG74:AH74)) -> 38770.784 | AK74: 49602.724 | AN74: 28802.892 | AO74: =+IF(AK74="N/A","N/A",MIN(AK74:AN74)) -> 28802.892 | AP74: =+IF(AK74="N/A","N/A",ROUND(AVERAGE(AK74:AN74),0)) -> 39203 | AQ74: =+IF(AO74="N/A","N/A",AVERAGE(AO74:AP74)) -> 34002.946 | AV74: 50421.743 | AW74: =+IF(AS74="N/A","N/A",MIN(AS74:AV74)) -> 50421.743 | AX74: =+IF(AS74="N/A","N/A",ROUND(AVERAGE(AS74:AV74),0)) -> 50422 | AY74: =+IF(AW74="N/A","N/A",AVERAGE(AW74:AX74)) -> 50421.871 | BA74: 33414.567 | BD74: 55700.35 | BE74: =+IF(BA74="N/A","N/A",MIN(BA74:BD74)) -> 33414.567 | BF74: =+IF(BA74="N/A","N/A",ROUND(AVERAGE(BA74:BD74),0)) -> 44557 | BG74: =+IF(BE74="N/A","N/A",AVERAGE(BE74:BF74)) -> 38985.784 | BI74: 92194 | BL74: 77544.863 | BM74: =+IF(BI74="N/A","N/A",MIN(BI74:BL74)) -> 77544.863 | BN74: =+IF(BI74="N/A","N/A",ROUND(AVERAGE(BI74:BL74),0)) -> 84869 | BO74: =+IF(BM74="N/A","N/A",AVERAGE(BM74:BN74)) -> 81206.931 | BQ74: 92194 | BT74: 79954.942 | BU74: =+IF(BQ74="N/A","N/A",MIN(BQ74:BT74)) -> 79954.942 | BV74: =+IF(BQ74="N/A","N/A",ROUND(AVERAGE(BQ74:BT74),0)) -> 86074 | BW74: =+IF(BU74="N/A","N/A",AVERAGE(BU74:BV74)) -> 83014.471 | CB74: 70573.943 | CC74: =+IF(BY74="N/A","N/A",MIN(BY74:CB74)) -> 70573.943 | CD74: =+IF(BY74="N/A","N/A",ROUND(AVERAGE(BY74:CB74),0)) -> 70574 | CE74: =+IF(CC74="N/A","N/A",AVERAGE(CC74:CD74)) -> 70573.971 | CG74: 98313.4 | CJ74: 72897.583 | CK74: =+IF(CG74="N/A","N/A",MIN(CG74:CJ74)) -> 72897.583 | CL74: =+IF(CG74="N/A","N/A",ROUND(AVERAGE(CG74:CJ74),0)) -> 85605 | CM74: =+IF(CK74="N/A","N/A",AVERAGE(CK74:CL74)) -> 79251.291 | CR74: 77544.863 | CS74: =+IF(CO74="N/A","N/A",MIN(CO74:CR74)) -> 77544.863 | CT74: =+IF(CO74="N/A","N/A",ROUND(AVERAGE(CO74:CR74),0)) -> 77545 | CU74: =+IF(CS74="N/A","N/A",AVERAGE(CS74:CT74)) -> 77544.931 | CW74: 92194 | CZ74: 56765.22 | DA74: =+IF(CW74="N/A","N/A",MIN(CW74:CZ74)) -> 56765.22 | DB74: =+IF(CW74="N/A","N/A",ROUND(AVERAGE(CW74:CZ74),0)) -> 74480 | DC74: =+IF(DA74="N/A","N/A",AVERAGE(DA74:DB74)) -> 65622.61 | DE74: 30694.692 | DH74: 49427.965 | DI74: =+IF(DE74="N/A","N/A",MIN(DE74:DH74)) -> 30694.692 | DJ74: =+IF(DE74="N/A","N/A",ROUND(AVERAGE(DE74:DH74),0)) -> 40061 | DK74: =+IF(DI74="N/A","N/A",AVERAGE(DI74:DJ74)) -> 35377.846
A75: 56 | B75: Rodamiento Delantero | C75: 1 | E75: 2311132 | H75: 231613 | I75: =+IF(E75="N/A","N/A",MIN(E75:H75)) -> 231613 | J75: =+IF(E75="N/A","N/A",ROUND(AVERAGE(E75:H75),0)) -> 1271373 | K75: =+IF(I75="N/A","N/A",AVERAGE(I75:J75)) -> 751493 | M75: 2289593.5 | P75: 140027.51 | Q75: =+IF(M75="N/A","N/A",MIN(M75:P75)) -> 140027.51 | R75: =+IF(M75="N/A","N/A",ROUND(AVERAGE(M75:P75),0)) -> 1214810 | S75: =+IF(Q75="N/A","N/A",AVERAGE(Q75:R75)) -> 677418.76 | U75: 216660.8 | X75: 87786.882 | Y75: =+IF(U75="N/A","N/A",MIN(U75:X75)) -> 87786.882 | Z75: =+IF(U75="N/A","N/A",ROUND(AVERAGE(U75:X75),0)) -> 152224 | AA75: =+IF(Y75="N/A","N/A",AVERAGE(Y75:Z75)) -> 120005.44 | AC75: 197896.99 | AF75: 143801.83 | AG75: =+IF(AC75="N/A","N/A",MIN(AC75:AF75)) -> 143801.83 | AH75: =+IF(AC75="N/A","N/A",ROUND(AVERAGE(AC75:AF75),0)) -> 170849 | AI75: =+IF(AG75="N/A","N/A",AVERAGE(AG75:AH75)) -> 157325.42 | AK75: 213620.56 | AN75: 92356.926 | AO75: =+IF(AK75="N/A","N/A",MIN(AK75:AN75)) -> 92356.926 | AP75: =+IF(AK75="N/A","N/A",ROUND(AVERAGE(AK75:AN75),0)) -> 152989 | AQ75: =+IF(AO75="N/A","N/A",AVERAGE(AO75:AP75)) -> 122672.96 | AV75: 156377.02 | AW75: =+IF(AS75="N/A","N/A",MIN(AS75:AV75)) -> 156377.02 | AX75: =+IF(AS75="N/A","N/A",ROUND(AVERAGE(AS75:AV75),0)) -> 156377 | AY75: =+IF(AW75="N/A","N/A",AVERAGE(AW75:AX75)) -> 156377.01 | BA75: 197896.99 | BD75: 147052.21 | BE75: =+IF(BA75="N/A","N/A",MIN(BA75:BD75)) -> 147052.21 | BF75: =+IF(BA75="N/A","N/A",ROUND(AVERAGE(BA75:BD75),0)) -> 172475 | BG75: =+IF(BE75="N/A","N/A",AVERAGE(BE75:BF75)) -> 159763.6 | BI75: 216708.6 | BL75: 295379.72 | BM75: =+IF(BI75="N/A","N/A",MIN(BI75:BL75)) -> 216708.6 | BN75: =+IF(BI75="N/A","N/A",ROUND(AVERAGE(BI75:BL75),0)) -> 256044 | BO75: =+IF(BM75="N/A","N/A",AVERAGE(BM75:BN75)) -> 236376.3 | BQ75: 216708.6 | BT75: 309817.43 | BU75: =+IF(BQ75="N/A","N/A",MIN(BQ75:BT75)) -> 216708.6 | BV75: =+IF(BQ75="N/A","N/A",ROUND(AVERAGE(BQ75:BT75),0)) -> 263263 | BW75: =+IF(BU75="N/A","N/A",AVERAGE(BU75:BV75)) -> 239985.8 | CB75: 283761.52 | CC75: =+IF(BY75="N/A","N/A",MIN(BY75:CB75)) -> 283761.52 | CD75: =+IF(BY75="N/A","N/A",ROUND(AVERAGE(BY75:CB75),0)) -> 283762 | CE75: =+IF(CC75="N/A","N/A",AVERAGE(CC75:CD75)) -> 283761.76 | CG75: 226296.9 | CJ75: 288408.8 | CK75: =+IF(CG75="N/A","N/A",MIN(CG75:CJ75)) -> 226296.9 | CL75: =+IF(CG75="N/A","N/A",ROUND(AVERAGE(CG75:CJ75),0)) -> 257353 | CM75: =+IF(CK75="N/A","N/A",AVERAGE(CK75:CL75)) -> 241824.95 | CR75: 287246.98 | CS75: =+IF(CO75="N/A","N/A",MIN(CO75:CR75)) -> 287246.98 | CT75: =+IF(CO75="N/A","N/A",ROUND(AVERAGE(CO75:CR75),0)) -> 287247 | CU75: =+IF(CS75="N/A","N/A",AVERAGE(CS75:CT75)) -> 287246.99 | CW75: 216708.6 | CZ75: 163707.82 | DA75: =+IF(CW75="N/A","N/A",MIN(CW75:CZ75)) -> 163707.82 | DB75: =+IF(CW75="N/A","N/A",ROUND(AVERAGE(CW75:CZ75),0)) -> 190208 | DC75: =+IF(DA75="N/A","N/A",AVERAGE(DA75:DB75)) -> 176957.91 | DE75: 133540.16 | DH75: 147531.79 | DI75: =+IF(DE75="N/A","N/A",MIN(DE75:DH75)) -> 133540.16 | DJ75: =+IF(DE75="N/A","N/A",ROUND(AVERAGE(DE75:DH75),0)) -> 140536 | DK75: =+IF(DI75="N/A","N/A",AVERAGE(DI75:DJ75)) -> 137038.08
A76: 57 | B76: Rodamiento Trasero | C76: 1 | E76: 348989.53 | H76: 229870.73 | I76: =+IF(E76="N/A","N/A",MIN(E76:H76)) -> 229870.73 | J76: =+IF(E76="N/A","N/A",ROUND(AVERAGE(E76:H76),0)) -> 289430 | K76: =+IF(I76="N/A","N/A",AVERAGE(I76:J76)) -> 259650.37 | M76: 319937.56 | P76: 143925.74 | Q76: =+IF(M76="N/A","N/A",MIN(M76:P76)) -> 143925.74 | R76: =+IF(M76="N/A","N/A",ROUND(AVERAGE(M76:P76),0)) -> 231932 | S76: =+IF(Q76="N/A","N/A",AVERAGE(Q76:R76)) -> 187928.87 | U76: 249300.18 | X76: 92130.026 | Y76: =+IF(U76="N/A","N/A",MIN(U76:X76)) -> 92130.026 | Z76: =+IF(U76="N/A","N/A",ROUND(AVERAGE(U76:X76),0)) -> 170715 | AA76: =+IF(Y76="N/A","N/A",AVERAGE(Y76:Z76)) -> 131422.51 | AC76: 118374.79 | AF76: 150443.73 | AG76: =+IF(AC76="N/A","N/A",MIN(AC76:AF76)) -> 118374.79 | AH76: =+IF(AC76="N/A","N/A",ROUND(AVERAGE(AC76:AF76),0)) -> 134409 | AI76: =+IF(AG76="N/A","N/A",AVERAGE(AG76:AH76)) -> 126391.89 | AK76: 183188.01 | AN76: 91793.065 | AO76: =+IF(AK76="N/A","N/A",MIN(AK76:AN76)) -> 91793.065 | AP76: =+IF(AK76="N/A","N/A",ROUND(AVERAGE(AK76:AN76),0)) -> 137491 | AQ76: =+IF(AO76="N/A","N/A",AVERAGE(AO76:AP76)) -> 114642.03 | AV76: 152169.46 | AW76: =+IF(AS76="N/A","N/A",MIN(AS76:AV76)) -> 152169.46 | AX76: =+IF(AS76="N/A","N/A",ROUND(AVERAGE(AS76:AV76),0)) -> 152169 | AY76: =+IF(AW76="N/A","N/A",AVERAGE(AW76:AX76)) -> 152169.23 | BA76: 118374.79 | BD76: 149741.76 | BE76: =+IF(BA76="N/A","N/A",MIN(BA76:BD76)) -> 118374.79 | BF76: =+IF(BA76="N/A","N/A",ROUND(AVERAGE(BA76:BD76),0)) -> 134058 | BG76: =+IF(BE76="N/A","N/A",AVERAGE(BE76:BF76)) -> 126216.39 | BI76: 209935.1 | BL76: 283548.33 | BM76: =+IF(BI76="N/A","N/A",MIN(BI76:BL76)) -> 209935.1 | BN76: =+IF(BI76="N/A","N/A",ROUND(AVERAGE(BI76:BL76),0)) -> 246742 | BO76: =+IF(BM76="N/A","N/A",AVERAGE(BM76:BN76)) -> 228338.55 | BQ76: 209935.1 | BT76: 288434.36 | BU76: =+IF(BQ76="N/A","N/A",MIN(BQ76:BT76)) -> 209935.1 | BV76: =+IF(BQ76="N/A","N/A",ROUND(AVERAGE(BQ76:BT76),0)) -> 249185 | BW76: =+IF(BU76="N/A","N/A",AVERAGE(BU76:BV76)) -> 229560.05 | CB76: 279133.41 | CC76: =+IF(BY76="N/A","N/A",MIN(BY76:CB76)) -> 279133.41 | CD76: =+IF(BY76="N/A","N/A",ROUND(AVERAGE(BY76:CB76),0)) -> 279133 | CE76: =+IF(CC76="N/A","N/A",AVERAGE(CC76:CD76)) -> 279133.21 | CG76: 220081.4 | CJ76: 273091.95 | CK76: =+IF(CG76="N/A","N/A",MIN(CG76:CJ76)) -> 220081.4 | CL76: =+IF(CG76="N/A","N/A",ROUND(AVERAGE(CG76:CJ76),0)) -> 246587 | CM76: =+IF(CK76="N/A","N/A",AVERAGE(CK76:CL76)) -> 233334.2 | CR76: 274253.77 | CS76: =+IF(CO76="N/A","N/A",MIN(CO76:CR76)) -> 274253.77 | CT76: =+IF(CO76="N/A","N/A",ROUND(AVERAGE(CO76:CR76),0)) -> 274254 | CU76: =+IF(CS76="N/A","N/A",AVERAGE(CS76:CT76)) -> 274253.88 | CW76: 209935.1 | CZ76: 156906.55 | DA76: =+IF(CW76="N/A","N/A",MIN(CW76:CZ76)) -> 156906.55 | DB76: =+IF(CW76="N/A","N/A",ROUND(AVERAGE(CW76:CZ76),0)) -> 183421 | DC76: =+IF(DA76="N/A","N/A",AVERAGE(DA76:DB76)) -> 170163.78 | DE76: 134892.08 | DH76: 133060.95 | DI76: =+IF(DE76="N/A","N/A",MIN(DE76:DH76)) -> 133060.95 | DJ76: =+IF(DE76="N/A","N/A",ROUND(AVERAGE(DE76:DH76),0)) -> 133977 | DK76: =+IF(DI76="N/A","N/A",AVERAGE(DI76:DJ76)) -> 133518.97
A77: 58 | B77: Esparrago Ruedas | C77: 1 | E77: 24590.053 | H77: 16805.029 | I77: =+IF(E77="N/A","N/A",MIN(E77:H77)) -> 16805.029 | J77: =+IF(E77="N/A","N/A",ROUND(AVERAGE(E77:H77),0)) -> 20698 | K77: =+IF(I77="N/A","N/A",AVERAGE(I77:J77)) -> 18751.515 | M77: 14514.786 | P77: 11769.494 | Q77: =+IF(M77="N/A","N/A",MIN(M77:P77)) -> 11769.494 | R77: =+IF(M77="N/A","N/A",ROUND(AVERAGE(M77:P77),0)) -> 13142 | S77: =+IF(Q77="N/A","N/A",AVERAGE(Q77:R77)) -> 12455.747 | U77: 19045.203 | X77: 10666.781 | Y77: =+IF(U77="N/A","N/A",MIN(U77:X77)) -> 10666.781 | Z77: =+IF(U77="N/A","N/A",ROUND(AVERAGE(U77:X77),0)) -> 14856 | AA77: =+IF(Y77="N/A","N/A",AVERAGE(Y77:Z77)) -> 12761.39 | AC77: 9743.2601 | AF77: 12791.097 | AG77: =+IF(AC77="N/A","N/A",MIN(AC77:AF77)) -> 9743.2601 | AH77: =+IF(AC77="N/A","N/A",ROUND(AVERAGE(AC77:AF77),0)) -> 11267 | AI77: =+IF(AG77="N/A","N/A",AVERAGE(AG77:AH77)) -> 10505.13 | AK77: 10770.026 | AN77: 9528.3479 | AO77: =+IF(AK77="N/A","N/A",MIN(AK77:AN77)) -> 9528.3479 | AP77: =+IF(AK77="N/A","N/A",ROUND(AVERAGE(AK77:AN77),0)) -> 10149 | AQ77: =+IF(AO77="N/A","N/A",AVERAGE(AO77:AP77)) -> 9838.6739 | AV77: 13772.341 | AW77: =+IF(AS77="N/A","N/A",MIN(AS77:AV77)) -> 13772.341 | AX77: =+IF(AS77="N/A","N/A",ROUND(AVERAGE(AS77:AV77),0)) -> 13772 | AY77: =+IF(AW77="N/A","N/A",AVERAGE(AW77:AX77)) -> 13772.171 | BA77: 9743.2601 | BD77: 13099.643 | BE77: =+IF(BA77="N/A","N/A",MIN(BA77:BD77)) -> 9743.2601 | BF77: =+IF(BA77="N/A","N/A",ROUND(AVERAGE(BA77:BD77),0)) -> 11421 | BG77: =+IF(BE77="N/A","N/A",AVERAGE(BE77:BF77)) -> 10582.13 | BI77: 25327 | BL77: 20770.437 | BM77: =+IF(BI77="N/A","N/A",MIN(BI77:BL77)) -> 20770.437 | BN77: =+IF(BI77="N/A","N/A",ROUND(AVERAGE(BI77:BL77),0)) -> 23049 | BO77: =+IF(BM77="N/A","N/A",AVERAGE(BM77:BN77)) -> 21909.719 | BQ77: 25327 | BT77: 21244.111 | BU77: =+IF(BQ77="N/A","N/A",MIN(BQ77:BT77)) -> 21244.111 | BV77: =+IF(BQ77="N/A","N/A",ROUND(AVERAGE(BQ77:BT77),0)) -> 23286 | BW77: =+IF(BU77="N/A","N/A",AVERAGE(BU77:BV77)) -> 22265.056 | CB77: 20770.437 | CC77: =+IF(BY77="N/A","N/A",MIN(BY77:CB77)) -> 20770.437 | CD77: =+IF(BY77="N/A","N/A",ROUND(AVERAGE(BY77:CB77),0)) -> 20770 | CE77: =+IF(CC77="N/A","N/A",AVERAGE(CC77:CD77)) -> 20770.219 | CG77: 27084.7 | CJ77: 20770.437 | CK77: =+IF(CG77="N/A","N/A",MIN(CG77:CJ77)) -> 20770.437 | CL77: =+IF(CG77="N/A","N/A",ROUND(AVERAGE(CG77:CJ77),0)) -> 23928 | CM77: =+IF(CK77="N/A","N/A",AVERAGE(CK77:CL77)) -> 22349.219 | CR77: 20770.437 | CS77: =+IF(CO77="N/A","N/A",MIN(CO77:CR77)) -> 20770.437 | CT77: =+IF(CO77="N/A","N/A",ROUND(AVERAGE(CO77:CR77),0)) -> 20770 | CU77: =+IF(CS77="N/A","N/A",AVERAGE(CS77:CT77)) -> 20770.219 | CW77: 25327 | CZ77: 13541.828 | DA77: =+IF(CW77="N/A","N/A",MIN(CW77:CZ77)) -> 13541.828 | DB77: =+IF(CW77="N/A","N/A",ROUND(AVERAGE(CW77:CZ77),0)) -> 19434 | DC77: =+IF(DA77="N/A","N/A",AVERAGE(DA77:DB77)) -> 16487.914 | DE77: 8296.5934 | DH77: 12010.077 | DI77: =+IF(DE77="N/A","N/A",MIN(DE77:DH77)) -> 8296.5934 | DJ77: =+IF(DE77="N/A","N/A",ROUND(AVERAGE(DE77:DH77),0)) -> 10153 | DK77: =+IF(DI77="N/A","N/A",AVERAGE(DI77:DJ77)) -> 9224.7967
A78: 59 | B78: Bocín Rueda Delantera | C78: 1 | E78: 745241.45 | H78: 401016.46 | I78: =+IF(E78="N/A","N/A",MIN(E78:H78)) -> 401016.46 | J78: =+IF(E78="N/A","N/A",ROUND(AVERAGE(E78:H78),0)) -> 573129 | K78: =+IF(I78="N/A","N/A",AVERAGE(I78:J78)) -> 487072.73 | M78: 686671.65 | P78: 319336.59 | Q78: =+IF(M78="N/A","N/A",MIN(M78:P78)) -> 319336.59 | R78: =+IF(M78="N/A","N/A",ROUND(AVERAGE(M78:P78),0)) -> 503004 | S78: =+IF(Q78="N/A","N/A",AVERAGE(Q78:R78)) -> 411170.29 | U78: 135372.68 | X78: 181650.58 | Y78: =+IF(U78="N/A","N/A",MIN(U78:X78)) -> 135372.68 | Z78: =+IF(U78="N/A","N/A",ROUND(AVERAGE(U78:X78),0)) -> 158512 | AA78: =+IF(Y78="N/A","N/A",AVERAGE(Y78:Z78)) -> 146942.34 | AC78: 197896.99 | AF78: 306658.93 | AG78: =+IF(AC78="N/A","N/A",MIN(AC78:AF78)) -> 197896.99 | AH78: =+IF(AC78="N/A","N/A",ROUND(AVERAGE(AC78:AF78),0)) -> 252278 | AI78: =+IF(AG78="N/A","N/A",AVERAGE(AG78:AH78)) -> 225087.49 | AK78: 518596.95 | AN78: 173481.63 | AO78: =+IF(AK78="N/A","N/A",MIN(AK78:AN78)) -> 173481.63 | AP78: =+IF(AK78="N/A","N/A",ROUND(AVERAGE(AK78:AN78),0)) -> 346039 | AQ78: =+IF(AO78="N/A","N/A",AVERAGE(AO78:AP78)) -> 259760.32 | AV78: 347048.24 | AW78: =+IF(AS78="N/A","N/A",MIN(AS78:AV78)) -> 347048.24 | AX78: =+IF(AS78="N/A","N/A",ROUND(AVERAGE(AS78:AV78),0)) -> 347048 | AY78: =+IF(AW78="N/A","N/A",AVERAGE(AW78:AX78)) -> 347048.12 | BA78: 197896.99 | BD78: 349986.86 | BE78: =+IF(BA78="N/A","N/A",MIN(BA78:BD78)) -> 197896.99 | BF78: =+IF(BA78="N/A","N/A",ROUND(AVERAGE(BA78:BD78),0)) -> 273942 | BG78: =+IF(BE78="N/A","N/A",AVERAGE(BE78:BF78)) -> 235919.49 | BI78: 576445 | BL78: 452176.97 | BM78: =+IF(BI78="N/A","N/A",MIN(BI78:BL78)) -> 452176.97 | BN78: =+IF(BI78="N/A","N/A",ROUND(AVERAGE(BI78:BL78),0)) -> 514311 | BO78: =+IF(BM78="N/A","N/A",AVERAGE(BM78:BN78)) -> 483243.99 | BQ78: 576445 | BT78: 471718.44 | BU78: =+IF(BQ78="N/A","N/A",MIN(BQ78:BT78)) -> 471718.44 | BV78: =+IF(BQ78="N/A","N/A",ROUND(AVERAGE(BQ78:BT78),0)) -> 524082 | BW78: =+IF(BU78="N/A","N/A",AVERAGE(BU78:BV78)) -> 497900.22 | CB78: 437073.31 | CC78: =+IF(BY78="N/A","N/A",MIN(BY78:CB78)) -> 437073.31 | CD78: =+IF(BY78="N/A","N/A",ROUND(AVERAGE(BY78:CB78),0)) -> 437073 | CE78: =+IF(CC78="N/A","N/A",AVERAGE(CC78:CD78)) -> 437073.16 | CG78: 597819.5 | CJ78: 442069.14 | CK78: =+IF(CG78="N/A","N/A",MIN(CG78:CJ78)) -> 442069.14 | CL78: =+IF(CG78="N/A","N/A",ROUND(AVERAGE(CG78:CJ78),0)) -> 519944 | CM78: =+IF(CK78="N/A","N/A",AVERAGE(CK78:CL78)) -> 481006.57 | CR78: 444741.33 | CS78: =+IF(CO78="N/A","N/A",MIN(CO78:CR78)) -> 444741.33 | CT78: =+IF(CO78="N/A","N/A",ROUND(AVERAGE(CO78:CR78),0)) -> 444741 | CU78: =+IF(CS78="N/A","N/A",AVERAGE(CS78:CT78)) -> 444741.16 | CW78: 576445 | CZ78: 381806.38 | DA78: =+IF(CW78="N/A","N/A",MIN(CW78:CZ78)) -> 381806.38 | DB78: =+IF(CW78="N/A","N/A",ROUND(AVERAGE(CW78:CZ78),0)) -> 479126 | DC78: =+IF(DA78="N/A","N/A",AVERAGE(DA78:DB78)) -> 430466.19 | DE78: 232824.17 | DH78: 326536.53 | DI78: =+IF(DE78="N/A","N/A",MIN(DE78:DH78)) -> 232824.17 | DJ78: =+IF(DE78="N/A","N/A",ROUND(AVERAGE(DE78:DH78),0)) -> 279680 | DK78: =+IF(DI78="N/A","N/A",AVERAGE(DI78:DJ78)) -> 256252.09
A79: 60 | B79: Bocín Rueda Trasera | C79: 1 | E79: N/A | F79: N/A | G79: N/A | H79: N/A | I79: N/A | J79: N/A | K79: N/A | M79: N/A | N79: N/A | O79: N/A | P79: N/A | Q79: N/A | R79: N/A | S79: N/A | U79: 392567.35 | X79: 244143.72 | Y79: =+IF(U79="N/A","N/A",MIN(U79:X79)) -> 244143.72 | Z79: =+IF(U79="N/A","N/A",ROUND(AVERAGE(U79:X79),0)) -> 318356 | AA79: =+IF(Y79="N/A","N/A",AVERAGE(Y79:Z79)) -> 281249.86 | AC79: N/A | AD79: N/A | AE79: N/A | AF79: N/A | AG79: N/A | AH79: N/A | AI79: N/A | AN79: 241111.67 | AO79: =+IF(AK79="N/A","N/A",MIN(AK79:AN79)) -> 241111.67 | AP79: =+IF(AK79="N/A","N/A",ROUND(AVERAGE(AK79:AN79),0)) -> 241112 | AQ79: =+IF(AO79="N/A","N/A",AVERAGE(AO79:AP79)) -> 241111.84 | AS79: N/A | AT79: N/A | AU79: N/A | AV79: N/A | AW79: N/A | AX79: N/A | AY79: N/A | BA79: N/A | BB79: N/A | BC79: N/A | BD79: N/A | BE79: N/A | BF79: N/A | BG79: N/A | BI79: N/A | BJ79: N/A | BK79: N/A | BL79: N/A | BM79: N/A | BN79: N/A | BO79: N/A | BQ79: N/A | BR79: N/A | BS79: N/A | BT79: N/A | BU79: N/A | BV79: N/A | BW79: N/A | BY79: N/A | BZ79: N/A | CA79: N/A | CB79: N/A | CC79: N/A | CD79: N/A | CE79: N/A | CG79: N/A | CH79: N/A | CI79: N/A | CJ79: N/A | CK79: N/A | CL79: N/A | CM79: N/A | CO79: N/A | CP79: N/A | CQ79: N/A | CR79: N/A | CS79: N/A | CT79: N/A | CU79: N/A | CW79: N/A | CX79: N/A | CY79: N/A | CZ79: N/A | DA79: N/A | DB79: N/A | DC79: N/A | DE79: 434666.4 | DH79: 334738.39 | DI79: =+IF(DE79="N/A","N/A",MIN(DE79:DH79)) -> 334738.39 | DJ79: =+IF(DE79="N/A","N/A",ROUND(AVERAGE(DE79:DH79),0)) -> 384702 | DK79: =+IF(DI79="N/A","N/A",AVERAGE(DI79:DJ79)) -> 359720.2
A80: 61 | B80: Bocín Completo | C80: 1 | E80: 1471069 | H80: 467803.57 | I80: =+IF(E80="N/A","N/A",MIN(E80:H80)) -> 467803.57 | J80: =+IF(E80="N/A","N/A",ROUND(AVERAGE(E80:H80),0)) -> 969436 | K80: =+IF(I80="N/A","N/A",AVERAGE(I80:J80)) -> 718619.78 | M80: 1350053.1 | P80: 444277.62 | Q80: =+IF(M80="N/A","N/A",MIN(M80:P80)) -> 444277.62 | R80: =+IF(M80="N/A","N/A",ROUND(AVERAGE(M80:P80),0)) -> 897165 | S80: =+IF(Q80="N/A","N/A",AVERAGE(Q80:R80)) -> 670721.31 | U80: 421551.14 | X80: 357781.81 | Y80: =+IF(U80="N/A","N/A",MIN(U80:X80)) -> 357781.81 | Z80: =+IF(U80="N/A","N/A",ROUND(AVERAGE(U80:X80),0)) -> 389666 | AA80: =+IF(Y80="N/A","N/A",AVERAGE(Y80:Z80)) -> 373723.91 | AC80: 1170541.8 | AF80: 485845.02 | AG80: =+IF(AC80="N/A","N/A",MIN(AC80:AF80)) -> 485845.02 | AH80: =+IF(AC80="N/A","N/A",ROUND(AVERAGE(AC80:AF80),0)) -> 828193 | AI80: =+IF(AG80="N/A","N/A",AVERAGE(AG80:AH80)) -> 657019.01 | AK80: 1445005.4 | AN80: 365919.09 | AO80: =+IF(AK80="N/A","N/A",MIN(AK80:AN80)) -> 365919.09 | AP80: =+IF(AK80="N/A","N/A",ROUND(AVERAGE(AK80:AN80),0)) -> 905462 | AQ80: =+IF(AO80="N/A","N/A",AVERAGE(AO80:AP80)) -> 635690.54 | AV80: 530899.49 | AW80: =+IF(AS80="N/A","N/A",MIN(AS80:AV80)) -> 530899.49 | AX80: =+IF(AS80="N/A","N/A",ROUND(AVERAGE(AS80:AV80),0)) -> 530899 | AY80: =+IF(AW80="N/A","N/A",AVERAGE(AW80:AX80)) -> 530899.24 | BA80: 1251317.4 | BD80: 565501.72 | BE80: =+IF(BA80="N/A","N/A",MIN(BA80:BD80)) -> 565501.72 | BF80: =+IF(BA80="N/A","N/A",ROUND(AVERAGE(BA80:BD80),0)) -> 908410 | BG80: =+IF(BE80="N/A","N/A",AVERAGE(BE80:BF80)) -> 736955.86 | BI80: 1219719.8 | BL80: 709171.09 | BM80: =+IF(BI80="N/A","N/A",MIN(BI80:BL80)) -> 709171.09 | BN80: =+IF(BI80="N/A","N/A",ROUND(AVERAGE(BI80:BL80),0)) -> 964445 | BO80: =+IF(BM80="N/A","N/A",AVERAGE(BM80:BN80)) -> 836808.05 | BQ80: 1219719.8 | BT80: 735358.05 | BU80: =+IF(BQ80="N/A","N/A",MIN(BQ80:BT80)) -> 735358.05 | BV80: =+IF(BQ80="N/A","N/A",ROUND(AVERAGE(BQ80:BT80),0)) -> 977539 | BW80: =+IF(BU80="N/A","N/A",AVERAGE(BU80:BV80)) -> 856448.53 | CB80: 685934.69 | CC80: =+IF(BY80="N/A","N/A",MIN(BY80:CB80)) -> 685934.69 | CD80: =+IF(BY80="N/A","N/A",ROUND(AVERAGE(BY80:CB80),0)) -> 685935 | CE80: =+IF(CC80="N/A","N/A",AVERAGE(CC80:CD80)) -> 685934.85 | CG80: 1257992.4 | CJ80: 716142.01 | CK80: =+IF(CG80="N/A","N/A",MIN(CG80:CJ80)) -> 716142.01 | CL80: =+IF(CG80="N/A","N/A",ROUND(AVERAGE(CG80:CJ80),0)) -> 987067 | CM80: =+IF(CK80="N/A","N/A",AVERAGE(CK80:CL80)) -> 851604.51 | CR80: 681287.41 | CS80: =+IF(CO80="N/A","N/A",MIN(CO80:CR80)) -> 681287.41 | CT80: =+IF(CO80="N/A","N/A",ROUND(AVERAGE(CO80:CR80),0)) -> 681287 | CU80: =+IF(CS80="N/A","N/A",AVERAGE(CS80:CT80)) -> 681287.21 | CW80: 1219719.8 | CZ80: 536633.9 | DA80: =+IF(CW80="N/A","N/A",MIN(CW80:CZ80)) -> 536633.9 | DB80: =+IF(CW80="N/A","N/A",ROUND(AVERAGE(CW80:CZ80),0)) -> 878177 | DC80: =+IF(DA80="N/A","N/A",AVERAGE(DA80:DB80)) -> 707405.45 | DE80: 632541.82 | DH80: 478411.98 | DI80: =+IF(DE80="N/A","N/A",MIN(DE80:DH80)) -> 478411.98 | DJ80: =+IF(DE80="N/A","N/A",ROUND(AVERAGE(DE80:DH80),0)) -> 555477 | DK80: =+IF(DI80="N/A","N/A",AVERAGE(DI80:DJ80)) -> 516944.49
B81: SISTEMA DE EMBRAGUE
A82: 62 | B82: Horquilla De Cambio | C82: 1 | E82: 260034.34 | H82: 204284.9 | I82: =+IF(E82="N/A","N/A",MIN(E82:H82)) -> 204284.9 | J82: =+IF(E82="N/A","N/A",ROUND(AVERAGE(E82:H82),0)) -> 232160 | K82: =+IF(I82="N/A","N/A",AVERAGE(I82:J82)) -> 218222.45 | M82: 243627.52 | P82: 188923.7 | Q82: =+IF(M82="N/A","N/A",MIN(M82:P82)) -> 188923.7 | R82: =+IF(M82="N/A","N/A",ROUND(AVERAGE(M82:P82),0)) -> 216276 | S82: =+IF(Q82="N/A","N/A",AVERAGE(Q82:R82)) -> 202599.85 | U82: 232919.67 | X82: 133013.81 | Y82: =+IF(U82="N/A","N/A",MIN(U82:X82)) -> 133013.81 | Z82: =+IF(U82="N/A","N/A",ROUND(AVERAGE(U82:X82),0)) -> 182967 | AA82: =+IF(Y82="N/A","N/A",AVERAGE(Y82:Z82)) -> 157990.41 | AC82: 193593.64 | AF82: 216590.03 | AG82: =+IF(AC82="N/A","N/A",MIN(AC82:AF82)) -> 193593.64 | AH82: =+IF(AC82="N/A","N/A",ROUND(AVERAGE(AC82:AF82),0)) -> 205092 | AI82: =+IF(AG82="N/A","N/A",AVERAGE(AG82:AH82)) -> 199342.82 | AK82: 636336.63 | AN82: 128375.13 | AO82: =+IF(AK82="N/A","N/A",MIN(AK82:AN82)) -> 128375.13 | AP82: =+IF(AK82="N/A","N/A",ROUND(AVERAGE(AK82:AN82),0)) -> 382356 | AQ82: =+IF(AO82="N/A","N/A",AVERAGE(AO82:AP82)) -> 255365.57 | AV82: 159235.44 | AW82: =+IF(AS82="N/A","N/A",MIN(AS82:AV82)) -> 159235.44 | AX82: =+IF(AS82="N/A","N/A",ROUND(AVERAGE(AS82:AV82),0)) -> 159235 | AY82: =+IF(AW82="N/A","N/A",AVERAGE(AW82:AX82)) -> 159235.22 | BA82: 190596.16 | BD82: 187801.72 | BE82: =+IF(BA82="N/A","N/A",MIN(BA82:BD82)) -> 187801.72 | BF82: =+IF(BA82="N/A","N/A",ROUND(AVERAGE(BA82:BD82),0)) -> 189199 | BG82: =+IF(BE82="N/A","N/A",AVERAGE(BE82:BF82)) -> 188500.36 | BI82: 297445 | BL82: 207537.18 | BM82: =+IF(BI82="N/A","N/A",MIN(BI82:BL82)) -> 207537.18 | BN82: =+IF(BI82="N/A","N/A",ROUND(AVERAGE(BI82:BL82),0)) -> 252491 | BO82: =+IF(BM82="N/A","N/A",AVERAGE(BM82:BN82)) -> 230014.09 | BQ82: 297445 | BT82: 258846.76 | BU82: =+IF(BQ82="N/A","N/A",MIN(BQ82:BT82)) -> 258846.76 | BV82: =+IF(BQ82="N/A","N/A",ROUND(AVERAGE(BQ82:BT82),0)) -> 278146 | BW82: =+IF(BU82="N/A","N/A",AVERAGE(BU82:BV82)) -> 268496.38 | CB82: 198823.53 | CC82: =+IF(BY82="N/A","N/A",MIN(BY82:CB82)) -> 198823.53 | CD82: =+IF(BY82="N/A","N/A",ROUND(AVERAGE(BY82:CB82),0)) -> 198824 | CE82: =+IF(CC82="N/A","N/A",AVERAGE(CC82:CD82)) -> 198823.77 | CG82: 309519.5 | CJ82: 213346.28 | CK82: =+IF(CG82="N/A","N/A",MIN(CG82:CJ82)) -> 213346.28 | CL82: =+IF(CG82="N/A","N/A",ROUND(AVERAGE(CG82:CJ82),0)) -> 261433 | CM82: =+IF(CK82="N/A","N/A",AVERAGE(CK82:CL82)) -> 237389.64 | CR82: 225545.39 | CS82: =+IF(CO82="N/A","N/A",MIN(CO82:CR82)) -> 225545.39 | CT82: =+IF(CO82="N/A","N/A",ROUND(AVERAGE(CO82:CR82),0)) -> 225545 | CU82: =+IF(CS82="N/A","N/A",AVERAGE(CS82:CT82)) -> 225545.2 | CW82: 297445 | CZ82: 184877.83 | DA82: =+IF(CW82="N/A","N/A",MIN(CW82:CZ82)) -> 184877.83 | DB82: =+IF(CW82="N/A","N/A",ROUND(AVERAGE(CW82:CZ82),0)) -> 241161 | DC82: =+IF(DA82="N/A","N/A",AVERAGE(DA82:DB82)) -> 213019.41 | DE82: 218180.52 | DH82: 147748.16 | DI82: =+IF(DE82="N/A","N/A",MIN(DE82:DH82)) -> 147748.16 | DJ82: =+IF(DE82="N/A","N/A",ROUND(AVERAGE(DE82:DH82),0)) -> 182964 | DK82: =+IF(DI82="N/A","N/A",AVERAGE(DI82:DJ82)) -> 165356.08
A83: 63 | B83: Retenedor Caja (Delantero) | C83: 1 | E83: 63254.286 | H83: 89077.436 | I83: =+IF(E83="N/A","N/A",MIN(E83:H83)) -> 63254.286 | J83: =+IF(E83="N/A","N/A",ROUND(AVERAGE(E83:H83),0)) -> 76166 | K83: =+IF(I83="N/A","N/A",AVERAGE(I83:J83)) -> 69710.143 | M83: 51249.088 | P83: 59771.078 | Q83: =+IF(M83="N/A","N/A",MIN(M83:P83)) -> 51249.088 | R83: =+IF(M83="N/A","N/A",ROUND(AVERAGE(M83:P83),0)) -> 55510 | S83: =+IF(Q83="N/A","N/A",AVERAGE(Q83:R83)) -> 53379.544 | U83: 93145.993 | X83: 49093.922 | Y83: =+IF(U83="N/A","N/A",MIN(U83:X83)) -> 49093.922 | Z83: =+IF(U83="N/A","N/A",ROUND(AVERAGE(U83:X83),0)) -> 71120 | AA83: =+IF(Y83="N/A","N/A",AVERAGE(Y83:Z83)) -> 60106.961 | AC83: 168049.58 | AF83: 63944.026 | AG83: =+IF(AC83="N/A","N/A",MIN(AC83:AF83)) -> 63944.026 | AH83: =+IF(AC83="N/A","N/A",ROUND(AVERAGE(AC83:AF83),0)) -> 115997 | AI83: =+IF(AG83="N/A","N/A",AVERAGE(AG83:AH83)) -> 89970.513 | AK83: 145230 | AN83: 47238.813 | AO83: =+IF(AK83="N/A","N/A",MIN(AK83:AN83)) -> 47238.813 | AP83: =+IF(AK83="N/A","N/A",ROUND(AVERAGE(AK83:AN83),0)) -> 96234 | AQ83: =+IF(AO83="N/A","N/A",AVERAGE(AO83:AP83)) -> 71736.406 | AV83: 57844.654 | AW83: =+IF(AS83="N/A","N/A",MIN(AS83:AV83)) -> 57844.654 | AX83: =+IF(AS83="N/A","N/A",ROUND(AVERAGE(AS83:AV83),0)) -> 57845 | AY83: =+IF(AW83="N/A","N/A",AVERAGE(AW83:AX83)) -> 57844.827 | BA83: 133479.55 | BD83: 55806.289 | BE83: =+IF(BA83="N/A","N/A",MIN(BA83:BD83)) -> 55806.289 | BF83: =+IF(BA83="N/A","N/A",ROUND(AVERAGE(BA83:BD83),0)) -> 94643 | BG83: =+IF(BE83="N/A","N/A",AVERAGE(BE83:BF83)) -> 75224.645 | BI83: 92194 | BL83: 117282.94 | BM83: =+IF(BI83="N/A","N/A",MIN(BI83:BL83)) -> 92194 | BN83: =+IF(BI83="N/A","N/A",ROUND(AVERAGE(BI83:BL83),0)) -> 104738 | BO83: =+IF(BM83="N/A","N/A",AVERAGE(BM83:BN83)) -> 98466 | BQ83: 92194 | BT83: 121712.84 | BU83: =+IF(BQ83="N/A","N/A",MIN(BQ83:BT83)) -> 92194 | BV83: =+IF(BQ83="N/A","N/A",ROUND(AVERAGE(BQ83:BT83),0)) -> 106953 | BW83: =+IF(BU83="N/A","N/A",AVERAGE(BU83:BV83)) -> 99573.5 | CB83: 108220.74 | CC83: =+IF(BY83="N/A","N/A",MIN(BY83:CB83)) -> 108220.74 | CD83: =+IF(BY83="N/A","N/A",ROUND(AVERAGE(BY83:CB83),0)) -> 108221 | CE83: =+IF(CC83="N/A","N/A",AVERAGE(CC83:CD83)) -> 108220.87 | CG83: 96453.4 | CJ83: 106000.86 | CK83: =+IF(CG83="N/A","N/A",MIN(CG83:CJ83)) -> 96453.4 | CL83: =+IF(CG83="N/A","N/A",ROUND(AVERAGE(CG83:CJ83),0)) -> 101227 | CM83: =+IF(CK83="N/A","N/A",AVERAGE(CK83:CL83)) -> 98840.2 | CR83: 103677.22 | CS83: =+IF(CO83="N/A","N/A",MIN(CO83:CR83)) -> 103677.22 | CT83: =+IF(CO83="N/A","N/A",ROUND(AVERAGE(CO83:CR83),0)) -> 103677 | CU83: =+IF(CS83="N/A","N/A",AVERAGE(CS83:CT83)) -> 103677.11 | CW83: 92194 | CZ83: 60156.689 | DA83: =+IF(CW83="N/A","N/A",MIN(CW83:CZ83)) -> 60156.689 | DB83: =+IF(CW83="N/A","N/A",ROUND(AVERAGE(CW83:CZ83),0)) -> 76175 | DC83: =+IF(DA83="N/A","N/A",AVERAGE(DA83:DB83)) -> 68165.844 | DE83: 80315.654 | DH83: 53225.325 | DI83: =+IF(DE83="N/A","N/A",MIN(DE83:DH83)) -> 53225.325 | DJ83: =+IF(DE83="N/A","N/A",ROUND(AVERAGE(DE83:DH83),0)) -> 66770 | DK83: =+IF(DI83="N/A","N/A",AVERAGE(DI83:DJ83)) -> 59997.662
A84: 64 | B84: Retenedor Caja (Trasero) | C84: 1 | E84: 77031.625 | H84: 99139.843 | I84: =+IF(E84="N/A","N/A",MIN(E84:H84)) -> 77031.625 | J84: =+IF(E84="N/A","N/A",ROUND(AVERAGE(E84:H84),0)) -> 88086 | K84: =+IF(I84="N/A","N/A",AVERAGE(I84:J84)) -> 82558.813 | M84: 83066.958 | P84: 63377.798 | Q84: =+IF(M84="N/A","N/A",MIN(M84:P84)) -> 63377.798 | R84: =+IF(M84="N/A","N/A",ROUND(AVERAGE(M84:P84),0)) -> 73222 | S84: =+IF(Q84="N/A","N/A",AVERAGE(Q84:R84)) -> 68299.899 | U84: 91897.041 | X84: 65135.839 | Y84: =+IF(U84="N/A","N/A",MIN(U84:X84)) -> 65135.839 | Z84: =+IF(U84="N/A","N/A",ROUND(AVERAGE(U84:X84),0)) -> 78516 | AA84: =+IF(Y84="N/A","N/A",AVERAGE(Y84:Z84)) -> 71825.92 | AC84: 174426.12 | AF84: 72796.205 | AG84: =+IF(AC84="N/A","N/A",MIN(AC84:AF84)) -> 72796.205 | AH84: =+IF(AC84="N/A","N/A",ROUND(AVERAGE(AC84:AF84),0)) -> 123611 | AI84: =+IF(AG84="N/A","N/A",AVERAGE(AG84:AH84)) -> 98203.602 | AK84: 117925.64 | AN84: 66164.896 | AO84: =+IF(AK84="N/A","N/A",MIN(AK84:AN84)) -> 66164.896 | AP84: =+IF(AK84="N/A","N/A",ROUND(AVERAGE(AK84:AN84),0)) -> 92045 | AQ84: =+IF(AO84="N/A","N/A",AVERAGE(AO84:AP84)) -> 79104.948 | AV84: 62572.324 | AW84: =+IF(AS84="N/A","N/A",MIN(AS84:AV84)) -> 62572.324 | AX84: =+IF(AS84="N/A","N/A",ROUND(AVERAGE(AS84:AV84),0)) -> 62572 | AY84: =+IF(AW84="N/A","N/A",AVERAGE(AW84:AX84)) -> 62572.162 | BA84: 133908.4 | BD84: 61979.144 | BE84: =+IF(BA84="N/A","N/A",MIN(BA84:BD84)) -> 61979.144 | BF84: =+IF(BA84="N/A","N/A",ROUND(AVERAGE(BA84:BD84),0)) -> 97944 | BG84: =+IF(BE84="N/A","N/A",AVERAGE(BE84:BF84)) -> 79961.572 | BI84: 110794 | BL84: 117282.94 | BM84: =+IF(BI84="N/A","N/A",MIN(BI84:BL84)) -> 110794 | BN84: =+IF(BI84="N/A","N/A",ROUND(AVERAGE(BI84:BL84),0)) -> 114038 | BO84: =+IF(BM84="N/A","N/A",AVERAGE(BM84:BN84)) -> 112416 | BQ84: 110794 | BT84: 121712.84 | BU84: =+IF(BQ84="N/A","N/A",MIN(BQ84:BT84)) -> 110794 | BV84: =+IF(BQ84="N/A","N/A",ROUND(AVERAGE(BQ84:BT84),0)) -> 116253 | BW84: =+IF(BU84="N/A","N/A",AVERAGE(BU84:BV84)) -> 113523.5 | CB84: 82764.455 | CC84: =+IF(BY84="N/A","N/A",MIN(BY84:CB84)) -> 82764.455 | CD84: =+IF(BY84="N/A","N/A",ROUND(AVERAGE(BY84:CB84),0)) -> 82764 | CE84: =+IF(CC84="N/A","N/A",AVERAGE(CC84:CD84)) -> 82764.228 | CG84: 116913.4 | CJ84: 92059.015 | CK84: =+IF(CG84="N/A","N/A",MIN(CG84:CJ84)) -> 92059.015 | CL84: =+IF(CG84="N/A","N/A",ROUND(AVERAGE(CG84:CJ84),0)) -> 104486 | CM84: =+IF(CK84="N/A","N/A",AVERAGE(CK84:CL84)) -> 98272.508 | CR84: 97635.751 | CS84: =+IF(CO84="N/A","N/A",MIN(CO84:CR84)) -> 97635.751 | CT84: =+IF(CO84="N/A","N/A",ROUND(AVERAGE(CO84:CR84),0)) -> 97636 | CU84: =+IF(CS84="N/A","N/A",AVERAGE(CS84:CT84)) -> 97635.876 | CW84: 110794 | CZ84: 62943.113 | DA84: =+IF(CW84="N/A","N/A",MIN(CW84:CZ84)) -> 62943.113 | DB84: =+IF(CW84="N/A","N/A",ROUND(AVERAGE(CW84:CZ84),0)) -> 86869 | DC84: =+IF(DA84="N/A","N/A",AVERAGE(DA84:DB84)) -> 74906.056 | DE84: 78114.38 | DH84: 57102.29 | DI84: =+IF(DE84="N/A","N/A",MIN(DE84:DH84)) -> 57102.29 | DJ84: =+IF(DE84="N/A","N/A",ROUND(AVERAGE(DE84:DH84),0)) -> 67608 | DK84: =+IF(DI84="N/A","N/A",AVERAGE(DI84:DJ84)) -> 62355.145
A85: 65 | B85: Kit Embrague (Prensa, disco y balinera) | C85: 1 | E85: 1953656.4 | H85: 1234424.1 | I85: =+IF(E85="N/A","N/A",MIN(E85:H85)) -> 1234424.1 | J85: =+IF(E85="N/A","N/A",ROUND(AVERAGE(E85:H85),0)) -> 1594040 | K85: =+IF(I85="N/A","N/A",AVERAGE(I85:J85)) -> 1414232.1 | M85: 2110390.3 | P85: 1011363.2 | Q85: =+IF(M85="N/A","N/A",MIN(M85:P85)) -> 1011363.2 | R85: =+IF(M85="N/A","N/A",ROUND(AVERAGE(M85:P85),0)) -> 1560877 | S85: =+IF(Q85="N/A","N/A",AVERAGE(Q85:R85)) -> 1286120.1 | U85: 1377915.5 | X85: 545041.64 | Y85: =+IF(U85="N/A","N/A",MIN(U85:X85)) -> 545041.64 | Z85: =+IF(U85="N/A","N/A",ROUND(AVERAGE(U85:X85),0)) -> 961479 | AA85: =+IF(Y85="N/A","N/A",AVERAGE(Y85:Z85)) -> 753260.32 | AC85: 2195179 | AF85: 1030931.4 | AG85: =+IF(AC85="N/A","N/A",MIN(AC85:AF85)) -> 1030931.4 | AH85: =+IF(AC85="N/A","N/A",ROUND(AVERAGE(AC85:AF85),0)) -> 1613055 | AI85: =+IF(AG85="N/A","N/A",AVERAGE(AG85:AH85)) -> 1321993.2 | AK85: 2413721.6 | AN85: 674955.79 | AO85: =+IF(AK85="N/A","N/A",MIN(AK85:AN85)) -> 674955.79 | AP85: =+IF(AK85="N/A","N/A",ROUND(AVERAGE(AK85:AN85),0)) -> 1544339 | AQ85: =+IF(AO85="N/A","N/A",AVERAGE(AO85:AP85)) -> 1109647.4 | AV85: 1008095.6 | AW85: =+IF(AS85="N/A","N/A",MIN(AS85:AV85)) -> 1008095.6 | AX85: =+IF(AS85="N/A","N/A",ROUND(AVERAGE(AS85:AV85),0)) -> 1008096 | AY85: =+IF(AW85="N/A","N/A",AVERAGE(AW85:AX85)) -> 1008095.8 | BA85: 2269373.2 | BD85: 838946.71 | BE85: =+IF(BA85="N/A","N/A",MIN(BA85:BD85)) -> 838946.71 | BF85: =+IF(BA85="N/A","N/A",ROUND(AVERAGE(BA85:BD85),0)) -> 1554160 | BG85: =+IF(BE85="N/A","N/A",AVERAGE(BE85:BF85)) -> 1196553.4 | BI85: 2839259 | BL85: 1142192.7 | BM85: =+IF(BI85="N/A","N/A",MIN(BI85:BL85)) -> 1142192.7 | BN85: =+IF(BI85="N/A","N/A",ROUND(AVERAGE(BI85:BL85),0)) -> 1990726 | BO85: =+IF(BM85="N/A","N/A",AVERAGE(BM85:BN85)) -> 1566459.3 | BQ85: 2839259 | BT85: 1208777.3 | BU85: =+IF(BQ85="N/A","N/A",MIN(BQ85:BT85)) -> 1208777.3 | BV85: =+IF(BQ85="N/A","N/A",ROUND(AVERAGE(BQ85:BT85),0)) -> 2024018 | BW85: =+IF(BU85="N/A","N/A",AVERAGE(BU85:BV85)) -> 1616397.6 | CB85: 1039952.5 | CC85: =+IF(BY85="N/A","N/A",MIN(BY85:CB85)) -> 1039952.5 | CD85: =+IF(BY85="N/A","N/A",ROUND(AVERAGE(BY85:CB85),0)) -> 1039953 | CE85: =+IF(CC85="N/A","N/A",AVERAGE(CC85:CD85)) -> 1039952.8 | CG85: 2946484.9 | CJ85: 1118956.3 | CK85: =+IF(CG85="N/A","N/A",MIN(CG85:CJ85)) -> 1118956.3 | CL85: =+IF(CG85="N/A","N/A",ROUND(AVERAGE(CG85:CJ85),0)) -> 2032721 | CM85: =+IF(CK85="N/A","N/A",AVERAGE(CK85:CL85)) -> 1575838.6 | CR85: 1188665.5 | CS85: =+IF(CO85="N/A","N/A",MIN(CO85:CR85)) -> 1188665.5 | CT85: =+IF(CO85="N/A","N/A",ROUND(AVERAGE(CO85:CR85),0)) -> 1188665 | CU85: =+IF(CS85="N/A","N/A",AVERAGE(CS85:CT85)) -> 1188665.2 | CW85: 2839259 | CZ85: 1000548 | DA85: =+IF(CW85="N/A","N/A",MIN(CW85:CZ85)) -> 1000548 | DB85: =+IF(CW85="N/A","N/A",ROUND(AVERAGE(CW85:CZ85),0)) -> 1919904 | DC85: =+IF(DA85="N/A","N/A",AVERAGE(DA85:DB85)) -> 1460226 | DE85: 1533471.9 | DH85: 1006924.1 | DI85: =+IF(DE85="N/A","N/A",MIN(DE85:DH85)) -> 1006924.1 | DJ85: =+IF(DE85="N/A","N/A",ROUND(AVERAGE(DE85:DH85),0)) -> 1270198 | DK85: =+IF(DI85="N/A","N/A",AVERAGE(DI85:DJ85)) -> 1138561
